Workbook

Sheet Template
B2: President | C2: Daniel | D2: Day | E2: Hours | F2: Tasks | H2: Residential | I2: Zoe | J2: Day | K2: Hours | L2: Tasks
D3: Monday | J3: Monday
D4: Tuesday | J4: Tuesday
D5: Wednesday | J5: Wednesday
D6: Thursday | J6: Thursday
D7: Friday | J7: Friday
D8: Saturday | J8: Saturday
D9: Sunday | J9: Sunday
E10: =SUM(E3:E9) -> 0 | K10: =SUM(K3:K9) -> 0
B12: Admin Vice President | C12: Kamesha | D12: Day | E12: Hours | F12: Tasks | H12: Postgraduate | I12: Fergus | J12: Day | K12: Hours | L12: Tasks
D13: Monday | J13: Monday
D14: Tuesday | J14: Tuesday
D15: Wednesday | J15: Wednesday
D16: Thursday | J16: Thursday
D17: Friday | J17: Friday
D18: Saturday | J18: Saturday
D19: Sunday | J19: Sunday
E20: =SUM(E13:E19) -> 0 | K20: =SUM(K13:K19) -> 0
B22: Finance and Strategy | C22: Troy | D22: Day | E22: Hours | F22: Tasks | H22: Clubs and Socs | I22: Ella | J22: Day | K22: Hours | L22: Tasks
D23: Monday | J23: Monday
D24: Tuesday | J24: Tuesday
D25: Wednesday | J25: Wednesday
D26: Thursday | J26: Thursday
D27: Friday | J27: Friday
D28: Saturday | J28: Saturday
D29: Sunday | J29: Sunday
E30: =SUM(E23:E29) -> 0 | K30: =SUM(K23:K29) -> 0
B32: Academic | C32: Hansini | D32: Day | E32: Hours | F32: Tasks | H32: International | I32: Irfaan | J32: Day | K32: Hours | L32: Tasks
D33: Monday | J33: Monday
D34: Tuesday | J34: Tuesday
D35: Wednesday | J35: Wednesday
D36: Thursday | J36: Thursday
D37: Friday | J37: Friday
D38: Saturday | J38: Saturday
D39: Sunday | J39: Sunday
E40: =SUM(E33:E39) -> 0 | K40: =SUM(K33:K39) -> 0
B42: Welfare and Equity | C42: Rihana | D42: Day | E42: Hours | F42: Tasks | H42: Political | I42: Flynn | J42: Day | K42: Hours | L42: Tasks
D43: Monday | J43: Monday
D44: Tuesday | J44: Tuesday
D45: Wednesday | J45: Wednesday
D46: Thursday | J46: Thursday
D47: Friday | J47: Friday
D48: Saturday | J48: Saturday
D49: Sunday | J49: Sunday
E50: =SUM(E43:E49) -> 0 | K50: =SUM(K43:K49) -> 0

Sheet JAN 26 - FEB 1
B2: President | C2: Daniel | D2: Day | E2: Hours | F2: Tasks | H2: Residential | I2: Zoe | J2: Day | K2: Hours | L2: Tasks
D3: Monday | E3: 9 | F3: Emails, draft KPI review, admin, Debbie catch up, ORI organising & discussions, training re planning, chat w/ critic, call w/ Gina, emails | J3: Monday | K3: 0.5 | L3: Emails, sorting meetings with otago housing alliance and quentin of Renters United
D4: Tuesday | E4: 9.5 | F4: Emails, admin, Media training w/ Lianne, Local Alcohol Policy discussion, Meeting w/ COO, Toastmasters | J4: Tuesday
D5: Wednesday | E5: 7.5 | F5: Emails & organising, Summer in Dunners BBQ, more work on Board meeting papers, more emails & discussions w/ Donna & Troy | J5: Wednesday
D6: Thursday | E6: 8.5 | F6: Emails, chat about Committee's w/ Debbie & Donna, Gina & Debbie catch up, constitution studying | J6: Thursday | K6: 2 | L6: Pamphlet design, uniprint call, ODT article commentary on dunedin rentals, giving a student advice on their tenancy issues
D7: Friday | E7: 6 | F7: Emails, scheduling/rescheduling, chat to student support, emails, council induction readings | J7: Friday | K7: 1 | L7: Pamphlet design, meeting with Quintin from Renters United
D8: Saturday | J8: Saturday | K8: 4 | L8: Pamphlet designs, emailing MBIE, general emails
D9: Sunday | E9: 1 | F9: Emails & quick readings | J9: Sunday
E10: =SUM(E3:E9) -> 41.5 | K10: =SUM(K3:K9) -> 7.5
B12: Admin Vice President | C12: Kamesha | D12: Day | E12: Hours | F12: Tasks | H12: Postgraduate | I12: Fergus | J12: Day | K12: Hours | L12: Tasks
D13: Monday | J13: Monday | K13: 4.5 | L13: HEC Introduction meeting, ORI organising & discussions
D14: Tuesday | J14: Tuesday
D15: Wednesday | J15: Wednesday
D16: Thursday | E16: 3 | F16: More catch ups w 10 hour roles. Drafting of year plan | J16: Thursday | K16: 2.5 | L16: HEC Meeting, chat with Daniel & Troy, picking up tablet for O Week stand
D17: Friday | E17: 2 | F17: reading of relevnt policies and consitution online | J17: Friday
D18: Saturday | J18: Saturday
D19: Sunday | J19: Sunday
E20: =SUM(E13:E19) -> 5 | K20: =SUM(K13:K19) -> 7
B22: Finance and Strategy | C22: Troy | D22: Day | E22: Hours | F22: Tasks | H22: Clubs and Socs | I22: Ella | J22: Day | K22: Hours | L22: Tasks
D23: Monday | E23: 6 | F23: MOU Memo, Committees Doc, Common Seal, BBQ Planning, Call w/Flynn re committees, Political Strategy Planning | J23: Monday
D24: Tuesday | E24: 6 | F24: One Call, Terms of Reference : Residential Committee, MOU emails, MP emailing, O Week Planning, Meeting Planning with Donna | J24: Tuesday
D25: Wednesday | E25: 7.5 | F25: Summer in Dunners BBQ, Terms of Reference work (Residential Complete), Catch up w/Donna, Constitution Reading, Emails and Admin, O week Planning re: Meager and Mooney | J25: Wednesday
D26: Thursday | E26: 5 | F26: Terms of Reference, Constitution Planning, O Week orders re: Catering, Exec Meeting Timetabling | J26: Thursday
D27: Friday | E27: 5.5 | F27: Finished Terms of Reference, Calendar, Admin, Emails, Chat w/Matt, Policy Calendar, Memo Writing, UUL handover | J27: Friday
D28: Saturday | E28: 1.5 | F28: Finished Memo's for Residential | J28: Saturday
D29: Sunday | J29: Sunday
E30: =SUM(E23:E29) -> 31.5 | K30: =SUM(K23:K29) -> 0
B32: Academic | C32: Hansini | D32: Day | E32: Hours | F32: Tasks | H32: International | I32: Irfaan | J32: Day | K32: Hours | L32: Tasks
D33: Monday | J33: Monday
D34: Tuesday | J34: Tuesday
D35: Wednesday | J35: Wednesday
D36: Thursday | J36: Thursday
D37: Friday | J37: Friday
D38: Saturday | J38: Saturday
D39: Sunday | J39: Sunday
E40: =SUM(E33:E39) -> 0 | K40: =SUM(K33:K39) -> 0
B42: Welfare and Equity | C42: Rihana | D42: Day | E42: Hours | F42: Tasks | H42: Political | I42: Flynn | J42: Day | K42: Hours | L42: Tasks
D43: Monday | J43: Monday
D44: Tuesday | J44: Tuesday
D45: Wednesday | J45: Wednesday
D46: Thursday | J46: Thursday
D47: Friday | J47: Friday
D48: Saturday | J48: Saturday
D49: Sunday | J49: Sunday
E50: =SUM(E43:E49) -> 0 | K50: =SUM(K43:K49) -> 0

Sheet JAN 12 - 18
B2: President | C2: Daniel | D2: Day | E2: Hours | F2: Tasks | H2: Residential | I2: Zoe | J2: Day | K2: Hours | L2: Tasks
D3: Monday | E3: 7.25 | F3: Emails, yarns to Donna, catch up w/ Debbie, Performance Review stuff, catch up w/ Zoe, reading old docs etc | J3: Monday | K3: 0
D4: Tuesday | E4: 9 | F4: Emails, admin, catch up w/ Sami & Jarna, BDS stuff, emails, admin | J4: Tuesday | K4: 0
D5: Wednesday | E5: 8.5 | F5: Emails, more BDS stuff, chats to Planet, Summer in dunners, Peformance review material reading, catch up w/ Gina re: Performance review & training, more emails & admin, ordering deloitte recommendations for discussion | J5: Wednesday | K5: 3 | L5: Pamphlet designing. Been mostly working on the first version lately, all being designed on Adobe Illustrator through my personal account. Sending out emails.
D6: Thursday | E6: 8 | F6: Emails, more BDS related admin, grad gown w/ Donna, Meeting Greg from Domino's, hanging out w/ Critic and moving furniture, lots of scheduling fo the year, 100's of pages council summer reading pack | J6: Thursday | K6: 4 | L6: Working on the third draft of the pamphlet. Rewording and formatting, researching facts and information, emails.
D7: Friday | E7: 9 | F7: Emails, chat to Kamesha & some introductions, chat to Gina, Debbie's Performance review, lunch w/ Gina to discuss PR & Induction, chat to critic & Liz, more emails & scheduling, buying a diary | J7: Friday | K7: 4 | L7: Taking in design, formatting and text feedback from Quintin of Renters United. Onto the third draft of the pamphlet. Sent it out to Student Support for review, setting up a meeting with Quintin to go over the latest draft.
D8: Saturday | E8: 0.5 | F8: Catch up w/ Kamesha | J8: Saturday | K8: 1 | L8: More editing, sending emails out to organisations involved in the pamphlet.
D9: Sunday | J9: Sunday
E10: =SUM(E3:E9) -> 42.25 | K10: =SUM(K3:K9) -> 12
B12: Admin Vice President | C12: Kamesha | D12: Day | E12: Hours | F12: Tasks | H12: Postgraduate | I12: Fergus | J12: Day | K12: Hours | L12: Tasks
D13: Monday | J13: Monday
D14: Tuesday | J14: Tuesday
D15: Wednesday | J15: Wednesday
D16: Thursday | J16: Thursday
D17: Friday | F17: picked up keys, admin, signing stuff + emails | J17: Friday
D18: Saturday | F18: meeting w daniel, 2.5 hours that weekend have moved them to beginning of feb as i picked up keys on a friday arvo lol | J18: Saturday
D19: Sunday | J19: Sunday
E20: =SUM(E13:E19) -> 0 | K20: =SUM(K13:K19) -> 0
B22: Finance and Strategy | C22: Troy | D22: Day | E22: Hours | F22: Tasks | H22: Clubs and Socs | I22: Ella | J22: Day | K22: Hours | L22: Tasks
D23: Monday | J23: Monday
D24: Tuesday | J24: Tuesday
D25: Wednesday | J25: Wednesday
D26: Thursday | J26: Thursday
D27: Friday | J27: Friday
D28: Saturday | J28: Saturday
D29: Sunday | J29: Sunday
E30: =SUM(E23:E29) -> 0 | K30: =SUM(K23:K29) -> 0
B32: Academic | C32: Hansini | D32: Day | E32: Hours | F32: Tasks | H32: International | I32: Irfaan | J32: Day | K32: Hours | L32: Tasks
D33: Monday | J33: Monday
D34: Tuesday | J34: Tuesday
D35: Wednesday | J35: Wednesday | K35: 2 | L35: Meeting with OISA Co-President 'Adlina to discuss Clubs Day and IFF matters and plan for the year.
D36: Thursday | J36: Thursday
D37: Friday | J37: Friday
D38: Saturday | J38: Saturday
D39: Sunday | J39: Sunday
E40: =SUM(E33:E39) -> 0 | K40: =SUM(K33:K39) -> 2
B42: Welfare and Equity | C42: Rihana | D42: Day | E42: Hours | F42: Tasks | H42: Political | I42: Flynn | J42: Day | K42: Hours | L42: Tasks
D43: Monday | J43: Monday
D44: Tuesday | J44: Tuesday
D45: Wednesday | J45: Wednesday
D46: Thursday | J46: Thursday
D47: Friday | J47: Friday
D48: Saturday | J48: Saturday
D49: Sunday | J49: Sunday
E50: =SUM(E43:E49) -> 0 | K50: =SUM(K43:K49) -> 0

Sheet JAN 19 - 25
B2: President | C2: Daniel | D2: Day | E2: Hours | F2: Tasks | H2: Residential | I2: Zoe | J2: Day | K2: Hours | L2: Tasks
D3: Monday | E3: 9 | F3: Emails & admin, weekly catch up w/ Debbie, meeting prep, meeting w/ MBIE, meeting w/ Advisory board & Paul, Admin, discussing all things OUSA w/ Troy, Exec BDS discussion | J3: Monday | K3: 0
D4: Tuesday | E4: 8.5 | F4: Emails & admin, Lots of handover stuff w/ Troy, CEO remuneration stuff, Toastmasters | J4: Tuesday | K4: 1.5 | L4: Contact with Citizens Advice Bureau, editing the pamphlet to involve their logos and collaboration. Taking in community law's advice, reading over old flatting mag they provided.
D5: Wednesday | E5: 8 | F5: Emails, Catch up w/ Trish, More handover stuff w/ Troy, Summer in Dunners BBQ, Admin, Training admin, Long call w/ Gina | J5: Wednesday | K5: 0.5 | L5: emails, pamphlet
D6: Thursday | E6: 7 | F6: Emails & admin, chat to Planet, NDSA meeting, chatting to Fergus, more random admin, scheduling & emails | J6: Thursday | K6: 4 | L6: emails, pamphlet, work on the second pamphlet version, contact with uniprint
D7: Friday | E7: 7 | F7: Performance review follow up, and prep, and letter writing, standing committee meeting, admin, emails, discussion w/ protest planners | J7: Friday
D8: Saturday | J8: Saturday
D9: Sunday | J9: Sunday
E10: =SUM(E3:E9) -> 39.5 | K10: =SUM(K3:K9) -> 6
B12: Admin Vice President | C12: Kamesha | D12: Day | E12: Hours | F12: Tasks | H12: Postgraduate | I12: Fergus | J12: Day | K12: Hours | L12: Tasks
D13: Monday | J13: Monday | K13: 1 | L13: BDS Discussion
D14: Tuesday | J14: Tuesday
D15: Wednesday | J15: Wednesday
D16: Thursday | J16: Thursday | K16: 3 | L16: Uni paper interview about me, chatting with Donna & getting key, chat with Daniel regarding roles, actions etc. Sorting a diary for the year. Organising a meeting with the Human Ethics Committee.
D17: Friday | F17: Emails, Standing comm meeting, Online catch ups with 10 hour roles, more admin | J17: Friday
D18: Saturday | J18: Saturday
D19: Sunday | J19: Sunday
K20: =SUM(K13:K19) -> 4
B22: Finance and Strategy | C22: Troy | D22: Day | E22: Hours | F22: Tasks | H22: Clubs and Socs | I22: Ella | J22: Day | K22: Hours | L22: Tasks
D23: Monday | E23: 7 | F23: Advisory Board with Paul, BDS Discussion, Chat w/ Daniel, Catch up w/Donna | J23: Monday
D24: Tuesday | E24: 5 | F24: UUL Reading, Chat w/Matt, Reading Meeting Minutes, MOU, Budget Readings, Banking Admin | J24: Tuesday
D25: Wednesday | E25: 5 | F25: Pamplet Reading, Summer in Dunners BBQ, Committees Work, BDS Reading, Email Reading, Attempting to wrap my head around this place, Training Admin | J25: Wednesday
D26: Thursday | E26: 2 | F26: Committees Doc, Emails, | J26: Thursday
D27: Friday | E27: 4 | F27: Meeting w/ Debbie, Standing Committee, More Committees Work, Review Reading, Political Strategy Work | J27: Friday
D28: Saturday | J28: Saturday
D29: Sunday | J29: Sunday
E30: =SUM(E23:E29) -> 23 | K30: =SUM(K23:K29) -> 0
B32: Academic | C32: Hansini | D32: Day | E32: Hours | F32: Tasks | H32: International | I32: Irfaan | J32: Day | K32: Hours | L32: Tasks
D33: Monday | J33: Monday
D34: Tuesday | J34: Tuesday
D35: Wednesday | J35: Wednesday
D36: Thursday | J36: Thursday
D37: Friday | J37: Friday
D38: Saturday | J38: Saturday
D39: Sunday | J39: Sunday
E40: =SUM(E33:E39) -> 0 | K40: =SUM(K33:K39) -> 0
B42: Welfare and Equity | C42: Rihana | D42: Day | E42: Hours | F42: Tasks | H42: Political | I42: Flynn | J42: Day | K42: Hours | L42: Tasks
D43: Monday | J43: Monday
D44: Tuesday | J44: Tuesday
D45: Wednesday | J45: Wednesday
D46: Thursday | J46: Thursday
D47: Friday | J47: Friday
D48: Saturday | J48: Saturday
D49: Sunday | J49: Sunday
E50: =SUM(E43:E49) -> 0 | K50: =SUM(K43:K49) -> 0

Sheet FEB 2 - 8
B2: President | C2: Daniel | D2: Day | E2: Hours | F2: Tasks | H2: Residential | I2: Zoe | J2: Day | K2: Hours | L2: Tasks
D3: Monday | E3: 4.5 | F3: Admin, catch up & lunch w/ Fran at Parliament, emails, more council induction readings, ATSA catch up | J3: Monday | K3: 3 | L3: Office time, pamphlet work, emails, getting a sample of my pamphlet, touches up leading to the final printing.
D4: Tuesday | E4: 10 | F4: Media, Emails, chats to Kamesha, Troy, Donna, helping critic, meeting w/ Dwaine, more emails, Uni Presidents meeting, follow up admin, linking up mentors & scheduling | J4: Tuesday
D5: Wednesday | E5: 10 | F5: Emails, Summer in Dunners, discussing exec travel, discussing exec & general election dates, quick meeting w/ Te rito exec, long call w/ Gina to make agenda's, emails | J5: Wednesday | K5: 4 | L5: Pamphlet editing, emails, scheduling, planning flat fest
D6: Thursday | E6: 11.5 | F6: Lots of emails, Changes to Board agenda, delegating tasks etc, chat to Debbie, Good one meeting, even more emails, more Board agenda working for next week, chat to maat, prep for next week, ordering, readings | J6: Thursday
D7: Friday | J7: Friday | K7: 2 | L7: Pamphlet final edits and formatting, reading over and spell checking, emails
D8: Saturday | J8: Saturday | K8: 1 | L8: Emails and finalising pamphlet, sent off to uniprint for printing.
D9: Sunday | E9: 2.5 | F9: Readings, emails & admin | J9: Sunday
E10: =SUM(E3:E9) -> 38.5 | K10: =SUM(K3:K9) -> 10
B12: Admin Vice President | C12: Kamesha | D12: Day | E12: Hours | F12: Tasks | H12: Postgrad | I12: Fergus | J12: Day | K12: Hours | L12: Tasks
D13: Monday | E13: 1.5 | F13: Emails + Admin and drafting of ideas before coming in in person | J13: Monday
D14: Tuesday | E14: 6 | F14: mmeting w Troy about POLCOM planning, chatting w Dan and Troy all things admin and big picture plan for the year. Admin, emails, drafting year plan for exec, chats w Marketing re student engagment for the year | J14: Tuesday
D15: Wednesday | E15: 6.5 | F15: Meeting w Daniel re ATZA Conference, Summer in Dunners BBQ, check in w Flynn re election planning. Emails. | J15: Wednesday | K15: 4 | L15: Summer in Dunners BBQ, exec catch up, TRM meeting, sorting Emails
D16: Thursday | E16: 3.5 | F16: HUMS Board commitee meeting, emails | J16: Thursday | K16: 5 | L16: Article photo, emails, scheduling, catch up with Joshua Stewart regarding post-grad club, organising SPS SGM
D17: Friday | E17: 1 | F17: Emials | J17: Friday
D18: Saturday | E18: 2.5 | J18: Saturday
D19: Sunday | J19: Sunday | K19: 1 | L19: Sending SGS SGM notice request to Critic, organising diary
E20: =SUM(E13:E19) -> 21 | K20: =SUM(K13:K19) -> 10
B22: Finance and Strategy | C22: Troy | D22: Day | E22: Hours | F22: Tasks | H22: Clubs and Socs | I22: Ella | J22: Day | K22: Hours | L22: Tasks
D23: Monday | E23: 6.5 | F23: ASB Trip w/Matt, Memo, Pamphlet writing, Catch up w/Donna, Committee allocations, Chat with Dan, Catch up with Zoe | J23: Monday
D24: Tuesday | E24: 7.5 | F24: POLCOM planning w/ Kamesha, Yearly planning, Campus visit planning, Chat w/Matt, Chat w/Donna, MOU discussions | J24: Tuesday
D25: Wednesday | E25: 7.5 | F25: MOU Memo, Summers in Dunners, Donna 35 years, Training planning, BBQ sorting re O week, Chat w/Emily, Donna, Hanna, Daniel, Met with TRM, Budget stuff w/Matt, Yearly planning | J25: Wednesday | K25: 2 | L25: Paper work and emails
D26: Thursday | E26: 7 | F26: Training planning, chat w/Debbie, Exec Board Plan, Meeting timetabling, critic, Fast Net ASB with Matt, Tent City Planning, Minutes reading/consitution standing orders stuff, exec photo 150 sorting | J26: Thursday
D27: Friday | E27: 1 | F27: Reading up on my Committees (WEB PSC and UUL), Emailing KAANS re: BBQ, Figuring out campaigns budget when/what can we spend | J27: Friday
D28: Saturday | E28: 0.5 | F28: MP emails | J28: Saturday
D29: Sunday | J29: Sunday
E30: =SUM(E23:E29) -> 30 | K30: =SUM(K23:K29) -> 2
B32: Academic | C32: Hansini | D32: Day | E32: Hours | F32: Tasks | H32: International | I32: Irfaan | J32: Day | K32: Hours | L32: Tasks
D33: Monday | J33: Monday | K33: 1 | L33: Emails and speaking to Caroline for O-Week prep
D34: Tuesday | J34: Tuesday | K34: 1.5 | L34: Drafting kitchen roster and sending out to clubs
D35: Wednesday | J35: Wednesday | K35: 3 | L35: Preparing rostering and providing instructions to OISA execs, fixed teething issues for IFF folder, attended to club emails and queries.
D36: Thursday | J36: Thursday
D37: Friday | J37: Friday
D38: Saturday | J38: Saturday
D39: Sunday | J39: Sunday
E40: =SUM(E33:E39) -> 0 | K40: =SUM(K33:K39) -> 5.5
B42: Welfare and Equity | C42: Rihana | D42: Day | E42: Hours | F42: Tasks | H42: Political | I42: Flynn | J42: Day | K42: Hours | L42: Tasks
D43: Monday | J43: Monday
D44: Tuesday | J44: Tuesday
D45: Wednesday | J45: Wednesday
D46: Thursday | J46: Thursday
D47: Friday | J47: Friday
D48: Saturday | J48: Saturday
D49: Sunday | J49: Sunday
E50: =SUM(E43:E49) -> 0 | K50: =SUM(K43:K49) -> 0

Sheet FEB 9 - 15
B2: President | C2: Daniel | D2: Day | E2: Hours | F2: Tasks | H2: Residential | I2: Zoe | J2: Day | K2: Hours | L2: Tasks
D3: Monday | E3: 10.5 | F3: Admin, Exec induction, Holdings meeting, back to exec induction, admin, emails, chat to matt, call w/ Gina | J3: Monday | K3: 7 | L3: Exec induction day 1
D4: Tuesday | E4: 11.5 | F4: Exec induction day 2, admin, emails, critic castle street interviews | J4: Tuesday | K4: 7 | L4: exec induction day 2, pamphlet printing proof and final organisation with Uniprint
D5: Wednesday | E5: 8.75 | F5: Emails, media, catch up w/ Debbie, summer in dunners, Exec Board meeting & wrap up, emails | J5: Wednesday | K5: 2 | L5: exec board meeting
D6: Thursday | E6: 8.75 | F6: Emails, admin, otago housing alliance meeting, St Paddy's day meeting, meeting follow up, BSust discussion, council work | J6: Thursday | K6: 2 | L6: Combined colleges introduction, otago housing alliance meeting, emails, flat fest plans
D7: Friday | E7: 7.5 | F7: Catch up with Adeleine, David Clark meeting, Debbie & Gina catch up, admin, media, Mentor meeting | J7: Friday | K7: 2 | L7: Sophia charter meeting with Student Support
D8: Saturday | J8: Saturday
D9: Sunday | E9: 4.5 | F9: Picking up BBQ supplies, 350 pages of Council readings, admin | J9: Sunday
E10: =SUM(E3:E9) -> 51.5 | K10: =SUM(K3:K9) -> 20
B12: Admin Vice President | C12: Kamesha | D12: Day | E12: Hours | F12: Tasks | H12: Postgraduate | I12: Fergus | J12: Day | K12: Hours | L12: Tasks
D13: Monday | E13: 8 | F13: Exec induction day 1, admin and emails, prep for day 2 | J13: Monday | K13: 7 | L13: Exec induction day 1, admin and emails
D14: Tuesday | E14: 7 | F14: Exec induction day 2 | J14: Tuesday | K14: 7 | L14: Exec induction day 2
D15: Wednesday | E15: 4 | F15: board meeting, bbq, emails re academic commitee | J15: Wednesday | K15: 4 | L15: Summer in dunners, exec board meeting
D16: Thursday | E16: 4 | F16: Roster making, Tent City Prep, BSust discussion meeting | J16: Thursday | K16: 2.5 | L16: uni academic comm meeting, catch up with Daniel
D17: Friday | E17: 2 | F17: finalising roster, website training | J17: Friday
D18: Saturday | J18: Saturday
D19: Sunday | E19: 0.5 | J19: Sunday
E20: =SUM(E13:E19) -> 25.5 | K20: =SUM(K13:K19) -> 20.5
B22: Finance and Strategy | C22: Troy | D22: Day | E22: Hours | F22: Tasks | H22: Clubs and Socs | I22: Ella | J22: Day | K22: Hours | L22: Tasks
D23: Monday | E23: 9 | F23: Induction set up, Induction 1, Planning with Donna, Planning with Jenna, Planning with Trent | J23: Monday | K23: 4 | L23: Training day!
D24: Tuesday | E24: 10 | F24: Induction day 2, Invoice Approving, Catch up w/Donna about tm meeting, board reading, CE reading, | J24: Tuesday | K24: 9 | L24: Training day 2 + reading all of the documents on board pro and catching up with emails
D25: Wednesday | E25: 5.5 | F25: Summer in Dunners, Meeting with Trent, Exec Board Meeting, Planning for Commerce Board | J25: Wednesday
D26: Thursday | E26: 7 | F26: Housing Meeting, BSUST meeting with Janine, Flynn Tour, MOU edits, more committee, BBQ stuff, Catch up with locals re: how we can help | J26: Thursday
D27: Friday | E27: 5 | F27: David Clark meeting, FESC Plan, Campus Activation Reading, Student Bar Business Models, Protest 101 | J27: Friday
D28: Saturday | E28: 1.5 | F28: Student Bar business models, protest 101 | J28: Saturday
D29: Sunday | E29: 2 | F29: Student Bar Business Models. | J29: Sunday
E30: =SUM(E23:E29) -> 40 | K30: =SUM(K23:K29) -> 13
B32: Academic | C32: Hansini | D32: Day | E32: Hours | F32: Tasks | H32: International | I32: Irfaan | J32: Day | K32: Hours | L32: Tasks
D33: Monday | J33: Monday | K33: 7 | L33: Executive Induction Day 1
D34: Tuesday | J34: Tuesday | K34: 1 | L34: Cleared Emails, did not go for induction as I was unwell.
D35: Wednesday | J35: Wednesday | K35: 2 | L35: exec board meeting
D36: Thursday | J36: Thursday | K36: 0.5 | L36: Went through store with Belinda OUSA Clubs and Socs to check serverware for IFF.
D37: Friday | J37: Friday | K37: 0.5 | L37: Responded to some emails on IFF, filled out Tent City roster and provided questions as req by Flynn.
D38: Saturday | J38: Saturday
D39: Sunday | J39: Sunday
E40: =SUM(E33:E39) -> 0 | K40: =SUM(K33:K39) -> 11
B42: Welfare and Equity | C42: Rihana | D42: Day | E42: Hours | F42: Tasks | H42: Political | I42: Flynn | J42: Day | K42: Hours | L42: Tasks
D43: Monday | J43: Monday
D44: Tuesday | J44: Tuesday | K44: 7 | L44: exec induction day 2
D45: Wednesday | J45: Wednesday | K45: 4 | L45: sausage sizzle, exec board meeting
D46: Thursday | J46: Thursday | K46: 3 | L46: housing alliance meeting, emails & planning
D47: Friday | J47: Friday | K47: 2 | L47: painting paddles for by-election debate, 1 hour mentor governance meeting
D48: Saturday | J48: Saturday
D49: Sunday | J49: Sunday
E50: =SUM(E43:E49) -> 0 | K50: =SUM(K43:K49) -> 16

Sheet FEB 16 - 22
B2: President | C2: Daniel | D2: Day | E2: Hours | F2: Tasks | H2: Residential | I2: Zoe | J2: Day | K2: Hours | L2: Tasks
D3: Monday | E3: 10.5 | F3: Tent city, Council Audit & Risk committee, media, admin, emails & readings | J3: Monday | K3: 7 | L3: Tent city
D4: Tuesday | E4: 8.5 | F4: Emails, yarns, R1 interview, Uni ethical procurements committee, wayfinding presentation, emails, admin | J4: Tuesday | K4: 0.5 | L4: emails
D5: Wednesday | E5: 9.5 | F5: Admin, Tent city w/ set up & pack down, emails | J5: Wednesday | K5: 6 | L5: Tent city
D6: Thursday | E6: 6.75 | F6: Clubs day schmoozing, chat to james meager, couching | J6: Thursday | K6: 0.5 | L6: clubs day
D7: Friday | E7: 6.5 | F7: Emails, chats, admin, clean up of tent city, TRM BBQ, Grant & clocktower tour, Toga media | J7: Friday | K7: 2 | L7: mbie meeting, clocktower tour
D8: Saturday | J8: Saturday
D9: Sunday | E9: 2 | F9: Emails, Council readings, admin, tidying exec office | J9: Sunday
E10: =SUM(E3:E9) -> 43.75 | K10: =SUM(K3:K9) -> 16
B12: Admin Vice President | C12: Kamesha | D12: Day | E12: Hours | F12: Tasks | H12: Postgraduate | I12: Fergus | J12: Day | K12: Hours | L12: Tasks
D13: Monday | E13: 8.5 | F13: Tent City, Admin + emails | J13: Monday | K13: 5 | L13: Tent City
D14: Tuesday | E14: 5 | F14: debrief with troy, DDC alchohol review policy meeting, policy catch up, planning, emails and catch up on tasks | J14: Tuesday | K14: 1.5 | L14: APCSG Commitee
D15: Wednesday | E15: 7 | F15: tent city, HUMS Div board meeting, meeting w flynn and chloe, evening admin and prep for next coupla weeks | J15: Wednesday | K15: 5.5 | L15: Tent City, emails
D16: Thursday | E16: 2 | F16: clubs day, readings | J16: Thursday | L16: Clubs Day
D17: Friday | E17: 4 | F17: Grant+Clocktower tour, prep for HUMS committee meetings, POLCOM prep. Blocking of hours from 2-8 | J17: Friday | K17: 2 | L17: Clocktower tour, pride on campus
D18: Saturday | J18: Saturday | L18: IFF
D19: Sunday | J19: Sunday
E20: =SUM(E13:E19) -> 26.5 | K20: =SUM(K13:K19) -> 14
B22: Finance and Strategy | C22: Troy | D22: Day | E22: Hours | F22: Tasks | H22: Clubs and Socs | I22: Ella | J22: Day | K22: Hours | L22: Tasks
D23: Monday | E23: 9 | F23: Tent City, Bars Prop | J23: Monday
D24: Tuesday | E24: 7.5 | F24: catch up w/meesha, FESC Work, UOPISA planning, Protest Guidlines work, Committees, Memo's. Tour for Hansini and Rihana | J24: Tuesday | L24: Back in dunedin! Yay!
D25: Wednesday | E25: 8.5 | F25: Tent City, Meeting with Chloe and Fran | J25: Wednesday | K25: 2.5 | L25: Morning shift tent city + emails/readings
D26: Thursday | E26: 7 | F26: clubs day, chat with Arena, Rachel, James, Joseph | J26: Thursday | K26: 6 | L26: Clubs day!
D27: Friday | E27: 7 | F27: Catch up w/Tony, Clocktower Tour and chat w/Grant, Chat w/Debbie, Tidying up tent city, cleaning up, Pride on Lawn | J27: Friday
D28: Saturday | E28: 2 | F28: IFF | J28: Saturday
D29: Sunday | E29: 0.5 | F29: Registrar work, planning out Month ahead | J29: Sunday | K29: 2 | L29: Planning for meeting with Caroline and documentation
E30: =SUM(E23:E29) -> 41.5 | K30: =SUM(K23:K29) -> 10.5
B32: Academic | C32: Hansini | D32: Day | E32: Hours | F32: Tasks | H32: International | I32: Irfaan | J32: Day | K32: Hours | L32: Tasks
D33: Monday | E33: 2 | F33: O-Week Staff comms + admin + committee setup + paper proposal overview | J33: Monday | K33: 4 | L33: Tent City, emails and admin for Clubs Day
D34: Tuesday | E34: 6.5 | F34: Orientation, onboarding, general training, admin emails re Ori/tent city, Catching up on minutes and past training, paper proposal feedback | J34: Tuesday | K34: 3 | L34: Emails and discussion with Clubs and Socs staff on IFF.
D35: Wednesday | E35: 6 | F35: Tent City | J35: Wednesday | K35: 6 | L35: Tent city, responding to emails for clubs Day and IFF from clubs
D36: Thursday | E36: 5 | F36: Clubs day (Student Voice Collab) + Inerdivisional Undergraduate Degrees BoS meeting + Admin + Paper Proposal Feedback | J36: Thursday | K36: 6 | L36: Clubs Day event, international student welcome, more emails on IFF.
D37: Friday | E37: 4 | F37: Paper Proposal Feedback + Senate Admin + Emails + Clocktower Tour | J37: Friday | K37: 4 | L37: Clocktower tour, emails and catchup with Adlina on OISA matters.
D38: Saturday | J38: Saturday | K38: 6 | L38: International food festival
D39: Sunday | J39: Sunday
E40: =SUM(E33:E39) -> 23.5 | K40: =SUM(K33:K39) -> 29
B42: Welfare and Equity | C42: Rihana | D42: Day | E42: Hours | F42: Tasks | H42: Political | I42: Flynn | J42: Day | K42: Hours | L42: Tasks
D43: Monday | E43: 6 | F43: Set up for tent city and other OUSA Departments | J43: Monday | K43: 7.5 | L43: tent city (8-2:30, 4-5)
D44: Tuesday | E44: 6 | F44: Setting up email and looking over missed emails and doccuments, PGC bi-weekly meeting | J44: Tuesday | K44: 5 | L44: planning by-election event, responding to emails, making posters & prep (3 hours!)
D45: Wednesday | E45: 6 | F45: Set up tent city, Clinical Governace Meeting and worked the sausage sizzle | J45: Wednesday | K45: 6.5 | L45: meeting with chloe & fran, tent city, debate planning fluff
D46: Thursday | E46: 1.5 | F46: Otago Tertiary Chaplaincy Board Meeting | J46: Thursday | K46: 4 | L46: sami & jarna catch up, clubs day floating, by-election planning
D47: Friday | E47: 2 | F47: Drafting proposal for DEI Workshops | J47: Friday | K47: 3 | L47: induction + admin
D48: Saturday | J48: Saturday | K48: 2
D49: Sunday | J49: Sunday
E50: =SUM(E43:E49) -> 21.5 | K50: =SUM(K43:K49) -> 28

Sheet FEB 23 - 29
B2: President | C2: Daniel | D2: Day | E2: Hours | F2: Tasks | H2: Residential | I2: Zoe | J2: Day | K2: Hours | L2: Tasks
D3: Monday | E3: 9 | F3: Emails, admin, Exec meeting, Deprtments w/ Ella, more emails, Student job search meeting, photos, readings, more admin | J3: Monday | K3: 1 | L3: exec meeting
D4: Tuesday | E4: 9 | F4: Emails, Training catch up, Senate, admin, | J4: Tuesday
D5: Wednesday | E5: 4 | F5: Emails from home, IOD training | J5: Wednesday | K5: 2 | L5: uniflats meetings, emails
D6: Thursday | E6: 9 | F6: Meeting w/ prime campus, campus masterplan meeting, marketing meeting, emails, Uni Finance & budget meeting, admin, IOD training | J6: Thursday | K6: 1.5 | L6: Prime Campus (Tim Calder) meeting, emails
D7: Friday | F7: Away | J7: Friday | K7: 3.5 | L7: Handing out pamphlets, emails
D8: Saturday | F8: Away | J8: Saturday | K8: 2 | L8: Handing out pamphlets
D9: Sunday | E9: 2 | F9: Admin & Emails | J9: Sunday
E10: =SUM(E3:E9) -> 33 | K10: =SUM(K3:K9) -> 10
B12: Admin Vice President | C12: Kamesha | D12: Day | E12: Hours | F12: Tasks | H12: Postgraduate | I12: Fergus | J12: Day | K12: Hours | L12: Tasks
D13: Monday | E13: 3 | F13: Exec meeting, emials and scheduling, | J13: Monday | K13: 4.5 | L13: Dan Delany meeting, exec meeting, chat with Donna, responding to emails
D14: Tuesday | E14: 4 | F14: training catch up, meeting with dwaine, HUMS prep/reading, VCSSAG prep/readings | J14: Tuesday | K14: 4 | L14: Senate meeting, Grad Research council, responding to emails
D15: Wednesday | E15: 3 | F15: Catch up with Daniel - POSTPONED, Scheduling of week, agenda prep | J15: Wednesday | K15: 0
D16: Thursday | E16: 3.5 | F16: VCSSAG, VCSSAG post-meeting correspondance. Finalising out agenda, figuring out minuis. Emailing GenVote. | J16: Thursday | K16: 1.5 | L16: Emails, ethics commitee
D17: Friday | F17: away | J17: Friday | K17: 1.5 | L17: Grad Research council
D18: Saturday | F18: away | J18: Saturday
D19: Sunday | F19: away | J19: Sunday
E20: =SUM(E13:E19) -> 13.5 | K20: =SUM(K13:K19) -> 11.5
B22: Finance and Strategy | C22: Troy | D22: Day | E22: Hours | F22: Tasks | H22: Clubs and Socs | I22: Ella | J22: Day | K22: Hours | L22: Tasks
D23: Monday | E23: 5.5 | F23: Meeting w/Mukesh, Exec Meeting, 150 Anniversary sorting, By Election work | J23: Monday | K23: 4 | L23: Documents/emails, exec meeting, going around depts with Daniel, planning
D24: Tuesday | E24: 6 | F24: MOU, Catch up w/Zoe, General Admin etc, Organising stuff for Donna while shes away | J24: Tuesday | K24: 4 | L24: Meeting with Caroline, emails/planning, catch up training/chats with Kamesha/Daniel, planning affliated clubs council
D25: Wednesday | E25: 5 | F25: By election planning, critic chat, minute changes, fixing my monstoristy of a calendar | J25: Wednesday
D26: Thursday | E26: 5.5 | F26: VCSSAG, UUL Readings, General Election, FESC work Plan | J26: Thursday
D27: Friday | E27: 10 | F27: Meeting with Paul, Meeting with Debbie, Letter (AIR NZ), Planning Meetings around Bar etc, PAC Email, More Readings, Club Engagement, PAC Comms | J27: Friday | K27: 3 | L27: Planning affliated clubs council, making slides
D28: Saturday | E28: 2.5 | F28: Painting, Canva, Debate Planning General Electoin | J28: Saturday
D29: Sunday | E29: 1 | F29: Readings for TM Meeting | J29: Sunday | K29: 3 | L29: Going through new club affliliations
E30: =SUM(E23:E29) -> 35.5 | K30: =SUM(K23:K29) -> 14
B32: Academic | C32: Hansini | D32: Day | E32: Hours | F32: Tasks | H32: International | I32: Irfaan | J32: Day | K32: Hours | L32: Tasks
D33: Monday | E33: 5.5 | F33: Paper proposal feedback + Exec Meeting + General Admin and Emails | J33: Monday | K33: 2 | L33: Executive meeting, admin email
D34: Tuesday | E34: 6 | F34: Training catch up + Senate + Meeting with Tim Cooper + Special Topic Proposal Feedback + General Admin | J34: Tuesday | K34: 5 | L34: Prep and attendence of the Study Dunedin Advisory Group meeting at DCC, and OISA full team meeting
D35: Wednesday | E35: 4 | F35: DAB/SSC new rep search comms + General Staff Emails + Backlog Paper Proposal Feedback + Catch up on agendas and minutes from about ten million committees | J35: Wednesday
D36: Thursday | E36: 5 | F36: Meeting with Leda and Payton + Brightspace work + Faculty rep restructure + Committee Assignment Student Comms + More Paper Proposals | J36: Thursday | K36: 3 | L36: VCSSAG meeting, meeting with Director International Jason
D37: Friday | E37: 4 | F37: Standing Committee of the Sciences Div prep and meeting (recommendations on BSust) + Organising Faculty Rep programme | J37: Friday | K37: 0.5 | L37: Call with Adlina to discuss OISA matters
D38: Saturday | J38: Saturday
D39: Sunday | J39: Sunday
E40: =SUM(E33:E39) -> 24.5 | K40: =SUM(K33:K39) -> 10.5
B42: Welfare and Equity | C42: Rihana | D42: Day | E42: Hours | F42: Tasks | H42: Political | I42: Flynn | J42: Day | K42: Hours | L42: Tasks
D43: Monday | E43: 3.5 | F43: Exec meeting, filling out documents for donna & general admin | J43: Monday | K43: 1.5 | L43: Executive meeting, Christine Garey
D44: Tuesday | E44: 5 | F44: Training catch up w/ Hansini and Ella, reseaching for DEI workshop draft, met with social impact studio, emailing uopisa & MSA for thoughts | J44: Tuesday | K44: 0.5 | L44: Emails
D45: Wednesday | E45: 5 | F45: Working on proposal for DEI workshop, Meet with Alex for DSL 1-1, emails | J45: Wednesday | K45: 2 | L45: Emails, by-election & election planning
D46: Thursday | F46: away | J46: Thursday | K46: 5 | L46: Painting paddles, planning by-electiom & election, marketing meeting with Ingrid, designs for exec insta, phone call with BONG (1 hour)
D47: Friday | F47: away | J47: Friday | K47: 5 | L47: meeting with Rachel Brooking, emails, planning with troy, writing statements & graphics
D48: Saturday | F48: away | J48: Saturday | K48: 1 | L48: painting paddles, spoke to ODT, instagram posts
D49: Sunday | F49: away | J49: Sunday
E50: =SUM(E43:E49) -> 13.5 | K50: =SUM(K43:K49) -> 15

Sheet MAR 2 - 8
B2: President | C2: Daniel | D2: Day | E2: Hours | F2: Tasks | H2: Residential | I2: Zoe | J2: Day | K2: Hours | L2: Tasks
D3: Monday | E3: 8 | F3: Emails, Debbie catch up, Exec meeting, Invest Otepoti meeting in town, yarn to Zoe, catch up w/ Troy & call w/ Jeff | J3: Monday | K3: 1 | L3: exec meeting, emails, reading over agenda
D4: Tuesday | E4: 4 | F4: Catch up w/ Kamesha, FESC, emails, readings | J4: Tuesday | K4: 1 | L4: flat fest planning
D5: Wednesday | E5: 9.5 | F5: Troy + Kamesha catch up & meeting organising, emails, TRM stuff, admin, making council presentation, readings, board admin | J5: Wednesday | K5: 1.5 | L5: matt cutler meeting, catch up w/ Troy
D6: Thursday | E6: 9 | F6: Emails, Boardplan work, Hone Paul catch up, discussion about OUSA Socials, St paddys videoing, VUWSA catch up, Learner success plan meeting, emails, critic stuff, Opportunity party meet up, SPS SGM | J6: Thursday | K6: 4 | L6: emails, senior warden monthly catch-up, community law meeting, picking up a students tenancy case
D7: Friday | E7: 7 | F7: Dealing with all things critic, Mayor meeting, emails | J7: Friday | K7: 3 | L7: curtain bank meeting, exec discussion, tenancy case work
D8: Saturday | E8: 3.5 | F8: Some Council readings, emails & admin, scheduling | J8: Saturday
D9: Sunday | E9: 5 | F9: Rest of council readings, admin, Catch up w Trish | J9: Sunday | K9: 1 | L9: board meeting readings, students tenancy issues consult
E10: =SUM(E3:E9) -> 46 | K10: =SUM(K3:K9) -> 11.5
B12: Admin Vice President | C12: Kamesha | D12: Day | E12: Hours | F12: Tasks | H12: Postgraduate | I12: Fergus | J12: Day | K12: Hours | L12: Tasks
D13: Monday | E13: 3.5 | F13: HUMS Committee meeting, Exec meeting, admin, FESC reading | J13: Monday | K13: 1.5 | L13: Exec meeting, admin, reviewing paper proposals, scheduling
D14: Tuesday | E14: 4 | F14: catch up w daniel, FESC, beginning write up of exec meeting minutes, planning of celidh for denniston sign on, chats w hansini re AI stance, admin follow up of exec meeting (planning), response to paper feedback for MIndS | J14: Tuesday | K14: 3 | L14: Admin, emails, reviewing paper proposals, SPS organisation
D15: Wednesday | E15: 2 | F15: meetig w Troy + daniel, catch up w flynn | J15: Wednesday | K15: 1.5 | L15: Exec meet up, emails, sps organising
D16: Thursday | E16: 5 | F16: political guidlines meeting, finalising of minutes, chat w daniel, planning/reading for monday, denniston follow up, admin | J16: Thursday | K16: 2.5 | L16: Libary Services meeting, emails, exec catch up, SPS SGM
D17: Friday | E17: 5 | F17: genvote meeting, all things critic discussionm, emails. Prep for monday, review of protest guidlines | J17: Friday
D18: Saturday | J18: Saturday
D19: Sunday | E19: 3 | F19: Net Carbon Readings, monday meetings prep (reading and notes for subcommitee), emails, planning | J19: Sunday
E20: =SUM(E13:E19) -> 22.5 | K20: =SUM(K13:K19) -> 8.5
B22: Finance and Strategy | C22: Troy | D22: Day | E22: Hours | F22: Tasks | H22: Clubs and Socs | I22: Ella | J22: Day | K22: Hours | L22: Tasks
D23: Monday | E23: 6 | F23: Executive Meeting, Phone Call with Jeff, FESC Planning and Coversations, Chat with Debbie re NZUSA, Elections work, Payment approvals, MOU Writing | J23: Monday | K23: 5 | L23: Affliated clubs council planning, emails, HYBRID advertising
D24: Tuesday | E24: 5.5 | F24: FESC, Political Chats, Meeting Brian Roper, Protest Guidlines, FESC Report, Call w/Jeff | J24: Tuesday
D25: Wednesday | E25: 7 | F25: Chat with Daniel, Chat w Kamesha, MOU, Protest Guidlines, Emails, Phone call w/ David, Chat w Zoe, Rules reading | J25: Wednesday
D26: Thursday | E26: 6.5 | F26: Radio One Interview, HOTYF chats, Readings WEB PSC, Quick chat w/Dan, Chat w Critic, Timetabling Committee reading, TOP Chat | J26: Thursday | K26: 3 | L26: Emails, TiB meeting, Kamesha check in yayyy, SPS AGM
D27: Friday | E27: 4 | F27: Genvote, Critic Chat, Catch up w Zoe and Flynn, Timetabling Committee Correspondence, Marketing Chat | J27: Friday | K27: 1 | L27: Emails, admin, Q1 report
D28: Saturday | E28: 1.5 | F28: New Readings for Timetabling Committe (Agenda change) | J28: Saturday
D29: Sunday | E29: 2 | F29: UUL Final Readings Before Wed, Board Readings | J29: Sunday | K29: 3 | L29: Reading board pro documents
E30: =SUM(E23:E29) -> 32.5 | K30: =SUM(K23:K29) -> 12
B32: Academic | C32: Hansini | D32: Day | E32: Hours | F32: Tasks | H32: International | I32: Irfaan | J32: Day | K32: Hours | L32: Tasks
D33: Monday | E33: 4 | F33: Prepping for QAC + Organisation plan for AC + Faculty Rep programme set up comms with students and Leda + BAU (emails, admin, drafting paper proposal feedback) + Exec Meeting | J33: Monday | K33: 4 | L33: Internationalisation meeting with DVC External Engagement, Director International Jason Cushen and others. Also cleared some emails in relation to OISA planning.
D34: Tuesday | E34: 6 | F34: QAC prep + Paper Proposals + Actual QAC + Faculty rep work with Leda + Academic Committee drafting + AI stance work | J34: Tuesday | K34: 5 | L34: Admin, response to emails, discussion on AI stance with Kamesha, and [bulk time] studied the prep documentation for HSIC meeting, brainstorming with Rihanna on Welfare workshop
D35: Wednesday | E35: 4 | F35: More faculty rep work with Leda + General Admin and Emails + Backlogged Paper proposals + Discussion with PPE director + Drafting what iIwant OUSA AC to look like this year pre first meeting | J35: Wednesday | K35: 2.5 | L35: Preparation for and attending the ISRMG Quarterly Meeting.
D36: Thursday | E36: 4 | F36: More AC drafting + talks with student support re scholarships and hardship funds (part of research for paid placement project) | J36: Thursday
D37: Friday | E37: 4 | F37: AI Policy work w Kameesha + Paper Proposal + AC Agenda and members organisation + Chat w Daniel and Kameesha re Meetings | J37: Friday | K37: 1.5 | L37: Interview with 'Adlina, by OARFM Arina Aizal, to share more about OUSA/OISA and ISR roles. Also more emails response.
D38: Saturday | J38: Saturday
D39: Sunday | J39: Sunday
E40: =SUM(E33:E39) -> 22 | K40: =SUM(K33:K39) -> 13
B42: Welfare and Equity | C42: Rihana | D42: Day | E42: Hours | F42: Tasks | H42: Political | I42: Flynn | J42: Day | K42: Hours | L42: Tasks
D43: Monday | E43: 1 | F43: Exec Meeting, Meeting Readings, Starting reseach and draft for fees increase post | J43: Monday | K43: 2 | L43: Exec meeting, admin
D44: Tuesday | E44: 5.5 | F44: Sending out information for Welfare committee, drafted a workshop outline for MUSA because of inclusivity concerns w/ Irfaan, responding to emails, filming for Exec insta, discussion political posts concerns, PCG meeting | J44: Tuesday | K44: 7 | L44: Mandy, Steve, Marie, Victor, Troy meetings & by-election planning
D45: Wednesday | E45: 1 | F45: Meeting with Barb Long | J45: Wednesday | K45: 1 | L45: Emails, admin
D46: Thursday | E46: 4 | F46: Meeting with Liam White writting draft for disability rep, writting up comittee papers, OUSA political guidlines planning, st patties filming | J46: Thursday | K46: 3.5 | L46: Political stances meeting, St Paddy's filming, VUWSA meeting, David Bainbridge
D47: Friday | E47: 4 | F47: Welcome to EAC and catch up meeting, responding to emails, meetnig with MUSA | J47: Friday | K47: 3 | L47: Gen Vote, emails, marketing, telling off
D48: Saturday | E48: 2 | F48: Meeting with reffugee students around university support | J48: Saturday | K48: 1 | L48: Jacob Rush by-election (debsoc election debates planning)
D49: Sunday | J49: Sunday | K49: 0.5 | L49: Monday meeting readings + prep
E50: =SUM(E43:E49) -> 17.5 | K50: =SUM(K43:K49) -> 18

Sheet MAR 9 - 15
B2: President | C2: Daniel | D2: Day | E2: Hours | F2: Tasks | H2: Residential | I2: Zoe | J2: Day | K2: Hours | L2: Tasks
D3: Monday | E3: 12 | F3: Governance meeting & Deloitte committee meeting, Exec board meeting, revaluation meeting, catch up w/ Donna, Kamesha & Troy, Chairing TRM SGM, emailing and other personal admin | J3: Monday | K3: 0.2 | L3: tenancy magnets pick up, emails
D4: Tuesday | E4: 10.75 | F4: Council all day, emails, catch up w Stella and Troy, emails, emails & admin | J4: Tuesday | K4: 1 | L4: Council meeting, emails, tenancy case
D5: Wednesday | E5: 8 | F5: Emails, Council induction meetings, ANZAC day meeting, hatemail, emails, critic interview | J5: Wednesday
D6: Thursday | E6: 5.5 | F6: St paddy's meeting, emails, exec agenda w Donna, emails, affiliated clubs council | J6: Thursday | K6: 0.25 | L6: Picking up tenancy magnets from MBIE
D7: Friday | E7: 6.5 | F7: Emails, Writing quarter 1 report, Deloitte catch up, K&T catch up, Ri catch up, NDSA catch up | J7: Friday | K7: 2 | L7: Emails, tenancy case, media enquiry from ODT
D8: Saturday | J8: Saturday | K8: 2 | L8: Quarterly Report, renters united merch
D9: Sunday | E9: 0.5 | F9: Admin | J9: Sunday | K9: 5 | L9: Handing out pamphlets
E10: =SUM(E3:E9) -> 43.25 | K10: =SUM(K3:K9) -> 10.45
B12: Admin Vice President | C12: Kamesha | D12: Day | E12: Hours | F12: Tasks | H12: Postgraduate | I12: Fergus | J12: Day | K12: Hours | L12: Tasks
D13: Monday | E13: 6.5 | F13: Governance meeting & Deloitte committee meeting, Exec board meeting, catch up w/ Donna, Kamesha & Troy, meeting w adam currie re dennisoton ceildh planning | J13: Monday | K13: 5.5 | L13: Exec Board meeting, GRS Catch Up, Dan Delany meeting, SPS disolvancy, chat with Troy
D14: Tuesday | E14: 2.5 | F14: Lunch w council reps, AI stance planning w Hansisni, denniston planning | J14: Tuesday | K14: 1 | L14: Univeristy Council
D15: Wednesday | E15: 3 | F15: net zero carbon commitee meeting, chat w debbie, anzac day meeting, admin | J15: Wednesday
D16: Thursday | E16: 3 | F16: Admin + emails, chat w ingrid and jamie about tertiary open day, writing quaterly report, readings for monday board, brainstorm of election engagment ideas | J16: Thursday | K16: 0.5 | L16: Sorting emails and scheduling, organising quaterly report
D17: Friday | E17: 3 | F17: admin + oscheduling, chat w daniel + troy re extra OUSA reps, chatting update on critic drama, finialisng quaterly rept, | J17: Friday
D18: Saturday | E18: 1 | F18: reviving POLCOM admin, plan for forum | J18: Saturday
D19: Sunday | E19: 2 | F19: planning for the week ahed, notes ready for tuesday meeting + hums div board | J19: Sunday | K19: 2 | L19: Putting quartly report together, emails, sorting SP, AI stance thingy.
E20: =SUM(E13:E19) -> 21 | K20: =SUM(K13:K19) -> 9
B22: Finance and Strategy | C22: Troy | D22: Day | E22: Hours | F22: Tasks | H22: Clubs and Socs | I22: Ella | J22: Day | K22: Hours | L22: Tasks
D23: Monday | E23: 9 | F23: CEO Meeting, Board Meeting, Timetabling Committee, "Debreif" | J23: Monday | K23: 3 | L23: Admin, Q1 report, board meeting
D24: Tuesday | E24: 9 | F24: Letters for General Election, Finalising General Election Debate, Council Lunch | J24: Tuesday | K24: 4 | L24: Caroline meeting, Olivia meeting, Q1 report, emails and admin
D25: Wednesday | E25: 7.5 | F25: UUL, Web Transformation Readings, Web Transformation PSC, Anzac Day Prep | J25: Wednesday | K25: 1 | L25: Emails, club council prep
D26: Thursday | E26: 8.5 | F26: MOU writing, Deloitte Report Writing, Agenda preparing, Got us $2500 grant, Matt questions, Clubs Council, Reading SLT | J26: Thursday | K26: 4 | L26: Affiliated clubs council + prep
D27: Friday | E27: 4.5 | F27: Finishing the MOU, Deloitte Review Meeting, Begining my quaterly report, Chat w Mesha and Dan | J27: Friday | K27: 4 | L27: Process club council feedback w Caroline
D28: Saturday | E28: 2.5 | F28: Finishing quaterly report | J28: Saturday
D29: Sunday | E29: 2 | F29: Exec meeting readings | J29: Sunday | K29: 2 | L29: Club affliliation prep for meeting
E30: =SUM(E23:E29) -> 43 | K30: =SUM(K23:K29) -> 18
B32: Academic | C32: Hansini | D32: Day | E32: Hours | F32: Tasks | H32: International | I32: Irfaan | J32: Day | K32: Hours | L32: Tasks
D33: Monday | E33: 7 | F33: Reading Meeting Pack + Board Meeting + MBus Consultation + RELS Paper Proposal Feedback + Meeting with Russell re: AI Policy | J33: Monday | K33: 3 | L33: Emails, reading meeting minutes for HSIC prep, and read to prepare for Executive Board Meeting
D34: Tuesday | E34: 5 | F34: AI Stance Planning w/ Kamesha + Lunch with UC + Paper Proposals and Consultation + Survey | J34: Tuesday | K34: 2 | L34: Meetings with OISA (Prep for year) and MUSA (Betterment Workshop)
D35: Wednesday | E35: 4 | F35: Emails + Admin + Started Quarterly Report + Even more paper proposals yay | J35: Wednesday | K35: 2 | L35: Admin, Emails, Executive Board Meeting
D36: Thursday | E36: 5 | F36: Meeting with Alice La Rooy + Reading the Digital Learning Programme Report files and research + Emails + Admin + MORE PAPERS PROPOSED | J36: Thursday | K36: 3.5 | L36: HSIC meeting, work on Quarterly report, Clubs and Socs Affiliated Clubs meeting
D37: Friday | J37: Friday | K37: 2.5 | L37: Work on Quarterly report and completed it, meeting with OAR Arina Aizal on Podcast restarting
D38: Saturday | J38: Saturday
D39: Sunday | J39: Sunday
E40: =SUM(E33:E39) -> 21 | K40: =SUM(K33:K39) -> 13
B42: Welfare and Equity | C42: Rihana | D42: Day | E42: Hours | F42: Tasks | H42: Political | I42: Flynn | J42: Day | K42: Hours | L42: Tasks
D43: Monday | E43: 1 | F43: EAC meeting | J43: Monday | K43: 1.5 | L43: Board meeting
D44: Tuesday | F44: OUT SICK | J44: Tuesday | K44: 4.5 | L44: general election letters, POSTER, by-election questions, organising crim event, paddles
D45: Wednesday | F45: OUT SICK | J45: Wednesday | K45: 5 | L45: Parmjeet Parmar, feedback station + poster (ages)
D46: Thursday | E46: 2 | F46: Meeting with Liam Melvin more policy drafting | J46: Thursday | K46: 3 | L46: Debate emails + invites, university union meeting, LOST PROPERTY VIDEO FOR UNI
D47: Friday | E47: 5 | F47: Catch up w/ Daniel for DR, meeting with NDSA, meeting with Jo Oranje, catch up on emails | J47: Friday | K47: 1 | L47: emails, election and policy research, crim event planning
D48: Saturday | E48: 3.5 | F48: Writting up quarterly report, writitng speach for Human Library | J48: Saturday
D49: Sunday | J49: Sunday | K49: 0.75 | L49: Readings for meeting on Monday + general election plan writeup
E50: =SUM(E43:E49) -> 11.5 | K50: =SUM(K43:K49) -> 15.75

Sheet MAR 16 - 22
B2: President | C2: Daniel | D2: Day | E2: Hours | F2: Tasks | H2: Residential | I2: Zoe | J2: Day | K2: Hours | L2: Tasks
D3: Monday | E3: 9.5 | F3: Finishing Quarter report, emails, Debbie catch up, Exec meeting, Fran, COO catch up, Open day chat, WG on Uni naming, Gina long catch up, emails | J3: Monday | K3: 1.5 | L3: exec meeting, emails
D4: Tuesday | E4: 8 | F4: St paddys BBQ & media, Deloitte committee catch up | J4: Tuesday | K4: 3 | L4: tenancy case, healthy homes research, flat fest planning
D5: Wednesday | E5: 7 | F5: Protest guidelines meeting, emails, critic stuff again, UCSA Governance discussion, TRM catch up, catch up w Kamesha and Troy | J5: Wednesday | K5: 4 | L5: flat fest finalising, emails, Rhi's DEI proposal, pamphlet drop to Community Law
D6: Thursday | E6: 7 | F6: Emails, Flat fest, column writing, catch up with Kamesha + Troy | J6: Thursday | K6: 5 | L6: flat fest
D7: Friday | E7: 8.5 | F7: Emails, PAC, Presidents' Conference day 1, chat to Troy, catch up w Flynn, catch up w Donna | J7: Friday
D8: Saturday | E8: 4.5 | F8: Emails, Board agenda, Conference day 2 | J8: Saturday
D9: Sunday | E9: 5 | F9: Day 3 | J9: Sunday | K9: 0.5 | L9: meeting readings
E10: =SUM(E3:E9) -> 49.5 | K10: =SUM(K3:K9) -> 14
B12: Admin Vice President | C12: Kamesha | D12: Day | E12: Hours | F12: Tasks | H12: Postgraduate | I12: Fergus | J12: Day | K12: Hours | L12: Tasks
D13: Monday | E13: 4.5 | F13: Morning admin, Exec Meeting, chatting open-day w marketing, meeting w Ingrid/Events about denniston, redoing forms, POLCOM work | J13: Monday | K13: 3 | L13: Exec meeting, emails and admin, SPS still, quarterly report
D14: Tuesday | E14: 4 | F14: Deloitte Commitee Catch Up, AI stance work, readings and prep for div board meeting thoughts, brief catch up w hanna | J14: Tuesday | K14: 1 | L14: Organising final SPS matters
D15: Wednesday | E15: 7.5 | F15: Protest Guidlines meeting, Catch up with Gina mind blown, deloitte catch up and work with troy, admin and workshopping critic stuff w daniel, admin to completly rework POLCOM 4 the year big stuff whoop | J15: Wednesday | K15: 2 | L15: Closing Booking an apointment to close SPS bank account, emails
D16: Thursday | E16: 7 | F16: admin + emails, Flat Fest, sending out polcom stuff, catch up with Flynn, catch up w Ella about clubs and socs stuff and policy around that | J16: Thursday | K16: 2 | L16: Flat fest, emails and admin
D17: Friday | F17: away | J17: Friday
D18: Saturday | F18: away | J18: Saturday
D19: Sunday | E19: 1 | F19: reading + prep | J19: Sunday
E20: =SUM(E13:E19) -> 24 | K20: =SUM(K13:K19) -> 8
B22: Finance and Strategy | C22: Troy | D22: Day | E22: Hours | F22: Tasks | H22: Clubs and Socs | I22: Ella | J22: Day | K22: Hours | L22: Tasks
D23: Monday | E23: 6.5 | F23: Exec Meeting, Debbie Chat, MOU payments, TiB chats, FESC Minute | J23: Monday | K23: 1 | L23: exec meeting
D24: Tuesday | E24: 4 | F24: Deloitte Committee, Deloitte work, Flat Fest Planinng | J24: Tuesday | K24: 6.5 | L24: St Patrick's BBQ, Meeting with caroline, olivia, shannon at OUSA clubs and socs. Emails, administration. processing feedback from affililated clubs council. content creation for C&S recreation (pottery)
D25: Wednesday | E25: 8 | F25: Deloitte work, Chat w Mukesh about Holdings, Matt, Helping Donna, Former AVP catch up, Constitution Reading, SGM and Minute Reading for campaigns. Chat w Daniel and Kamesha, Crim Soc Meeting, Protest Guidlines | J25: Wednesday | K25: 2 | L25: attend HSOC event
D26: Thursday | E26: 8 | F26: Flat Fest, Deloitte, Grants reading P1 | J26: Thursday | K26: 3 | L26: Meeting with Kamesha, administration, sorting through feedback still
D27: Friday | E27: 5.5 | F27: PAC, Meeting w Steve, Meeting with the Mayor, PAC minutes, Chat w Dan, Chat w Flynn | J27: Friday | K27: 1 | L27: Check in with Caroline
D28: Saturday | E28: 1.5 | F28: Grant Readings P2 | J28: Saturday
D29: Sunday | E29: 1 | F29: Board Readings | J29: Sunday | K29: 3 | L29: Administration, affiliated clubs council paper work, board pro reading, club affiliation paper work
E30: =SUM(E23:E29) -> 34.5 | K30: =SUM(K23:K29) -> 16.5
B32: Academic | C32: Hansini | D32: Day | E32: Hours | F32: Tasks | H32: International | I32: Irfaan | J32: Day | K32: Hours | L32: Tasks
D33: Monday | E33: 6.5 | F33: Finishing Q1 Report, Emails, Faculty Rep Programme Launch finally up and running YAY! Prep & readings for DSAB meeting, the actual DSAB meeting, Investment dual paper consult | J33: Monday | K33: 4 | L33: Exec meeting, emails and admin; NZISA Reps council meeting
D34: Tuesday | E34: 5 | F34: ST PADDYS BBQ YAYAYAYA, paper proposals not so yay, more work around AI stuff yaps with Russsel | J34: Tuesday | K34: 3 | L34: Exec barbeque, responding to admin and emails, brief on Otago Chaplaincy ahead of 19 March meeting
D35: Wednesday | E35: 5 | F35: Every admin ever this week Academic Committee Agenda minor consults + Prep notes for talking with James | J35: Wednesday
D36: Thursday | E36: 4 | F36: Meeting with James DVC-A, More AI work free us | J36: Thursday | K36: 2 | L36: OISA Executive Meeting with Adlina to plan for OISA Meet and Greet
D37: Friday | E37: 3.5 | F37: DLE readings for advisoru opinion about Brightspace | J37: Friday
D38: Saturday | J38: Saturday
D39: Sunday | J39: Sunday | K39: 2 | L39: Invitation from the Pakistani Community of Otago to attend the eid event.
E40: =SUM(E33:E39) -> 24 | K40: =SUM(K33:K39) -> 11
B42: Welfare and Equity | C42: Rihana | D42: Day | E42: Hours | F42: Tasks | H42: Political | I42: Flynn | J42: Day | K42: Hours | L42: Tasks
D43: Monday | E43: 3 | F43: Writing Quarterly Report, exec meetig | J43: Monday | K43: 1.5 | L43: Exec meeting
D44: Tuesday | E44: 7 | F44: St paddys bbq, Clinical Governance meeting, Student Health Focus Group, Sexual Harm Committee | J44: Tuesday
D45: Wednesday | E45: 2 | F45: Meeting with Disabilities office about ODSA, checking emails | J45: Wednesday | K45: 3 | L45: Criminology Society meeting, crim event planning, enrolment stall planning
D46: Thursday | E46: 1 | F46: Meeting with Amy about HIV testing vending machines | J46: Thursday | K46: 1 | L46: emails, enrolment roster
D47: Friday | E47: 3 | F47: Te Whare Tawharau meeting, Scholars at Risk Chat | J47: Friday | K47: 6 | L47: Meeting with Steve, PAC meeting, Sophie Barker meeting, Deniel
D48: Saturday | E48: 4 | F48: Welfare Committee chats , writting up Human Library speech, chatching up on emails | J48: Saturday
D49: Sunday | J49: Sunday | K49: 2 | L49: Readings, by-election planning
E50: =SUM(E43:E49) -> 20 | K50: =SUM(K43:K49) -> 13.5

Sheet MAR 23 - 29
B2: President | C2: Daniel | D2: Day | E2: Hours | F2: Tasks | H2: Residential | I2: Zoe | J2: Day | K2: Hours | L2: Tasks
D3: Monday | E3: 8.5 | F3: Emails, Debbie catch up, admin, Exec Board meeting, Lunch w Gina and co, emails, critic stuff | J3: Monday
D4: Tuesday | E4: 8.5 | F4: Emails, grants panel, campus masterplan consultation, catch up w Ella & kamesha, women's safety meeting, Debbie catch up, Troy catch up, chat w Matt | J4: Tuesday | K4: 0.5 | L4: emails and admin, organising meetings
D5: Wednesday | E5: 8.5 | F5: Emails, recording a video part, random admin activities, welfare committee, covering market day, PolCom, reading quarter reports, admin w Kamesha | J5: Wednesday
D6: Thursday | E6: 9 | F6: Emails, council readings, voter enrolment & campus masterplan in the link, emails, admin, and chats, Hybrid | J6: Thursday
D7: Friday | E7: 9.25 | F7: Emails, Debbie & Gina catch up, admin w/ Kamesha, Council committee, catch up w/ Adam, critic catch up, mentor catch up, scholarship evening | J7: Friday | K7: 2 | L7: reading quarterly reports, meeting readings
D8: Saturday | J8: Saturday | K8: 4 | L8: admin, green sticker system initial write up, emailing residential committee contacts
D9: Sunday | E9: 0.5 | F9: Admin | J9: Sunday | K9: 1.5 | L9: handing out pamphlets
E10: =SUM(E3:E9) -> 44.25 | K10: =SUM(K3:K9) -> 8
B12: Admin Vice President | C12: Kamesha | D12: Day | E12: Hours | F12: Tasks | H12: Postgraduate | I12: Fergus | J12: Day | K12: Hours | L12: Tasks
D14: Monday | E14: 6 | F14: office admin, exec meeting, emails, pre polcom work and meetings, lunch w Gina and co | J14: Monday
D15: Tuesday | E15: 6 | F15: office admin, student club outreach, meeting w Stephen Willis, call w adam, catch up w hanna | J15: Tuesday | K15: 3 | L15: Reviewing ethics committee proposals, admin, emails
D16: Wednesday | E16: 5 | F16: morning admin, POLCOM, chat w donna re admin, admin w daniel, reading qtr reports | J16: Wednesday | K16: 4 | L16: Senate meeting, ethic review, admin, chats with Daniel and Kamesha, sorting meeting dates
D17: Thursday | E17: 3 | F17: campus masterplan stuff in hunter centre and auahi ora, meeting w TiB | J17: Thursday | K17: 6 | L17: Ethics commitee, emails, HYBRID
D18: Friday | E18: 4 | F18: admin w daniel, policy work, finishing reading of quaterly repts, meeting w critic | J18: Friday | K18: 2.5 | L18: Quiz & Queens
D19: Saturday | J19: Saturday
D20: Sunday | E20: 2 | F20: reading, prep and admin for week ahed | J20: Sunday
E21: 26 | K21: =SUM(K14:K20) -> 15.5
B23: Finance and Strategy | C23: Troy | D23: Day | E23: Hours | F23: Tasks | H23: Clubs and Socs | I23: Ella | J23: Day | K23: Hours | L23: Tasks
D24: Monday | E24: 7.5 | F24: Board Meeting, Catch up w/Gina, Shit ton of admin and emails, First ANZAC letters, Catch up w/Donna, | J24: Monday
D25: Tuesday | E25: 8 | F25: Grants Panel, S4P, TRM Visit, Debbie catch up, Telling off, Hybrid, | J25: Tuesday | K25: 7 | L25: Grants panel, meeting with shannon, administration and prep for events/fundraising guide, TWT meeting re:clubs
D26: Wednesday | E26: 7 | F26: POLCOM, Policy Reading, FESC Minutes, FESC Agenda, Reporting, Catch up w Matt, Market Day | J26: Wednesday | K26: 1.5 | L26: Human library!
D27: Thursday | E27: 2.5 | F27: Campus Masterplan, Voter enrolment, | J27: Thursday | K27: 4 | L27: Editing/filming TiB spotlight video, Hybrid prep, administration/reading
D28: Friday | E28: 3 | F28: Referendum/Political Work, Emails, Liz voicing her concerns, Welfare chat with Rihana | J28: Friday | L28: Meeting with Rihana! <3 was sick :(
D29: Saturday | E29: 8 | F29: Quaterly Reports, Code of Conduct Writing, Peace Garden | J29: Saturday
D30: Sunday | E30: 2 | F30: Readings for club affilations | J30: Sunday
E31: =SUM(E24:E30) -> 38 | K31: =SUM(K24:K30) -> 12.5
B33: Academic | C33: Hansini | D33: Day | E33: Hours | F33: Tasks | H33: International | I33: Irfaan | J33: Day | K33: Hours | L33: Tasks
D34: Monday | E34: 5.5 | F34: Meeting w/ Leda and Payton + Finalising Faculty Reps + Reinvigorating AC as AI Steering Committee work w/ Payton + Pre Exec Meeting Readings and Prep + Exec Meeting | J34: Monday
D35: Tuesday | E35: 4.5 | F35: DLE PSC Meeting Pack prep + DLE Meeting + Paper Proposals + More admin emails + Work w/ Tim and James re AI in Assessment Policy new sub committee formed | J35: Tuesday
D36: Wednesday | E36: 6 | F36: Senate meeting prep + DLA Meeting Prep + Senate Meeting + DLA Meeting + Admin + Emails + Prep for Breakfast Interview w Zac | J36: Wednesday | K36: 4 | L36: Emails, International Meet & Greet, Market Day
D37: Thursday | E37: 5 | F37: Paper Proposals + CALT meeting preparation + CALT meeting + Emails + HYBRID workshop | J37: Thursday | K37: 3 | L37: HYBRID, Email to Jason over meningoccocal vaccination and outbreak, discussion with Rihanna on MUSA.
D38: Friday | E38: 2 | F38: Emails I should have done yesterday and those paper prosposals | J38: Friday | K38: 1 | L38: Prep with OISA/MUSA for Eid Al-Fitr event
D39: Saturday | J39: Saturday | K39: 3 | L39: OISA/MUSA Event co-organisation, emails.
D40: Sunday | J40: Sunday
E41: =SUM(E34:E40) -> 23 | K41: =SUM(K34:K40) -> 11
B43: Welfare and Equity | C43: Rihana | D43: Day | E43: Hours | F43: Tasks | H43: Political | I43: Flynn | J43: Day | K43: Hours | L43: Tasks
D44: Monday | E44: 0.5 | F44: Checking emails | J44: Monday | K44: 3 | L44: Board meeting, emails + planning
D45: Tuesday | E45: 2 | F45: Checking emails, preping for welfare committee | J45: Tuesday | K45: f | L45: Staff for Palestine meeting, mentor meeting, speaking at POLSA meeting
D46: Wednesday | E46: 5.5 | F46: Welfare Comittee, writing up mins, planing TiB sexual harm response questionair, human library | J46: Wednesday | K46: 4.5 | L46: Council submission, confirming voting booths, market day stall, POLCOM
D47: Thursday | E47: 3 | F47: Meeting with disability office, meeting with Liam Melivn, replanning Disability rep | J47: Thursday | L47: Critic interview, voter enrolments, leaving
D48: Friday | E48: 8 | F48: Writing questions for MUSA Betterment event, meeting with MUSA over Club welfare issues, helping with Queen and Quiz, ODSA multicultural night | J48: Friday
D49: Saturday | E49: 3 | F49: Cleaning peace garden | J49: Saturday
D50: Sunday | J50: Sunday
E51: =SUM(E44:E50) -> 22 | K51: =SUM(K44:K50) -> 7.5

Sheet MAR 30 - APR 5
B2: President | C2: Daniel | D2: Day | E2: Hours | F2: Tasks | H2: Residential | I2: Zoe | J2: Day | K2: Hours | L2: Tasks
D3: Monday | E3: 8.5 | F3: Admin w Donna, Exec meeting, Rachel Brooking catch up, Uni signage and wayfinding project meeting, Code of conduct meeting, critic videoing, Debbie catch up, emails | J3: Monday | K3: 2 | L3: exec meeting, emails
D4: Tuesday | E4: 8.5 | F4: Emails, Deloitte Committee, admin, campus masterplan engagement w Rihana, critic stuff, emails | J4: Tuesday
D5: Wednesday | E5: 8.5 | F5: Emails and readings, FESC, Kamesha catch up, long TRM x UOPISA catch up, emails and organising | J5: Wednesday | K5: 2.5 | L5: DCC Spatial Plan meeting, admin
D6: Thursday | E6: 9 | F6: Fuel crisis WG, Emails, chat to Debbie & Donna, Governance review work, Paid placements NZ Presidents work, Council AI governance training | J6: Thursday | K6: 2.5 | L6: Catch up / Kamesha, Monthly Senior Warden catch up
D7: Friday | E7: 1.5 | F7: More council training online, emails | J7: Friday | K7: 0.5 | L7: emails
D8: Saturday | F8: AWAY | J8: Saturday
D9: Sunday | F9: AWAY | J9: Sunday | K9: 1.5 | L9: readings
E10: =SUM(E3:E9) -> 36 | K10: =SUM(K3:K9) -> 9
B12: Admin Vice President | C12: Kamesha | D12: Day | E12: Hours | F12: Tasks | H12: Postgraduate | I12: Fergus | J12: Day | K12: Hours | L12: Tasks
D13: Monday | E13: 4 | F13: coffee w Fergus, admin, Exec Meeting, Conduct Meeting w Daniel | J13: Monday | K13: 4 | L13: Coffee with Kamesha, emails, exec meeting, general admin
D14: Tuesday | E14: 3.5 | F14: Deloitte Commitee Meeting, Chatting Financial landscape of OUSA w Matt, paper proposal feedback | J14: Tuesday | K14: 1 | L14: GRS Meeting, admin, etc
D15: Wednesday | E15: 5 | F15: FESC, writing critic collumn, minute tidying and policy work and more bloody admin | J15: Wednesday | K15: 3 | L15: SPS Bank account, Dan meeting
D16: Thursday | E16: 4.5 | F16: Morning admin, website stuff, Catch up w Zoe, paper proposal feedback and HUMS div board prep. | J16: Thursday | K16: 1 | L16: Emails, admin, chat with Daniel
D18: Friday | F18: reading, governance research | J18: Friday
D19: Saturday | J19: Saturday
D20: Sunday | J20: Sunday
E21: =SUM(E13:E20) -> 17 | K21: =SUM(K13:K20) -> 9
B23: Finance and Strategy | C23: Troy | D23: Day | E23: Hours | F23: Tasks | H23: Clubs and Socs | I23: Ella | J23: Day | K23: Hours | L23: Tasks
D24: Monday | E24: 6.5 | F24: Executive Meeting, ANZAC Letters, Chat w/Matt, FESC Prep, NDSA conversation with Rihana, POLCOM Minute tidying | J24: Monday | K24: 4 | L24: exec meeting, emails
D25: Tuesday | E25: 5 | F25: Deloitte, Fairleigh, Mukesh Catch up, HOTYF & TiB | J25: Tuesday | K25: 6 | L25: Meeting with caroline, meeting with shannon, meeting with olivia, video editing, video project planning filming for OUSA recreation program
D26: Wednesday | E26: 6.5 | F26: FESC, Governance Reading and Notes, Chat w the Governor, | J26: Wednesday | K26: 2 | L26: video project planning
D27: Thursday | E27: 3 | F27: Leisurly Governance Reading and Research, Adjusting minutes for FESC, | J27: Thursday
D28: Friday | F28: AWAY | J28: Friday | L28: HAPPY EASTER YAYYYYYY
D29: Saturday | F29: AWAY | J29: Saturday
D30: Sunday | F30: AWAY | J30: Sunday
E31: =SUM(E24:E30) -> 21 | K31: =SUM(K24:K30) -> 12
B33: Academic | C33: Hansini | D33: Day | E33: Hours | F33: Tasks | H33: International | I33: Irfaan | J33: Day | K33: Hours | L33: Tasks
D34: Monday | E34: 6 | F34: Admin + Readings 4 Exec Meeting + Exec Meeting + Talk with Harry/Critic about Lecture Recs + Paper Proposal | J34: Monday | K34: 4 | L34: Visit to Puketeraki Marae and subsequent meeting with Adlina to discuss post-mortem of Eid event
D35: Tuesday | E35: 4 | F35: Prep with Leo for Sciences Div Board + Snooping on the PANW situation with Comp Scis | J35: Tuesday | K35: 2 | L35: Going through Putea Tautoko relief fund draft guidance & sending out email on housing situation
D36: Wednesday | E36: 5.5 | F36: Proposals + Emails + Admin | J36: Wednesday
D37: Thursday | E37: 4 | F37: Standing Committee of the Sciences Div Meeting | J37: Thursday
D38: Friday | E38: 2 | F38: GOOD FRIDAYYYY + Finishing up some comms with staff left over from last half | J38: Friday | K38: 2 | L38: Interview with Arina Aizal on OISA, OUSA International work
D39: Saturday | J39: Saturday
D40: Sunday | J40: Sunday
E41: =SUM(E34:E40) -> 21.5 | K41: =SUM(K34:K40) -> 8
B43: Welfare and Equity | C43: Rihana | D43: Day | E43: Hours | F43: Tasks | H43: Political | I43: Flynn | J43: Day | K43: Hours | L43: Tasks
D44: Monday | E44: 4 | F44: Executive Meeting, Meeting with Troy, ODSA meeting w/ Liam Melvin & Nikita, TiB | J44: Monday | K44: 1 | L44: Exec meeting
D45: Tuesday | E45: 5 | F45: Meeting with Zoe, Campus master plan, Te Whare Tawharau, Scholars at Risk Committee, Meeting what Maori prez for DEI | J45: Tuesday
D46: Wednesday | E46: 1 | F46: Checking emails and catchup | J46: Wednesday
D47: Thursday | F47: OUT | J47: Thursday
D48: Friday | E48: 6 | F48: NDSA LEARNING HUI | J48: Friday
D49: Saturday | E49: 9 | F49: NDSA LEARNING HUI | J49: Saturday
D50: Sunday | E50: 9 | F50: NDSA LEARNING HUI | J50: Sunday
E51: =SUM(E44:E50) -> 34 | K51: =SUM(K44:K50) -> 1

Sheet APR 6 - 12
B2: President | C2: Daniel | D2: Day | E2: Hours | F2: Tasks | H2: Residential | I2: Zoe | J2: Day | K2: Hours | L2: Tasks
D3: Monday | J3: Monday
D4: Tuesday | E4: 1 | F4: Media admin | J4: Tuesday
D5: Wednesday | J5: Wednesday
D6: Thursday | E6: 0.5 | F6: emails | J6: Thursday
D7: Friday | E7: 1 | F7: Emails, catch up on stuff happening | J7: Friday
D8: Saturday | J8: Saturday
D9: Sunday | E9: 3 | F9: Emails from the week | J9: Sunday | K9: 1.5 | L9: readings
E10: =SUM(E3:E9) -> 5.5 | K10: =SUM(K3:K9) -> 1.5
B12: Admin Vice President | C12: Kamesha | D12: Day | E12: Hours | F12: Tasks | H12: Postgraduate | I12: Fergus | J12: Day | K12: Hours | L12: Tasks
D13: Monday | J13: Monday
D14: Tuesday | J14: Tuesday
D15: Wednesday | J15: Wednesday
D16: Thursday | J16: Thursday
D17: Friday | J17: Friday
D18: Saturday | J18: Saturday
D19: Sunday | E19: 3 | F19: readings | J19: Sunday
E20: =SUM(E13:E19) -> 3 | K20: =SUM(K13:K19) -> 0
B22: Finance and Strategy | C22: Troy | D22: Day | E22: Hours | F22: Tasks | H22: Clubs and Socs | I22: Ella | J22: Day | K22: Hours | L22: Tasks
D23: Monday | J23: Monday
D24: Tuesday | J24: Tuesday
D25: Wednesday | E25: 3 | F25: Governance Study | J25: Wednesday
D26: Thursday | E26: 3.5 | F26: Emailing and Admin Catch up+ Committee readings for Timetabling | J26: Thursday
D27: Friday | J27: Friday | K27: 4 | L27: Emails, administration, planning video event
D28: Saturday | E28: 2.5 | F28: Readings | J28: Saturday
D29: Sunday | J29: Sunday | K29: 4 | L29: pre grants panel meeting, board meeting prep, club affiliations paper work
E30: =SUM(E23:E29) -> 9 | K30: =SUM(K23:K29) -> 8
B32: Academic | C32: Hansini | D32: Day | E32: Hours | F32: Tasks | H32: International | I32: Irfaan | J32: Day | K32: Hours | L32: Tasks
D33: Monday | J33: Monday
D34: Tuesday | J34: Tuesday
D35: Wednesday | J35: Wednesday
D36: Thursday | J36: Thursday | K36: 2 | L36: Interview with Arina and Dr Najib Lafraie on Muslim Chaplaincy conversations show. Spoke about OUSA and support for international student.
D37: Friday | J37: Friday
D38: Saturday | J38: Saturday
D39: Sunday | J39: Sunday
E40: =SUM(E33:E39) -> 0 | K40: =SUM(K33:K39) -> 2
B42: Welfare and Equity | C42: Rihana | D42: Day | E42: Hours | F42: Tasks | H42: Political | I42: Flynn | J42: Day | K42: Hours | L42: Tasks
D43: Monday | J43: Monday
D44: Tuesday | J44: Tuesday | K44: 2 | L44: By election planning, emails
D45: Wednesday | J45: Wednesday
D46: Thursday | J46: Thursday
D47: Friday | E47: 6 | F47: NDSA LEARNING HUI | J47: Friday
D48: Saturday | E48: 9 | F48: NDSA LEARNING HUI | J48: Saturday
D49: Sunday | E49: 9 | F49: NDSA LEARNING HUI | J49: Sunday
E50: =SUM(E43:E49) -> 24 | K50: =SUM(K43:K49) -> 2

Sheet APR 13 - 19
B2: President | C2: Daniel | D2: Day | E2: Hours | F2: Tasks | H2: Residential | I2: Zoe | J2: Day | K2: Hours | L2: Tasks
D3: Monday | E3: 9 | F3: chats, emails, Debbie catch up, Board meeting, Governance model works, scheduling, readings, Thursdays in Black meeting, admin stuff w/ Donna, lots more governance model stuff | J3: Monday | K3: 4.5 | L3: board meeting, DCC spatial plan survey feedback, flatting talks scheduling
D4: Tuesday | E4: 9.5 | F4: Fuel crisis response WG, Call w/ UCSA, Campus development meeting, emails, chats, finishing more governance model stuff, bugging critic re announcements, Meeting w/ VC, more emails and admin | J4: Tuesday | K4: 1 | L4: Rachel Brooking meeting
D5: Wednesday | E5: 9 | F5: Byelection debate and set up, Te pou whirinaki opening, Putea Tautoko hardship fund meeting, Deloitte review committee + catch up w/ Paul, emails | J5: Wednesday | K5: 0.5 | L5: pamphlet drop off for halls
D6: Thursday | E6: 8 | F6: Emails, good chat to Donna, drafting ANZAC Day speech, Code of conduct discussions, Jo Orange catch up, more emails & reading | J6: Thursday
D7: Friday | E7: 7 | F7: Emails, readings, 2 x calls w/ holdings directors, call w Gina, | J7: Friday | K7: 1 | L7: MBIE enquiry
D8: Saturday | E8: 1.5 | F8: Hyde media | J8: Saturday
D9: Sunday | E9: 2.5 | F9: Emails & prep for the week | J9: Sunday | K9: 1 | L9: Readings, emails
E10: =SUM(E3:E9) -> 46.5 | K10: =SUM(K3:K9) -> 8
B12: Admin Vice President | C12: Kamesha | D12: Day | E12: Hours | F12: Tasks | H12: Postgraduate | I12: Fergus | J12: Day | K12: Hours | L12: Tasks
D13: Monday | E13: 3.5 | F13: morning admin starting back up after easter, board meeting, governance ideas research | J13: Monday | K13: 1.5 | L13: Board Meeting
D14: Tuesday | J14: Tuesday
D15: Wednesday | E15: 4 | F15: by election debate, deloitte commitee meeting | J15: Wednesday | K15: 3.5 | L15: Byelection debate, Putea Tautoko meeting, academic committee, emails etc
D16: Thursday | E16: 4.5 | F16: VCSSAG, admin, meeting readings, catch up w ella | J16: Thursday
D17: Friday | E17: 5 | F17: office work, admin w daniel, catch up w hansini, website admin, deloitte commitee brainstorm | J17: Friday
D18: Saturday | J18: Saturday
D19: Sunday | E19: 4 | F19: reading, prep for board meeting, deloitte commitee work | J19: Sunday
E20: =SUM(E13:E19) -> 21 | K20: =SUM(K13:K19) -> 5
B22: Finance and Strategy | C22: Troy | D22: Day | E22: Hours | F22: Tasks | H22: Clubs and Socs | I22: Ella | J22: Day | K22: Hours | L22: Tasks
D23: Monday | E23: 5 | F23: Board Meeting, Pamphleting, Timetabling Committee, Governance Work, Donna questions | J23: Monday | K23: 2 | L23: Board meeting, admin
D24: Tuesday | E24: 3.5 | F24: Grants Panel, Final By Election Planning, Readings Timetabling Minutes | J24: Tuesday | K24: 1 | L24: Grants panel
D25: Wednesday | E25: 5.5 | F25: by election debate, deloitte commitee meeting, Putea Fund Meeting | J25: Wednesday | K25: 3 | L25: Emails, writing social media post for C&S, attended by election debate
D26: Thursday | E26: 4.5 | F26: VCSSAG, Chat with Rihana, Planning Crim event chats, Chat w TiB | J26: Thursday | K26: 6 | L26: Meeting with Rihana, meeting with Earth day activation leaders, club affiliations paper work, Hsoc/Clasoc/Anthsoc pub quiz
D27: Friday | E27: 5 | F27: Meeting with Miles, Chat w Flynn & Donna about what the exec is, Catch up w Matt around finance, ŌRU Chat | J27: Friday | K27: 3 | L27: Meeting with Troy and Zoe re ŌRU, meeting with caroline, admin
D28: Saturday | E28: 3 | F28: Readings for Board, Deloitte Proposal Thingy, | J28: Saturday
D29: Sunday | J29: Sunday
E30: =SUM(E23:E29) -> 26.5 | K30: =SUM(K23:K29) -> 15
B32: Academic | C32: Hansini | D32: Day | E32: Hours | F32: Tasks | H32: International | I32: Irfaan | J32: Day | K32: Hours | L32: Tasks
D33: Monday | E33: 5.5 | F33: Readings for board meeting + Board Meeting + Landslide of E-mails first day back | J33: Monday | K33: 4 | L33: Prep for board meeting, then Executive Board Meeting, catch up with Adlina on phone to discuss meeting and upcoming meeting for Ball planning
D34: Tuesday | E34: 4 | F34: More emails + Spanish and PPE proposals + UAC readings and prep | J34: Tuesday | K34: 3 | L34: Made Mentimenter for MUSA Betterment Workshop
D35: Wednesday | E35: 4.5 | F35: UAC + AC agenda making + AI Literacy Working Group work w/ Ammar | J35: Wednesday | K35: 2 | L35: Putea Tautoko Hardship Fund Meeting, other Admin and Emails
D36: Thursday | J36: Thursday | K36: 2 | L36: OISA meeting, admin, and ISRMG Followup meeting to discuss accomodation for international students
D37: Friday | J37: Friday
D38: Saturday | J38: Saturday | K38: 4 | L38: MUSA Betterment Workshop, 1-5 pm at Gazebo Lounge
D39: Sunday | J39: Sunday
E40: =SUM(E33:E39) -> 14 | K40: =SUM(K33:K39) -> 15
B42: Welfare and Equity | C42: Rihana | D42: Day | E42: Hours | F42: Tasks | H42: Political | I42: Flynn | J42: Day | K42: Hours | L42: Tasks
D43: Monday | E43: 7 | F43: NDSA HUI last day + seprate meeting ab equity roles w/ Waikato DSA prez | J43: Monday | K43: 1 | L43: By-election planning
D44: Tuesday | E44: 6 | F44: Finalised workshop details with irfaan, catchup on emails, talked with Donna around SGM for Disability rep, drafting job duties for disablitiy rep, HUMS information event | J44: Tuesday | K44: 3 | L44: By-election planning
D45: Wednesday | E45: 3 | F45: by election debate, Putea Tautoko meeting, academic committee | J45: Wednesday | K45: 6 | L45: By-election debate, reading facebook comments about how i'm a bully boy and sexist
D46: Thursday | E46: 3 | F46: Meeting with Ella for Welfare for clubs pack, Meeting with Troy ab equity group pathways in Med, emails | J46: Thursday | K46: 4 | L46: Admin, social media, planning for crim event & enrolments, comms for GE debate
D47: Friday | E47: 2 | F47: Shopping for workshop, meeting with Jo Orangie | J47: Friday | K47: 1 | L47: Admin
D48: Saturday | E48: 4 | F48: MUSA Betterment Workshop | J48: Saturday
D49: Sunday | J49: Sunday
E50: =SUM(E43:E49) -> 25 | K50: =SUM(K43:K49) -> 15

Sheet APR 20 - 26
B2: President | C2: Daniel | D2: Day | E2: Hours | F2: Tasks | H2: Residential | I2: Zoe | J2: Day | K2: Hours | L2: Tasks
D3: Monday | E3: 11 | F3: Emails, Debbie meeting, Catch up w/ Donna, long exec meeting, admin, chat to Ingrid, emails, COC stuff meeting again, ANZAC day speech writing, more admin stuff + responding to fb trolls lol | J3: Monday | K3: 3 | L3: Exec meeting, ODT enquiry, emails
D4: Tuesday | E4: 10 | F4: Emails & chats, deloitte review Comm, CoC meeting, Council committee meeting, Uni appeals intro meeting, more speech writing (finally finished I hope), more emails & chat to Donna & Ella | J4: Tuesday
D5: Wednesday | E5: 9.5 | F5: Emails, readings x 2, Council committee meeting, email replies, Tim cooper catch up, chat to donna & kamesha, call w Amit from Holdings, emails | J5: Wednesday
D6: Thursday | E6: 8 | F6: Marketing meeting, Appeals process review meeting, ANZAC day walkthru w/ Donna, Emails, shit talking the univeristy a lot, Claire Gallop meeting, more admin, emails and stuff | J6: Thursday | K6: 2.5 | L6: Radio 1 show, PSC meeting,
D7: Friday | E7: 8.5 | F7: Emails (lots), deloitte work, Debbie & Gina catch up, call w/ paul, chats to exec about everything, getting wreaths w/ donna, uni comms palo alto wrangling, admin & emails again | J7: Friday | K7: 2 | L7: Ella catch up re: ŌRU, catch up / Troy
D8: Saturday | E8: 8.5 | F8: ANZAC Day services x 2 + start of council readings | J8: Saturday | K8: 5 | L8: Anzac service
D9: Sunday | E9: 0.5 | F9: Admin catch up | J9: Sunday | K9: 1.5 | L9: Student case meeting
E10: =SUM(E3:E9) -> 56 | K10: =SUM(K3:K9) -> 14
B12: Admin Vice President | C12: Kamesha | D12: Day | E12: Hours | F12: Tasks | H12: Postgraduate | I12: Fergus | J12: Day | K12: Hours | L12: Tasks
D13: Monday | E13: 6 | F13: exec meeting, deloitte work, policy work, code of conduct meeting | J13: Monday | K13: 2.5 | L13: Exec meeting
D14: Tuesday | E14: 4 | F14: deloitte subcommitee, hums div board prep, code of conduct meeting again | J14: Tuesday
D15: Wednesday | E15: 2.5 | F15: policy and admin work, catch up w donna | J15: Wednesday
D16: Thursday | E16: 4.5 | F16: talking all things marketing, chat w ingrid, catch up w daniel/troy/flynn, admin, being mad at grant, editing PANW statment | J16: Thursday | K16: 4 | L16: Human ethics committee, paper proposal review, chats with exec, booking Radio One chat, sorting Critic Exam piece
D17: Friday | E17: 3 | J17: Friday
D18: Saturday | J18: Saturday
D19: Sunday | J19: Sunday | K19: 2 | L19: Reviewing papers
E20: =SUM(E13:E19) -> 20 | K20: =SUM(K13:K19) -> 8.5
B22: Finance and Strategy | C22: Troy | D22: Day | E22: Hours | F22: Tasks | H22: Clubs and Socs | I22: Ella | J22: Day | K22: Hours | L22: Tasks
D23: Monday | E23: 7.5 | F23: EXEC, Deloitte Work, Code of Conduct, Asking Donna about OUSA history, Governance Chat | J23: Monday | K23: 2 | L23: OUSA meeting, emails and admin
D24: Tuesday | E24: 6 | F24: Deloitte Meeting, Talking to Matt, Deloite Meeting, S4P meeting | J24: Tuesday | K24: 4 | L24: Meeting with Caroline, OUCC constitution advice, Afgan club
D25: Wednesday | E25: 3.5 | F25: Correspondence with Lifers, UUL Service statment reading, Governance work | J25: Wednesday
D26: Thursday | E26: 5 | F26: ANZAC prep, Governance, Monies with Matt, Palo Alto research, Catch up with Flynn and co | J26: Thursday
D27: Friday | E27: 5 | F27: Tenancy/OUSA work with Zoe, Governance Work, | J27: Friday | K27: 4 | L27: ŌRU paper work, chat with Zoe, chat with Nadia, Chat with Flynn. Admin, emails, and ironing things out
D28: Saturday | E28: 5 | F28: ANZAC Service | J28: Saturday
D29: Sunday | J29: Sunday
E30: =SUM(E23:E29) -> 32 | K30: =SUM(K23:K29) -> 10
B32: Academic | C32: Hansini | D32: Day | E32: Hours | F32: Tasks | H32: International | I32: Irfaan | J32: Day | K32: Hours | L32: Tasks
D33: Monday | E33: 5 | F33: Prep for executive meeting + Exec meeting + Sciences Div Academic Board prep w/ Leo + Academic Committee finalisation | J33: Monday | K33: 5 | L33: OUSA Executive meeting, Meeting with KMSA President Mubarak Alshatti, emails
D34: Tuesday | E34: 5.5 | F34: Reading pack for ACoSA + DLE Pack + Emails and Admin and BAU | J34: Tuesday | K34: 3 | L34: First Group Multicultural Ball meeting, emails
D35: Wednesday | E35: 4.5 | F35: Paper proposals and changes consultation + Reading pack for CALT + Learning and Teaching catch up | J35: Wednesday | K35: 4 | L35: Study Dunedin Advisory Group meeting at Otago Polytechnic, further discussions with KMSA President
D36: Thursday | E36: 3 | F36: AI Policies work + More BAU | J36: Thursday
D37: Friday | E37: 3.5 | F37: CoC things + AI things | J37: Friday | K37: 1.5 | L37: Emails, meeting with KMSA President on Constitution
D38: Saturday | J38: Saturday
D39: Sunday | J39: Sunday
E40: =SUM(E33:E39) -> 21.5 | K40: =SUM(K33:K39) -> 13.5
B42: Welfare and Equity | C42: Rihana | D42: Day | E42: Hours | F42: Tasks | H42: Political | I42: Flynn | J42: Day | K42: Hours | L42: Tasks
D43: Monday | E43: 2.5 | F43: exec meeting, emails | J43: Monday | K43: 3 | L43: Exec meeting, drafting Palo Alto statement, admin
D44: Tuesday | E44: 3 | F44: Research for sexual harm questionair, scouting spaces for Burnett Foundation vending machine | J44: Tuesday | K44: 4 | L44: POLSA meeting, crim event planning, staff 4 palestine meeting, PALO ALTO STATEMENT
D45: Wednesday | J45: Wednesday | K45: 3 | L45: Reel, instagram post for housing
D46: Thursday | E46: 1 | F46: Meeting with Liam Melvin | J46: Thursday | K46: 3 | L46: Reel, palo alto statement
D47: Friday | J47: Friday | K47: 3 | L47: Canva templates, Palo Alto comms/statement
D48: Saturday | J48: Saturday | K48: 1 | L48: ANZAC service
D49: Sunday | J49: Sunday | K49: 0.5 | L49: Readings for monday
E50: =SUM(E43:E49) -> 6.5 | K50: =SUM(K43:K49) -> 17.5

Sheet APR 27 - MAY 3
B2: President | C2: Daniel | D2: Day | E2: Hours | F2: Tasks | H2: Residential | I2: Zoe | J2: Day | K2: Hours | L2: Tasks
D3: Monday | E3: 6 | F3: Finish council readings, some emails | J3: Monday
D4: Tuesday | E4: 7 | F4: Fuel crisis WG, emails, chat @ c&s, Uni socials recording, chat to Kamesha and troy, Media discussions, readings for tomorrow, emails | J4: Tuesday | K4: 3 | L4: Catch up w/ Senior Warden, Tenancy ideas w/ Troy
D5: Wednesday | E5: 12.5 | F5: Emails, Council cyber session, council review session, emails, Sami catch up, even more readings for council (there were 800 pages in total), working on deloitte committee stuff | J5: Wednesday | K5: 1 | L5: Ready-to-rent MBIE meeting
D6: Thursday | E6: 9 | F6: Council all day, emails, check ins and other admin | J6: Thursday
D7: Friday | E7: 7 | F7: Deb Peach catch up, lianne from uni comms farewell, Deloitte committee, Gina catch up, Donna and Kamesha catch up | J7: Friday | K7: 2 | L7: Green sticker prep work
D8: Saturday | E8: 1.5 | F8: Greens meeting | J8: Saturday
D9: Sunday | E9: 4.5 | F9: Open day | J9: Sunday
E10: =SUM(E3:E9) -> 47.5 | K10: =SUM(K3:K9) -> 6
B12: Admin Vice President | C12: Kamesha | D12: Day | E12: Hours | F12: Tasks | H12: Postgraduate | I12: Fergus | J12: Day | K12: Hours | L12: Tasks
D13: Monday | E13: 3 | F13: policy writing, admin, policy research | J13: Monday
D14: Tuesday | E14: 3.5 | F14: admin, catch up w rhiana, policy and constitution work | J14: Tuesday | K14: 3 | L14: Graduate research council meeting, paper proposal & amendment reviews
D15: Wednesday | E15: 4 | F15: earth day stall w ella, tertiary open day meeting, Code of Conduct final meeting w hansini, brief catch up w flynn re PaloAlto, responding to silly haters online | J15: Wednesday | K15: 5 | L15: Academic Committee, emails, chats with other exec members
D16: Thursday | E16: 2.5 | F16: deloitte work, brief catch up w flynn | J16: Thursday | K16: 2 | L16: emails etc, chats with exec members
D17: Friday | E17: 8 | F17: deloitte work, policy writing, subcommitee prep for meeting, deloitte committee meeting, meeting w debbie, review of stuff e donna and daniel, polcom work | J17: Friday
D18: Saturday | J18: Saturday
D19: Sunday | J19: Sunday
E20: =SUM(E13:E19) -> 21 | K20: =SUM(K13:K19) -> 10
B22: Finance and Strategy | C22: Troy | D22: Day | E22: Hours | F22: Tasks | H22: Clubs and Socs | I22: Ella | J22: Day | K22: Hours | L22: Tasks
D23: Monday | E23: 0 | J23: Monday | K23: 1 | L23: Poker club email
D24: Tuesday | E24: 6 | F24: Chat with Matt, Call Former Prez, Zoe Tenancy campaign ideas, OCT Grant problem | J24: Tuesday | K24: 2 | L24: Meeting with Caroline, emails
D25: Wednesday | E25: 4 | F25: Earthday Breifly, Chat w R1 around BSA, VSM Research and Campaign Ideas, Brain picking Donna, Chat w Hansini | J25: Wednesday | K25: 8 | L25: Earth day market stall! Affiliation paper work, emails, video project (edit doc and email Olivia!)
D26: Thursday | E26: 6 | F26: UUL Board Prep, FESC, Prep, Call w NZF, Meeting Planning, Deloitte Reading, Call with Another Former PREZ | J26: Thursday | K26: 2 | L26: Meet with Caroline about video project
D27: Friday | E27: 5 | F27: Deloitte Meeting, Voter Enrolment Planning, Chat w Kristina, Sorting Stuff with Planet, Figuring out some invoices | J27: Friday
D28: Saturday | E28: 5 | F28: Green Party Meetings & Housing | J28: Saturday
D29: Sunday | J29: Sunday | K29: 5 | L29: Open day C&S stall, emails
E30: =SUM(E23:E29) -> 26 | K30: =SUM(K23:K29) -> 18
B32: Academic | C32: Hansini | D32: Day | E32: Hours | F32: Tasks | H32: International | I32: Irfaan | J32: Day | K32: Hours | L32: Tasks
D33: Monday | E33: 2 | F33: More notes and prep for DLE committee | J33: Monday | K33: 2 | L33: Readings for meeting and Executive meeting
D34: Tuesday | E34: 4 | F34: DLE Committee and staff catchups + Admin and emails for the week | J34: Tuesday | K34: 1 | L34: OISA Executive meeting
D35: Wednesday | E35: 4 | F35: CoC + Prep for other committees + paper proposals and AI policy work | J35: Wednesday | K35: 3 | L35: Admin and emails, planning for podcast
D36: Thursday | E36: 6.5 | F36: ACOsA prep and readings (onboarding) + AI literacy working group prep and meeting + CALT prep and meeting | J36: Thursday
D37: Friday | E37: 4.5 | F37: AI work with Ammar | J37: Friday
D38: Saturday | J38: Saturday | K38: 5 | L38: Volunteering activity with Unicrew Otago, Emails and admin
D39: Sunday | J39: Sunday
E40: =SUM(E33:E39) -> 21 | K40: =SUM(K33:K39) -> 11
B42: Welfare and Equity | C42: Rihana | D42: Day | E42: Hours | F42: Tasks | H42: Political | I42: Flynn | J42: Day | K42: Hours | L42: Tasks
D43: Monday | J43: Monday | K43: 2 | L43: Palo Alto report post
D44: Tuesday | E44: 3 | F44: Making MCR booking for movie night, catchup with Kamesha | J44: Tuesday
D45: Wednesday | E45: 4 | F45: PCC readings , meeting with Melanie Beres around DEI campains | J45: Wednesday | K45: 1 | L45: Admin, emails
D46: Thursday | J46: Thursday | K46: 3 | L46: Palo Alto review admin, NZF outreach
D47: Friday | J47: Friday | K47: 1 | L47: Admin
D48: Saturday | J48: Saturday | K48: 5 | L48: Green events, enrolment prep
D49: Sunday | J49: Sunday
E50: =SUM(E43:E49) -> 7 | K50: =SUM(K43:K49) -> 12

Sheet MAY 4 - 10
B2: President | C2: Daniel | D2: Day | E2: Hours | F2: Tasks | H2: Residential | I2: Zoe | J2: Day | K2: Hours | L2: Tasks
D3: Monday | E3: 8 | F3: Open day stall & BBQ, Debbie meeting, emails & admin | J3: Monday | K3: 0.5 | L3: readings
D4: Tuesday | E4: 7 | F4: Exec meeting, VUWSA zoom meeting w/ Flynn, Grad gowns w Donna & Kamesha, Voter enrolent event, NDSA catch up, emails | J4: Tuesday | K4: 1 | L4: exec meeting
D5: Wednesday | E5: 10 | F5: Emails, Market day stall, Rachael Brooking clinic, PolCom, Video recording, emails, call w Jeff, ATSA meeting, Flatting talks | J5: Wednesday
D6: Thursday | E6: 3 | F6: Emails, Admin, Agenda organising, chats to Donna | J6: Thursday | K6: 3 | L6: emails, governance response document
D7: Friday | E7: 9.5 | F7: Emails, Grant catch up, DCC Spatial planning meeting in town, socials stuff, catch up w Donna, Debbie, & Gina, emails and scheduling, fees free stuff | J7: Friday
D8: Saturday | E8: 8.5 | F8: Mace bearing practice, fess free media & organising, Grad parade & two ceremonies | J8: Saturday | K8: 3 | L8: green sticker designing
D9: Sunday | J9: Sunday | K9: 3 | L9: readings prep
E10: =SUM(E3:E9) -> 46 | K10: =SUM(K3:K9) -> 10.5
B12: Admin Vice President | C12: Kamesha | D12: Day | E12: Hours | F12: Tasks | H12: Postgraduate | I12: Fergus | J12: Day | K12: Hours | L12: Tasks
D13: Monday | F13: away | J13: Monday | K13: 1.5 | L13: emails & admin, writing up exec column piece
D14: Tuesday | E14: 5.5 | F14: pre-meeting reading/emails, exec meeting, policy work, prolcom prep, deloitte adjacent work, referedum question advertising begins, liasing w marketing, voter engagment stall, grad gowns | J14: Tuesday | K14: 3.5 | L14: exec meeting, emails & admin, Ingrid meeting, voter engagement stall, chats with Daniel
D15: Wednesday | E15: 6.5 | F15: POLCOM, referedum stuff , HUMS prep, exec workshop prep? | J15: Wednesday | K15: 2 | L15: Dan Delany Meeting, OUSA Referendum Video making
D16: Thursday | E16: 3 | F16: HUMS, deloitte work?, ousa academic commitee | J16: Thursday | K16: 1 | L16: Radio One Interview, emails & admin
D17: Friday | F17: away possum trapping | J17: Friday
D18: Saturday | F18: away possum trapping | J18: Saturday
D19: Sunday | E19: 4 | F19: Board Reading and Prep for the coming week | J19: Sunday
E20: =SUM(E13:E19) -> 19 | K20: =SUM(K13:K19) -> 8
B22: Finance and Strategy | C22: Troy | D22: Day | E22: Hours | F22: Tasks | H22: Clubs and Socs | I22: Ella | J22: Day | K22: Hours | L22: Tasks
D23: Monday | E23: 3 | F23: Open Day, Radio One | J23: Monday
D24: Tuesday | E24: 6 | F24: Enrolments & Governance, Exec Meeting | J24: Tuesday | L24: Exec meeting, emails, Caroline meeting
D25: Wednesday | E25: 9 | F25: Tony, Christine, Rachel, UUL readings (AGM & Board Meeting), POLCOM | J25: Wednesday
D26: Thursday | E26: 6 | F26: UUL, Debbie catch up, Governance Work, Voting Resources from DCC, | J26: Thursday
D27: Friday | E27: 3 | F27: FESC AGENDA, Quick Catch up with DJ, | J27: Friday
D28: Saturday | E28: 6.5 | F28: Grad | J28: Saturday
D29: Sunday | J29: Sunday
E30: =SUM(E23:E29) -> 33.5 | K30: =SUM(K23:K29) -> 0
B32: Academic | C32: Hansini | D32: Day | E32: Hours | F32: Tasks | H32: International | I32: Irfaan | J32: Day | K32: Hours | L32: Tasks
D33: Monday | E33: 4 | F33: Paper Proposal Consulting w Crim people, Readings for Exec Meeting + QAC prep and notes | J33: Monday | K33: 3 | L33: University Open Day, meeting with OISA Co-President, email and admin
D34: Tuesday | E34: 5 | F34: Exec Meeting, AC work, PP consulting, Staff AI training drafting and workshop planning + QAC meeting | J34: Tuesday | K34: 2 | L34: Executive meeting, email and admin
D35: Wednesday | E35: 4.5 | F35: Market Day + Admin Catch up + Assesment policy work | J35: Wednesday
D36: Thursday | E36: 4.5 | F36: Staff AI modules consulting w Committee + AC redraft oop | J36: Thursday | K36: 2 | L36: Admin for MCBall
D37: Friday | E37: 2 | F37: Leftover admin + Student Voice Collab | J37: Friday | K37: 1 | L37: Emails, OISA planning
D38: Saturday | J38: Saturday | L38: Mental health break drive
D39: Sunday | E39: 0.5 | F39: Readings | J39: Sunday | K39: 1 | L39: Readings prep for meeting
E40: =SUM(E33:E39) -> 20.5 | K40: =SUM(K33:K39) -> 9
B42: Welfare and Equity | C42: Rihana | D42: Day | E42: Hours | F42: Tasks | H42: Political | I42: Flynn | J42: Day | K42: Hours | L42: Tasks
D43: Monday | E43: 4 | F43: Meeting with Liam, witting out DR responsibilities | J43: Monday | K43: 4 | L43: Open day
D44: Tuesday | E44: 5 | F44: Exec meeting, NDSA meeting, emails, enrolments | J44: Tuesday | K44: 6 | L44: Exec meeting, enrolments, meeting with VUWSA campaigns
D45: Wednesday | E45: 6 | F45: Market Day stall, meeting with Dwain (Student support) | J45: Wednesday | K45: 3 | L45: Christine Garey, planning, admin
D46: Thursday | J46: Thursday | K46: 3 | L46: DCC resources, exec insta admin
D47: Friday | J47: Friday | K47: 3 | L47: Capping show vid, GE debate invites
D48: Saturday | E48: 6.5 | F48: GRADDDD | J48: Saturday | K48: 3 | L48: Grad parade, Paul Gourlie
D49: Sunday | J49: Sunday
E50: =SUM(E43:E49) -> 21.5 | K50: =SUM(K43:K49) -> 22

Sheet MAY 11 - 17
B2: President | C2: Daniel | D2: Day | E2: Hours | F2: Tasks | H2: Residential | I2: Zoe | J2: Day | K2: Hours | L2: Tasks
D3: Monday | E3: 8.5 | F3: Governance workshop, Board meeting, catch up w Donna, Catch up w Ingrid, Critic stuff, Emails, ODSA SGM | J3: Monday | K3: 5 | L3: Governance workshop, board meeting, emails, Chat w/ Troy, Knox College flat talk, appeals panel readings
D4: Tuesday | E4: 9 | F4: Fuel Sitch WG, Emails, Catch up w Jo Gibson, Donna & Kamesha governance discussion, admin, Catch up w COO, fees free socials, more emails | J4: Tuesday | K4: 3 | L4: Colleges appeals panel, cumberland flatting talk,
D5: Wednesday | E5: 9.5 | F5: Emails, Deloitte Comm, Council campus masterplan workshop, Emails & watching a webinar for council, TRM catch up, Palo Alto discussion event | J5: Wednesday
D6: Thursday | E6: 6 | F6: Annual Report, Liam catchup, Referendum admin w Kamesha, planning | J6: Thursday
D7: Friday | E7: 5 | F7: Readings, more admin, emails, Maori Pregrad | J7: Friday
D8: Saturday | E8: 6.5 | F8: Grad parade + 2x ceremonies | J8: Saturday
C9: =AVERAGE('FEB 16 - 22'!K30,'FEB 23 - 29'!K30,'MAR 2 - 8'!K30,'MAR 9 - 15'!K30,'MAR 16 - 22'!K30,'MAR 23 - 29'!K30,'MAR 30 - APR 5'!K31,'APR 6 - 12'!K30,'APR 13 - 19'!K30,'APR 20 - 26'!K30,'APR 27 - MAY 3'!K30,'MAY 4 - 10'!K30,'MAY 11 - 17'!K31,) -> 11.076923 | D9: Sunday | E9: 0.5 | F9: Catch up on week ahead | J9: Sunday | K9: 4 | L9: Carrington flatting talk, readings
E10: =SUM(E3:E9) -> 45 | K10: =SUM(K3:K9) -> 12
B12: Admin Vice President | C12: Kamesha | D12: Day | E12: Hours | F12: Tasks | H12: Postgraduate | I12: Fergus | J12: Day | K12: Hours | L12: Tasks
D13: Monday | E13: 5.5 | F13: governance workshop, board meeting, chat w gina, emails, policy work, survey design, advocacy planning regarding cost of living crisis | J13: Monday | K13: 4 | L13: Governance workshop, board meeting, chats with other exec, emails and admin
D14: Tuesday | E14: 4 | F14: catch up w daniel, sit down and catch up with donna re hybrid model, advocacy planning, polcom planning, deloitte prep | J14: Tuesday
D15: Wednesday | E15: 2 | F15: deloitte commitee, catch up w paul and daniel | J15: Wednesday | K15: 1 | L15: New clubs proposal paper review, emails & admin, reviewing academic proposals
D16: Thursday | E16: 4 | J16: Thursday | K16: 2.5 | L16: Academic committee, chats with other exec, emails & admin, scheduling
D17: Friday | E17: 3 | F17: 2 | J17: Friday
D19: Saturday | J19: Saturday
D20: Sunday | E20: 2.5 | F20: reading | J20: Sunday
E21: =SUM(E13:E20) -> 21 | K21: =SUM(K13:K20) -> 7.5
B23: Finance and Strategy | C23: Troy | D23: Day | E23: Hours | F23: Tasks | H23: Clubs and Socs | I23: Ella | J23: Day | K23: Hours | L23: Tasks
D24: Monday | E24: 6.5 | F24: Governance Workshop, Board Meeting, Flat Talk, Chat w Donna, Chat w Zoe | J24: Monday | K24: 5 | L24: Emails, governance workshop, board meeting
D25: Tuesday | E25: 3 | F25: Flatting Talks, General Admin, talk with Donna, Voting enrolement rules training self | J25: Tuesday | K25: 1 | L25: Meeting with Caroline/Shannon, admin for poker club
D26: Wednesday | E26: 2 | F26: Readings, Academic Committee Reading, Timetabling | J26: Wednesday
D27: Thursday | E27: 2 | F27: Governance training | J27: Thursday | K27: 2 | L27: Poker club admin
D28: Friday | E28: 4 | F28: GIG 4 GAZA | J28: Friday
D29: Saturday | E29: 6 | F29: Grad parade + 2x ceremonies | J29: Saturday
D30: Sunday | E30: 6 | F30: Readings for Exec + Carrington Talk, Catch up and chat with Governor | J30: Sunday | K30: 2 | L30: Crafting a document for exec due to me not making the meeting :(
E31: =SUM(E24:E30) -> 29.5 | K31: =SUM(K24:K30) -> 10
B33: Academic | C33: Hansini | D33: Day | E33: Hours | F33: Tasks | H33: International | I33: Irfaan | J33: Day | K33: Hours | L33: Tasks
D34: Monday | E34: 7 | F34: Workshop + Board Meeting + Reading thru docs for board meeting hashtag not confused anymore drafting my thoughts on this + yap w/ Lisa and Trent re PPE minor | J34: Monday
D35: Tuesday | E35: 4.5 | F35: Genuinley if i write AI in this box one more time I'm going to end it but yes this is all i do and also UAC prep 4 this week | J35: Tuesday | K35: 2.5 | L35: Emails, admin and prep for ISRMG meeting
D36: Wednesday | E36: 5.5 | F36: Gambling Club deets and legal + UAC meeting pack notes and prep + Next Gen Committee Prep | J36: Wednesday | K36: 4.5 | L36: Meeting with Dir International, ISRMG meeting and debrief, emails
D37: Thursday | E37: 4.5 | F37: UAC + Next Gen Committee | J37: Thursday | K37: 2 | L37: MCBall planning call and emails
D38: Friday | J38: Friday
D39: Saturday | J39: Saturday | K39: 1 | L39: Prep for Exec meeting.
D40: Sunday | J40: Sunday | K40: 0.5 | L40: Emails, admin
E41: =SUM(E34:E40) -> 21.5 | K41: =SUM(K34:K40) -> 10.5
B43: Welfare and Equity | C43: Rihana | D43: Day | E43: Hours | F43: Tasks | H43: Political | I43: Flynn | J43: Day | K43: Hours | L43: Tasks
D44: Monday | E44: 9 | F44: Workshop, exec meeting, ODSA prep and event, creating posters for odsa sign up, and checking emails | J44: Monday | K44: 4 | L44: Governance worshop, meeting
D45: Tuesday | E45: 3 | F45: Student Portal Meeting, reporting student behaviour for student | J45: Tuesday
D46: Wednesday | E46: 3 | F46: Meeting with KUMO around supports we could give students, Planning sexaul harm response questions w/TiB | J46: Wednesday | K46: 1.5 | L46: Admin, Fees Protest meeting
D47: Thursday | E47: 2 | F47: Reaching out for venues for multi cultural ball | J47: Thursday
D48: Friday | E48: 4 | F48: Meeting with dean of law around student behaviour and CC, meeting with students making the complaint | J48: Friday | K48: 4 | L48: Gig for Gaza
D49: Saturday | J49: Saturday | K49: 7 | L49: Grad march and ceremony
D50: Sunday | E50: 1 | F50: reading agenda | J50: Sunday
E51: =SUM(E44:E50) -> 22 | K51: =SUM(K44:K50) -> 16.5

Sheet MAY 18 - 24
B2: President | C2: Daniel | D2: Day | E2: Hours | F2: Tasks | H2: Residential | I2: Zoe | J2: Day | K2: Hours | L2: Tasks
D3: Monday | E3: 8.5 | F3: Emails, Exec meeting, admin, critic stuff, more admin & emails, long council readings, scheduling | J3: Monday | K3: 1 | L3: Exec meeting
D4: Tuesday | E4: 8.5 | F4: Debbie cath up, grants panel, emaisl, final readings, Council finance & budget committee, UniQ meeting, Deloitte committee meeting, debie chat | J4: Tuesday | K4: 1 | L4: Meeting with Mickey Treadwell
D5: Wednesday | E5: 4 | F5: Call w Gina, emails, admin, replying to emails from home (went home sick) | J5: Wednesday
D6: Thursday | E6: 6 | F6: Call w/ Gina, Facebook group comms lol, chat to Nikki from NDSA, H&S readings, CFC flatting talk | J6: Thursday
D7: Friday | E7: 9.5 | F7: Emails, Referendum pro's and cons, NDSA meeting, Council H&S committee meeting, council h&s walk thru, NDSA training, Anderson Lloyd meeting, TRM birthday, chats to Nikki and Kamesha | J7: Friday | K7: 3 | L7: appeals panel, emails
D8: Saturday | E8: 2 | F8: Emails and readings | J8: Saturday
D9: Sunday | E9: 0.5 | F9: Admin | J9: Sunday
E10: =SUM(E3:E9) -> 39 | K10: =SUM(K3:K9) -> 5
B12: Admin Vice President | C12: Kamesha | D12: Day | E12: Hours | F12: Tasks | H12: Postgraduate | I12: Fergus | J12: Day | K12: Hours | L12: Tasks
D13: Monday | E13: 4 | F13: Exec meeting prep, exec meeting, deloite prep | J13: Monday | K13: 2 | L13: Exec meeting, emails and admin
D14: Tuesday | E14: 5 | F14: policy drafting, academic committee, deloitte committee, meeting w fergus, HUMS div board notes and prep, FESC Prep | J14: Tuesday | K14: 4 | L14: APSCG Meeting, Chat with Kamesha, admin and emails
D15: Wednesday | E15: 3.5 | F15: design of election engagment project proposal, emails | J15: Wednesday
D16: Thursday | E16: 5 | F16: minorly stressing about meaningful confessions, policy reading drafting work for polcom and deloitte planning, governance mentor meeting | J16: Thursday
D17: Friday | E17: 2.5 | F17: NDSA Training and brainstorming. | J17: Friday
D18: Saturday | J18: Saturday
D19: Sunday | J19: Sunday
E20: =SUM(E13:E19) -> 20 | K20: =SUM(K13:K19) -> 6
B22: Finance and Strategy | C22: Troy | D22: Day | E22: Hours | F22: Tasks | H22: Clubs and Socs | I22: Ella | J22: Day | K22: Hours | L22: Tasks
D23: Monday | E23: 5 | F23: Exec Meeting, Information on heat pumps, readings | J23: Monday | K23: 2 | L23: Poker club follow up, dropped in on Caroline, admin
D24: Tuesday | E24: 3.5 | F24: Chat with former execies, Mickey, Deloittee Committee | J24: Tuesday
D25: Wednesday | J25: Wednesday
D26: Thursday | J26: Thursday | K26: 2 | L26: emails and admin
D27: Friday | E27: 3 | F27: NDSA, | J27: Friday | K27: 2 | L27: NDSA training :)
D28: Saturday | E28: 5 | F28: Admin & Readings | J28: Saturday
D29: Sunday | J29: Sunday
E30: =SUM(E23:E29) -> 16.5 | K30: =SUM(K23:K29) -> 6
B32: Academic | C32: Hansini | D32: Day | E32: Hours | F32: Tasks | H32: International | I32: Irfaan | J32: Day | K32: Hours | L32: Tasks
D33: Monday | E33: 6.5 | F33: Exec Meeting Readings, Exec Meeting, Emails, Work on assesment policy | J33: Monday | K33: 2 | L33: Emails, Admin, Executive meeting
D34: Tuesday | E34: 6 | F34: Academic Committee chair prep and academic commitee (which was a flop so sad but shoutout Kameesha for rlly good input!) | J34: Tuesday | K34: 2 | L34: Call with Lone Star to finalise ball, more Emails and Admin
D35: Wednesday | E35: 2.5 | F35: Backlog of emails and academic proposals and paper tweaks | J35: Wednesday | K35: 3 | L35: Emails, catchup with NDSA President Nikita
D36: Thursday | E36: 2.5 | F36: Readings and prep for Standing Sciences Div which was cancelled rip | J36: Thursday | K36: 1.5 | L36: Emails, went through International Student Retention Framework and provided feedback.
D37: Friday | E37: 3 | F37: NDSA training and readings | J37: Friday | K37: 3.5 | L37: Emails, NDSA Training, admin
D38: Saturday | J38: Saturday | K38: 0.5 | L38: Finalisation of ball plans ahead of next meeting (OBS), emails and other admin
D39: Sunday | J39: Sunday
E40: =SUM(E33:E39) -> 20.5 | K40: =SUM(K33:K39) -> 12.5
B42: Welfare and Equity | C42: Rihana | D42: Day | E42: Hours | F42: Tasks | H42: Political | I42: Flynn | J42: Day | K42: Hours | L42: Tasks
D43: Monday | E43: 2 | F43: Exec pre-reading & meeting, catching up on emails | J43: Monday | K43: 3 | L43: Executive meeting
D44: Tuesday | E44: 2 | F44: Emails, creating post about wellbeing support on campus | J44: Tuesday | K44: 1 | L44: Admin, social media
D45: Wednesday | E45: 3 | F45: Clinical Governence, Chaplincy meeting, Meeting with Burnett Foundation for HIV tests in OUSA & Sexual health seminar | J45: Wednesday | K45: 3 | L45: Planning GE debate, political campaigns
D46: Thursday | E46: 7 | F46: Meeting with Head Warden for DEI workshop and looking over reasouces he gave me, meeting with med student to creat poc group in med , OTCTB meeting | J46: Thursday | K46: 2 | L46: Emails, social media
D47: Friday | E47: 5 | F47: NDSA Training, Meeting with Dean of Med 8 year plan | J47: Friday | K47: 5 | L47: Disability training, Harry's podcast, admin
D48: Saturday | E48: 3 | F48: Meeing with TIB working on sexual harm response questions | J48: Saturday
D49: Sunday | J49: Sunday
E50: =SUM(E43:E49) -> 22 | K50: =SUM(K43:K49) -> 14

Sheet MAY 25 - 31
B2: President | C2: Daniel | D2: Day | E2: Hours | F2: Tasks | H2: Residential | I2: Zoe | J2: Day | K2: Hours | L2: Tasks
D3: Monday | E3: 10.5 | F3: Emails, Referendum forum, pros and cons finishing, Council Audit and risk readings, critic video, Kamesha catch up, Donna catch up, Ri catch up, Council review meeting, more council readings | J3: Monday
D4: Tuesday | E4: 9 | F4: Fuel supply WG, Emails, signature practice lol, chat to Paul Gourlie, Advisory Board catch up, Audit and risk meeting for 3 hours, protest chat | J4: Tuesday
D5: Wednesday | E5: 9 | F5: Emails, starting my quarter report so I don't forget about it, sorting the referendum promotion, Senate that went for ages, catch up w Tim cooper, poster making, speech writing | J5: Wednesday
D6: Thursday | E6: 8 | F6: Emails, referendum dramas, Fees free protest, media for fees free + budget, editing video, random work w Kamesha for Deloittee comm, emailing advisory board and doing some background reading for council | J6: Thursday | K6: 5 | L6: Meeting w/ Troy and Kamesha, Housing Alliance Hui, Fees Free Protest
D7: Friday | E7: 7.5 | F7: Emails, admin, V energy drink giveaway with university union, catch up w/ Debbie, Kamesha, and Troy, Deloitte review meeting, Mayor meeting in town, catch up w donna, reading referndum comments lol | J7: Friday | K7: 0.5 | L7: Appeals Panel
D8: Saturday | J8: Saturday
D9: Sunday | J9: Sunday | K9: 2 | L9: emails, green sticker
E10: =SUM(E3:E9) -> 44 | K10: =SUM(K3:K9) -> 7.5
B12: Admin Vice President | C12: Kamesha | D12: Day | E12: Hours | F12: Tasks | H12: Postgraduate | I12: Fergus | J12: Day | K12: Hours | L12: Tasks
D13: Monday | E13: 2.5 | F13: emails, reading of pros and cons, catch up w daniel, catch up with donna, performing arts fun committee prep and notes | J13: Monday | K13: 2 | L13: Paper reviews, admin etc
D14: Tuesday | E14: 4 | F14: advisory bord meeting, clubs and socs meeting? thinking long term strategy | J14: Tuesday | K14: 3 | L14: Graduate research council meeting, admin etc, paper review
D15: Wednesday | E15: 4 | F15: marketing catch up, meeting w flynn, deloitte prep and gvnce strategy | J15: Wednesday | K15: 6 | L15: Senate, filming protest & referendum video w Daniel & Flynn, fees-free protest prep, admin
D16: Thursday | E16: 6 | F16: meeting w troy + zoe, prep for protest, fees free protest, policy stuff for deloitee | J16: Thursday | K16: 5 | L16: Fees-free protest, ethics committee, admin
D17: Friday | E17: 6 | F17: policy work, deloitte commitee, definition of a woman bill video writing and filming | J17: Friday
D18: Saturday | J18: Saturday
D19: Sunday | J19: Sunday
E20: =SUM(E13:E19) -> 22.5 | K20: =SUM(K13:K19) -> 16
B22: Finance and Strategy | C22: Troy | D22: Day | E22: Hours | F22: Tasks | H22: Clubs and Socs | I22: Ella | J22: Day | K22: Hours | L22: Tasks
D23: Monday | E23: 4 | F23: Andy Foster Chat, Forum | J23: Monday
D24: Tuesday | E24: 3.5 | F24: UUL Readings | J24: Tuesday
D25: Wednesday | E25: 1 | F25: Donna Help | J25: Wednesday | K25: 2 | L25: Protest prep, emails, admin
D26: Thursday | E26: 6.5 | F26: Housing Alliance, Fees Free Protest, NZ First Outreach and Engagement , Governance Chat | J26: Thursday | L26: unwell for protest :(((((
D27: Friday | E27: 4 | F27: Deloitte, Catch up w Debbie & Co, Research/understanding the organisation etc, admin and emails, governance work ideas | J27: Friday | K27: 3 | L27: Events guide
D28: Saturday | J28: Saturday
D29: Sunday | J29: Sunday
E30: =SUM(E23:E29) -> 19 | K30: =SUM(K23:K29) -> 5
B32: Academic | C32: Hansini | D32: Day | E32: Hours | F32: Tasks | H32: International | I32: Irfaan | J32: Day | K32: Hours | L32: Tasks
D33: Monday | E33: 4 | F33: Interdiv undergrad committee readings + Assessment policy + CALT work | J33: Monday | K33: 2 | L33: Emails and admin, finalising venue and communicating with DJ on MCBall
D34: Tuesday | E34: 3.5 | F34: DLE meeting readings and meeting | J34: Tuesday | K34: 3 | L34: Emails and admin, MCBall meeting
D35: Wednesday | E35: 3.5 | F35: Senate, Daniel and Tim Cooper catch-up | J35: Wednesday | K35: 2 | L35: Catchup with 'Adlina on OISA matters
D36: Thursday | E36: 3 | F36: Fees Free Protest | J36: Thursday
D37: Friday | E37: 4 | F37: Readings for Assessment Policy working group + CALT | J37: Friday
D38: Saturday | E38: 3 | F38: Catch up on emails and paper propal responses and consults by staff | J38: Saturday
D39: Sunday | J39: Sunday
E40: =SUM(E33:E39) -> 21 | K40: =SUM(K33:K39) -> 7
B42: Welfare and Equity | C42: Rihana | D42: Day | E42: Hours | F42: Tasks | H42: Political | I42: Flynn | J42: Day | K42: Hours | L42: Tasks
D43: Monday | E43: 2 | F43: PCG meeting , admin emails | J43: Monday | K43: 4 | L43: Andy Foster meeting, admin, planning
D44: Tuesday | E44: 3 | F44: Meeting with student support, creating a support sheet for students coming through SARS | J44: Tuesday | K44: 3 | L44: Social media, campaign planning
D45: Wednesday | J45: Wednesday | K45: 3 | L45: Protest planning, writing BDS policy
D46: Thursday | E46: 4 | F46: Maori108 preformance, Multicultural ball meeting | J46: Thursday | K46: 5 | L46: Fees protest, admin
D47: Friday | E47: 7 | F47: Catch up with propsed ODSA exec and making agenda/communications, updating Burdtte foundation on plans for HIV testing and creating support sheets for students who test positive | J47: Friday
D48: Saturday | J48: Saturday
D49: Sunday | J49: Sunday
E50: =SUM(E43:E49) -> 16 | K50: =SUM(K43:K49) -> 15

Sheet JUN 1 - 7
B2: President | C2: Daniel | D2: Day | E2: Hours | F2: Tasks | H2: Residential | I2: Zoe | J2: Day | K2: Hours | L2: Tasks
D3: Monday | E3: 0.5 | F3: Catch up w Troy (Stat Day) | J3: Monday | K3: 2 | L3: Structure Work, Catch up w Donna
D4: Tuesday | E4: 11.5 | F4: Emails, ousa election discussion, FESC, Signage and wayfinding presentation, chat to Kamesha over lunch, yapping in the exec office, long meeting with lawyers about governance changes, long chat to Troy | J4: Tuesday | K4: 1 | L4: Finance Chat
D5: Wednesday | E5: 10 | F5: Catch up w Donna, Grant catch up, Claire Gallop catch up, council reading pt 1, emails, ISO fees free meeting | J5: Wednesday
D6: Thursday | E6: 7.5 | F6: Catch up w Troy and Kamesha, meeting sorting + prep, emails, Council Readings again lol | J6: Thursday
D7: Friday | E7: 8 | F7: Trish catch up, Emails, catch up w Kamesha & Ella, Debbie catch up, Kayla farewell, Poker club meeting w Ella, Roles and responsibilites drafting for deloitte commmittee | J7: Friday | K7: 1 | L7: Referendum Comment Reading
D8: Saturday | J8: Saturday
D9: Sunday | E9: 3.5 | F9: Quick chat to Troy, emails and exec prep, writing a presentation for uni council | J9: Sunday | K9: 3.5 | L9: Readings
E10: =SUM(E3:E9) -> 41 | K10: =SUM(K3:K9) -> 7.5
B12: Admin Vice President | C12: Kamesha | D12: Day | E12: Hours | F12: Tasks | H12: Postgraduate | I12: Fergus | J12: Day | K12: Hours | L12: Tasks
D13: Monday | J13: Monday
D14: Tuesday | E14: 4.5 | F14: morning reading, FESC, emails, catch up with Donna, Deloitte meeting | J14: Tuesday
D15: Wednesday | E15: 2 | F15: role descriptiom draft | J15: Wednesday | K15: 2 | L15: Dan Delany Meeting, emails & admin
D16: Thursday | E16: 4 | F16: Humanities Academic Committee, role drafting | J16: Thursday | K16: 2 | L16: Chat with Troy
D17: Friday | E17: 3 | F17: governance discussions, video editing for instagram | J17: Friday
D18: Saturday | J18: Saturday
D19: Sunday | J19: Sunday
E20: =SUM(E13:E19) -> 13.5 | K20: =SUM(K13:K19) -> 4
B22: Finance and Strategy | C22: Troy | D22: Day | E22: Hours | F22: Tasks | H22: Clubs and Socs | I22: Ella | J22: Day | K22: Hours | L22: Tasks
D23: Monday | E23: 0.5 | F23: Catch up w Daniel | J23: Monday
D24: Tuesday | E24: 6.5 | F24: FESC, Call w Jeff, Chat w Daniel, Structure work, Labour Event | J24: Tuesday
D25: Wednesday | E25: 5.5 | F25: Chat w Donna, Events, Breif Catch up w Execies, Meeting w NZ First | J25: Wednesday | K25: 2 | L25: Setting up poker club meeting, admin for that meeting
D26: Thursday | E26: 5 | F26: Chat w Fergus, Green Party Event, Catch up w Dan & co, VSM work | J26: Thursday
D27: Friday | E27: 2.5 | F27: Begining Q Report, VSM Work, | J27: Friday | K27: 3 | L27: Admin, meeting with Poker Club
D28: Saturday | E28: 4.5 | F28: Structure Work, Board Readings | J28: Saturday
D29: Sunday | E29: 4 | F29: Readings, Policy Work, Admin, MP emailing, OUSA Holdings history | J29: Sunday | K29: 2 | L29: Reading documents for exec meeting, admin and emails for lib collab and video project
E30: =SUM(E23:E29) -> 28.5 | K30: =SUM(K23:K29) -> 7
B32: Academic | C32: Hansini | D32: Day | E32: Hours | F32: Tasks | H32: International | I32: Irfaan | J32: Day | K32: Hours | L32: Tasks
D33: Monday | E33: 3 | F33: Emails and admin and doing the readings for the meeting I cannot make | J33: Monday
D34: Tuesday | E34: 3.5 | F34: Paper proposals and admin | J34: Tuesday
D35: Wednesday | E35: 4 | F35: Catch up with Tim and Daniel and more consultation | J35: Wednesday | K35: 0.5 | L35: Emails
D36: Thursday | E36: 3.5 | F36: Proposals and DLE readings | J36: Thursday
D37: Friday | J37: Friday
D38: Saturday | J38: Saturday | K38: 4 | L38: Attending BDSA get-together event, was invited in the OUSA capacity
D39: Sunday | E39: 5 | F39: Caught up on readings from any missed meetings from this week this includes all committee meetings | J39: Sunday
E40: =SUM(E33:E39) -> 19 | K40: =SUM(K33:K39) -> 4.5
B42: Welfare and Equity | C42: Rihana | D42: Day | E42: Hours | F42: Tasks | H42: Political | I42: Flynn | J42: Day | K42: Hours | L42: Tasks
D43: Monday | E43: 3 | F43: ODSA exec meeting and writing clubs application | J43: Monday | K43: 2 | L43: Admin
D44: Tuesday | J44: Tuesday | K44: 5 | L44: Labour education event, Social media referendum post (not done yet), admin
D45: Wednesday | F45: EXAMS | J45: Wednesday | L45: Jamie Arbuckle, Jason Herrick meeting
D46: Thursday | F46: EXAMS | J46: Thursday
D47: Friday | F47: EXAMS | J47: Friday
D48: Saturday | J48: Saturday | L48: Leaving - back on 12th July, will work remotely
D49: Sunday | E49: 3 | F49: Planning sem 2 Student Support Quiz Night | J49: Sunday
E50: =SUM(E43:E49) -> 6 | K50: =SUM(K43:K49) -> 7

Sheet JUN 8 - 14
B2: President | C2: Daniel | D2: Day | E2: Hours | F2: Tasks | H2: Residential | I2: Zoe | J2: Day | K2: Hours | L2: Tasks
D3: Monday | E3: 10 | F3: Setting up exec meeting, exec meeting, quick catch up w Debbie, spamming emails, working on document for deloitte, chat to critic about elections, catch up w Sami and Jarna, Deloitte committee check in, more readings for council, finishing off council presentation | J3: Monday | K3: 4.5 | L3: Catch up w/Fergus, Executive Meeting, Departmental Review reading
D4: Tuesday | E4: 12.5 | F4: Normal council all day meeting, catch up w Quintin (ex prez), long chat to Troy, council student panel dinner | J4: Tuesday | K4: 1 | L4: Catch up w/ Quintin Jane
D5: Wednesday | E5: 8.5 | F5: Council strategy day all day | J5: Wednesday
D6: Thursday | E6: 2 | F6: Catch up w Donna, catching up on emails (exam), catch up w Debbie | J6: Thursday | K6: 4 | L6: Mentors Meeting, Senior Warden catch up, Appeals Panel
D7: Friday | E7: 6 | F7: Emails, call w Paul, Rachel brooking catch up, catch up w Gina, chat to donna, admin, UOPISA SGM chairing | J7: Friday
D8: Saturday | J8: Saturday
D9: Sunday | E9: 1 | F9: Quarterly Report | J9: Sunday | K9: 2 | L9: Quarterly report writing
E10: =SUM(E3:E9) -> 40 | K10: =SUM(K3:K9) -> 11.5
B12: Admin Vice President | C12: Kamesha | D12: Day | E12: Hours | F12: Tasks | H12: Postgraduate | I12: Fergus | J12: Day | K12: Hours | L12: Tasks
D13: Monday | E13: 1 | F13: emails, admin | J13: Monday | K13: 2 | L13: Chat with Zoey, emails and admin
D14: Tuesday | J14: Tuesday | K14: 1.5 | L14: Chat with Ella regarding Human Ethics Commitee, emails and admin
D15: Wednesday | J15: Wednesday | K15: 0.5 | L15: Emails and admin
D16: Thursday | F16: zoomed into net carbon | J16: Thursday | K16: 2 | L16: Academic commitee
D17: Friday | J17: Friday
D18: Saturday | E18: 2 | F18: catch up on reading + prep for week ahed, quaterly report | J18: Saturday
D19: Sunday | E19: 3.5 | F19: finishing quaterly report and constitutional markups for next week | J19: Sunday
E20: =SUM(E13:E19) -> 6.5 | K20: =SUM(K13:K19) -> 6
B22: Finance and Strategy | C22: Troy | D22: Day | E22: Hours | F22: Tasks | H22: Clubs and Socs | I22: Ella | J22: Day | K22: Hours | L22: Tasks
D23: Monday | E23: 6.5 | F23: Exec Meeting, Deloitte, Chat w Donna & Co, Timetabling Committee | J23: Monday | K23: 2 | L23: Executive meeting, emails, sorting final things for Poker Club
D24: Tuesday | E24: 4.5 | F24: Catch up with QJ, Tenancy Email, Readings, Long chat with Daniel | J24: Tuesday | K24: 3 | L24: Meeting with Caroline, meeting with Fergus/Annie/Ciara around Human Ethics Committee, following up on details for future action
D25: Wednesday | E25: 4.5 | F25: Policy/Constitution Work with Donna, Budget with Matt, VCSSAG Readings | J25: Wednesday | K25: 0.5 | L25: Emailing with Jacob from Library staff
D26: Thursday | E26: 3.5 | F26: VCSSAG, Final Policy Work, More Budget stuff w Matt | J26: Thursday
D27: Friday | E27: 1.5 | F27: Quarterly Report Finish | J27: Friday | K27: 3 | L27: Meeting with Caroline, finalised meeting with Jacob from library staff, emails.
D28: Saturday | J28: Saturday | K28: 3 | L28: Q2 and emails
D29: Sunday | J29: Sunday
E30: =SUM(E23:E29) -> 20.5 | K30: =SUM(K23:K29) -> 11.5
B32: Academic | C32: Hansini | D32: Day | E32: Hours | F32: Tasks | H32: International | I32: Irfaan | J32: Day | K32: Hours | L32: Tasks
D33: Monday | E33: 3 | F33: Emails and Admin + Comms w Daniel about law exam stuff and emailing Dean | J33: Monday | K33: 0.5 | L33: Emails and admin
D34: Tuesday | J34: Tuesday | K34: 0 | L34: Exam day
D35: Wednesday | E35: 3.5 | F35: Catching up on emails because I have been in exam hell | J35: Wednesday | K35: 0 | L35: Break day
D36: Thursday | J36: Thursday | K36: 2 | L36: Worked on Qrt Report
D37: Friday | J37: Friday | K37: 2 | L37: Worked on Qrt Report
D38: Saturday | J38: Saturday | K38: 3 | L38: Emails and admin finalising MCBall plans with presidents
D39: Sunday | E39: 7 | F39: Quarterly Report Finish + AI Policy Work I did not get to do bc of Exams | J39: Sunday | K39: 0 | L39: Break day
E40: =SUM(E33:E39) -> 13.5 | K40: =SUM(K33:K39) -> 7.5
B42: Welfare and Equity | C42: Rihana | D42: Day | E42: Hours | F42: Tasks | H42: Political | I42: Flynn | J42: Day | K42: Hours | L42: Tasks
D43: Monday | E43: 3 | F43: Equity committee meeting, catching up on last weeks missed emails | J43: Monday | L43: Surgery (2 weeks off)
D44: Tuesday | E44: 3 | F44: HIV and SAR Support sheets and reaching out to reasorces around Dunedin | J44: Tuesday
D45: Wednesday | J45: Wednesday
D46: Thursday | F46: EXAM + TRAVELING | J46: Thursday
D47: Friday | F47: TRAVELING | J47: Friday
D48: Saturday | E48: 2 | F48: Working on report | J48: Saturday
D49: Sunday | J49: Sunday
E50: =SUM(E43:E49) -> 8 | K50: =SUM(K43:K49) -> 0

Sheet JUN 15 - 21
B2: President | C2: Daniel | D2: Day | E2: Hours | F2: Tasks | H2: Residential | I2: Zoe | J2: Day | K2: Hours | L2: Tasks
D3: Monday | E3: 9 | F3: Emails, Debbie catch up, finishing Q2 report, video w marketing, board meeting admin, long ATSA teams meeting, catch up w Troy and Kamesha, call w Jeff, emails and looking into Sophia Charter workstreams | J3: Monday
D4: Tuesday | E4: 9 | F4: Emails, meeting w Hockey club President, Agenda sorting and readings, popping into student support pop up, meeting with AUTSA President, planning, COO meeting, Looking at constitutional changes w Donna, catch up w Kamesha, media call, call w Gina | J4: Tuesday
D5: Wednesday | E5: 8 | F5: Deloitte committee check in, Emails and meeting admin, more work on constitution drafting, Check in w Gina and Jeff, NDSA meeting, chat to Donna, chat to Planet re election ads, getting ahead on some critic columns, more emails | J5: Wednesday
D6: Thursday | E6: 8.5 | F6: Board meeting, constitutional work w Kamesha, ISO fees free meeting, chat to marketing, emails | J6: Thursday
D7: Friday | E7: 3 | F7: Debbie catch up, emails, call w Jeff | J7: Friday
D8: Saturday | J8: Saturday
D9: Sunday | J9: Sunday
E10: =SUM(E3:E9) -> 37.5 | K10: =SUM(K3:K9) -> 0
B12: Admin Vice President | C12: Kamesha | D12: Day | E12: Hours | F12: Tasks | H12: Postgraduate | I12: Fergus | J12: Day | K12: Hours | L12: Tasks
D13: Monday | E13: 2 | F13: catch up w troy and daniel, emails and catch uop from week away (minutes reading, planning) | J13: Monday | K13: 1.5 | L13: Exec quarter report, emails and admin
D14: Tuesday | E14: 2 | F14: roadmap creation +planning w daniel, catch up with donna | J14: Tuesday
D15: Wednesday | E15: 1 | F15: Deloitte committee check in | J15: Wednesday
D16: Thursday | E16: 6 | F16: board meeting, constitution work w daniel, ISO fees free meeting, chat w marketing, quaterly report reading | J16: Thursday | K16: 4 | L16: Board meeting, zoom chat with Snita from Wellington
D17: Friday | E17: 5 | F17: quater report finsish reading, emails, catch up with Donna, re-writing exec roles policy | J17: Friday
D18: Saturday | J18: Saturday
D19: Sunday | J19: Sunday
E20: =SUM(E13:E19) -> 16 | K20: =SUM(K13:K19) -> 5.5
B22: Finance and Strategy | C22: Troy | D22: Day | E22: Hours | F22: Tasks | H22: Clubs and Socs | I22: Ella | J22: Day | K22: Hours | L22: Tasks
D23: Monday | E23: 1.5 | F23: Q Report Finish and 2022 Minutes readings, quick catch up w Kamesha & Daniel | J23: Monday
D24: Tuesday | E24: 2 | F24: Agenda Reading, Deloittee Reading | J24: Tuesday | K24: 4 | L24: Following up Ethics comittee, meeting with students, meeting with caroline, emails
D25: Wednesday | E25: 3 | F25: Deloitte, Chat w CFO, VCSSAG Minutes, Timetabling Minutes | J25: Wednesday | K25: 1 | L25: Document reading, emails, Q reports reading
D26: Thursday | E26: 3.5 | F26: Board Meeting, Fees free work and Research, Chat w R1 | J26: Thursday | K26: 2 | L26: Board meeting
D27: Friday | E27: 3 | F27: Meeting w/ JM, DM, PS, MA, JM #2 about teritary issues, conservation bill, and other legislative movements | J27: Friday
D28: Saturday | J28: Saturday
D29: Sunday | J29: Sunday
E30: =SUM(E23:E29) -> 13 | K30: =SUM(K23:K29) -> 7
B32: Academic | C32: Hansini | D32: Day | E32: Hours | F32: Tasks | H32: International | I32: Irfaan | J32: Day | K32: Hours | L32: Tasks
D33: Monday | E33: 5 | F33: Writing up Q2 report and emails | J33: Monday
D34: Tuesday | E34: 6 | F34: Huge catch up on admin and emails and staff comms from last week due to exams | J34: Tuesday
D35: Wednesday | E35: 5 | F35: Reading up on missed committee agendas and minutes etc (which takes forever bc there are like millions of them) | J35: Wednesday
D36: Thursday | E36: 6 | F36: Paper consultations backlog and board meeting | J36: Thursday
D37: Friday | E37: 6 | F37: More committee minutes and content catch up | J37: Friday
D38: Saturday | J38: Saturday
D39: Sunday | J39: Sunday
E40: =SUM(E33:E39) -> 28 | K40: =SUM(K33:K39) -> 0
B42: Welfare and Equity | C42: Rihana | D42: Day | E42: Hours | F42: Tasks | H42: Political | I42: Flynn | J42: Day | K42: Hours | L42: Tasks
D43: Monday | E43: 1 | F43: Equity Business Case Meeting | J43: Monday
D44: Tuesday | J44: Tuesday
D45: Wednesday | J45: Wednesday
D46: Thursday | E46: 3 | F46: Board meeting | J46: Thursday
D47: Friday | E47: 1 | F47: E-meeting with Jo | J47: Friday
D48: Saturday | J48: Saturday
D49: Sunday | J49: Sunday
E50: =SUM(E43:E49) -> 5 | K50: =SUM(K43:K49) -> 0

Sheet JUN 22 - 28
B2: President | C2: Daniel | D2: Day | E2: Hours | H2: Residential | I2: Zoe | J2: Day | K2: Hours | L2: Tasks
D3: Monday | E3: 2 | F3: Quarterly Reports Reading, call w Donna, call w Kamesha, checking emails | J3: Monday
D4: Tuesday | E4: 2.5 | F4: Checking emails, calls w Donna, Kamesha, Hanna, and Gina, some quick writing for exec | J4: Tuesday | K4: 6 | L4: Warden recruitment applications review, filling out the review matrix
D5: Wednesday | E5: 4 | F5: Senate, emails, call w Debbie | J5: Wednesday | K5: 2 | L5: Shortlisting TRC meeting
D6: Thursday | E6: 0.5 | F6: Email admin | J6: Thursday
D7: Friday | E7: 4 | F7: Claire Gallop catch up, council committee readings, appeals readings, catch up w TTAP President | J7: Friday
D8: Saturday | J8: Saturday
D9: Sunday | J9: Sunday | K9: 1 | L9: Quarterly report reading
E10: =SUM(E3:E9) -> 13 | K10: =SUM(K3:K9) -> 9
B12: Admin Vice President | C12: Kamesha | D12: Day | E12: Hours | F12: Tasks | H12: Postgraduate | I12: Fergus | J12: Day | K12: Hours | L12: Tasks
D13: Monday | E13: 6 | F13: emails, submission drafting for conservation amendment bill, comms w exec + daniel via PHONNNEEE. Answering some student governance questions, check in w donna, meeting w debbie re draft for lawyers/exec roles/hybrid structyure documents | J13: Monday
D14: Tuesday | E14: 5 | F14: meeting w marketing 4 briefing, emailing re postal services.... Call w daniel re code of conduct and whats next | J14: Tuesday
D15: Wednesday | E15: 1 | F15: emails, reading of constitutional draft map and comms re deloitte process | J15: Wednesday | K15: 3 | L15: Senate, emails and admin
D16: Thursday | F16: 4 | J16: Thursday | K16: 4 | L16: Human Ethics Committee, emails and admin
D17: Friday | E17: 2 | F17: getting in touch w marketing and pre-organising for fees free strike. emails. check through past minutes to ensure were on track for all things coming. planning referndum next steps for discussion | J17: Friday
D18: Saturday | J18: Saturday
D19: Sunday | J19: Sunday
E20: =SUM(E13:E19) -> 14 | K20: =SUM(K13:K19) -> 7
B22: Finance and Strategy | C22: Troy | D22: Day | E22: Hours | F22: Tasks | H22: Clubs and Socs | I22: Ella | J22: Day | K22: Hours | L22: Tasks
D23: Monday | E23: 5 | F23: Quarterly Reports Reading, | J23: Monday
D24: Tuesday | E24: 3 | F24: FESC Stuff, Chat w Matt & Mukesh, Chat w DJ, Marketing Breif | J24: Tuesday | K24: 1 | L24: Meeting with Caroline
D25: Wednesday | E25: 4.5 | F25: MP emailing & correspondence, Hyde Street Budget walk through, Recoveries and Holdings numbers | J25: Wednesday
D26: Thursday | E26: 4 | F26: Begining FESC Report, Catching up on information and summarising my deloitte thoughts | J26: Thursday
D27: Friday | E27: 4 | F27: Squash Courts & Mojo's research/readings, Policy Reading & Consitution - Re Inconsistencies, | J27: Friday
D28: Saturday | J28: Saturday
D29: Sunday | J29: Sunday
E30: =SUM(E23:E29) -> 20.5 | K30: =SUM(K23:K29) -> 1
B32: Academic | C32: Hansini | D32: Day | E32: Hours | F32: Tasks | H32: International | I32: Irfaan | J32: Day | K32: Hours | L32: Tasks
D33: Monday | E33: 5 | F33: AI Literacy working group meeting notes catch up agenda etc readings for this | J33: Monday
D34: Tuesday | E34: 5.5 | F34: Prep for DLE readings and all that just for me to not make the meeting bc my flight was delayed but at least I got work done in the airport | J34: Tuesday
D35: Wednesday | E35: 5.5 | F35: Research and prep and readings for Senate + Senate | J35: Wednesday
D36: Thursday | E36: 5 | F36: More catch up on paper proposal consults | J36: Thursday
D37: Friday | E37: 4.5 | F37: Paper proposals and admin | J37: Friday
D38: Saturday | J38: Saturday
D39: Sunday | J39: Sunday
E40: =SUM(E33:E39) -> 25.5 | K40: =SUM(K33:K39) -> 0
B42: Welfare and Equity | C42: Rihana | D42: Day | E42: Hours | F42: Tasks | H42: Political | I42: Flynn | J42: Day | K42: Hours | L42: Tasks
D43: Monday | J43: Monday | K43: 3 | L43: Parmjeet Parmar correspondence, debate planning
D44: Tuesday | E44: 1 | F44: PCG Meeting | J44: Tuesday
D45: Wednesday | J45: Wednesday | K45: 2 | L45: Lewis VUWSA campaigns chat
D46: Thursday | J46: Thursday | K46: 1 | L46: Report writing
D47: Friday | J47: Friday | K47: 2 | L47: Admin (responding to student emails, social media templates)
D48: Saturday | J48: Saturday
D49: Sunday | J49: Sunday
E50: =SUM(E43:E49) -> 1 | K50: =SUM(K43:K49) -> 8

Sheet JUN 29 - JUL 5
B2: President | C2: Daniel | D2: Day | E2: Hours | F2: Tasks | H2: Residential | I2: Zoe | J2: Day | K2: Hours | L2: Tasks
D3: Monday | E3: 5 | F3: Appeals board, Council CDC meeting, Call w Debbie and lawyer, call w Debbie | J3: Monday
D4: Tuesday | E4: 1.5 | F4: Admin and emails | J4: Tuesday
D5: Wednesday | E5: 4.5 | F5: Emails and readings from airport lounges, TV interview re glass bottles at Botans lookout, catch up with critic and Donna back in office, email catch up again | J5: Wednesday
D6: Thursday | E6: 10 | F6: Emails, catch up w Donna, catch up w Ingrid about SGM and fees free, watching and doing work around uni LST restructure news, Sophia charter partners meeting, follow up discussions, admin, spamming emails and organsising things | J6: Thursday
D7: Friday | E7: 8.5 | F7: Emails, admin, catch up w Radio One and discussing potential new tenancy rights show, working on governance change document to go to students | J7: Friday
D8: Saturday | J8: Saturday
D9: Sunday | E9: 3 | F9: Emails, more work on SGM stuff, other admin catch up | J9: Sunday
E10: =SUM(E3:E9) -> 32.5 | K10: =SUM(K3:K9) -> 0 | L10: Away on break
B12: Admin Vice President | C12: Kamesha | D12: Day | E12: Hours | F12: Tasks | H12: Postgraduate | I12: Fergus | J12: Day | K12: Hours | L12: Tasks
D13: Monday | J13: Monday
D14: Tuesday | J14: Tuesday
D15: Wednesday | J15: Wednesday
D16: Thursday | J16: Thursday
D17: Friday | J17: Friday
D18: Saturday | J18: Saturday
D19: Sunday | J19: Sunday | L19: Away on break
E20: =SUM(E13:E19) -> 0 | K20: =SUM(K13:K19) -> 0
B22: Finance and Strategy | C22: Troy | D22: Day | E22: Hours | F22: Tasks | H22: Clubs and Socs | I22: Ella | J22: Day | K22: Hours | L22: Tasks
D23: Monday | E23: 3.5 | F23: Debbie Meeting, R1 Chat, Helping Rec | J23: Monday
D24: Tuesday | E24: 1.5 | F24: Final FESC stuff and sorting out final things needed before my holiday | J24: Tuesday
D25: Wednesday | J25: Wednesday | K25: 5 | L25: Caroline meeting, affiliated clubs council planning, guides research
D26: Thursday | J26: Thursday | K26: 2 | L26: Guides work
D27: Friday | J27: Friday
D28: Saturday | J28: Saturday
D29: Sunday | J29: Sunday
E30: =SUM(E23:E29) -> 5 | K30: =SUM(K23:K29) -> 7
B32: Academic | C32: Hansini | D32: Day | E32: Hours | F32: Tasks | H32: International | I32: Irfaan | J32: Day | K32: Hours | L32: Tasks
D33: Monday | E33: 5 | F33: Spent the day catching up on all the Science Div committee stuff bc these have been delegated to Leo and I havent opened them in a while | J33: Monday
D34: Tuesday | E34: 4.5 | F34: Worked on some Assessment Policy stuff in light of the changes | J34: Tuesday
D35: Wednesday | E35: 5 | F35: Hashtag paper proposals and emails | J35: Wednesday
D36: Thursday | E36: 5.5 | F36: More paper proposals because break seems to be when all of these come through | J36: Thursday
D37: Friday | E37: 5 | F37: Emails and end of week admin | J37: Friday
D38: Saturday | J38: Saturday
D39: Sunday | J39: Sunday
E40: =SUM(E33:E39) -> 25 | K40: =SUM(K33:K39) -> 0
B42: Welfare and Equity | C42: Rihana | D42: Day | E42: Hours | F42: Tasks | H42: Political | I42: Flynn | J42: Day | K42: Hours | L42: Tasks
D43: Monday | J43: Monday | K43: 3 | L43: VSM research, chat with Ethan VUWSA
D44: Tuesday | J44: Tuesday | K44: 2 | L44: Gender Bill statement
D45: Wednesday | J45: Wednesday | K45: 2.5 | L45: Gender Bill statement, social media templates
D46: Thursday | J46: Thursday
D47: Friday | J47: Friday | K47: 3 | L47: Emails, election debate socials
D48: Saturday | J48: Saturday
D49: Sunday | J49: Sunday
E50: =SUM(E43:E49) -> 0 | K50: =SUM(K43:K49) -> 10.5

Sheet JUL 6 - 12
B2: President | C2: Daniel | D2: Day | E2: Hours | F2: Tasks | H2: Residential | I2: Zoe | J2: Day | K2: Hours | L2: Tasks
D3: Monday | E3: 10.5 | F3: Emails, catch up w Donna, Catch up w R1, catch up w Caroline re uni sport, call w Jeff, catch up w Debbie, exec meeting admin + reading, writing critic columns x 3, chairing UOPISA SGM via zoom | J3: Monday
D4: Tuesday | E4: 9.5 | F4: Emails, Grant catch up, reading my notes from the last 6 months lol, digging into OUSA history books | J4: Tuesday
D5: Wednesday | E5: 8.5 | F5: Literal 4 hour coffee catch up with former prez Paul Gourlie, catch up w Donna, catch up w Debbie, emails and organising meetings, quick readings, opportunity party podcast, comms w Kamesha | J5: Wednesday
D6: Thursday | E6: 6.25 | F6: Emails, chatting to donna & matt about Exec pay, liability, council, and other problems of the world (OUSA related problems that is), Council readings x 400 pages and notes | J6: Thursday
D7: Friday | E7: 3 | F7: Service for Paul Mugambe | J7: Friday
D8: Saturday | J8: Saturday
D9: Sunday | E9: 2 | F9: last council readings | J9: Sunday
E10: =SUM(E3:E9) -> 39.75 | K10: =SUM(K3:K9) -> 0 | L10: Away on break
B12: Admin Vice President | C12: Kamesha | D12: Day | E12: Hours | F12: Tasks | H12: Postgraduate | I12: Fergus | J12: Day | K12: Hours | L12: Tasks
D13: Monday | J13: Monday
D14: Tuesday | J14: Tuesday
D15: Wednesday | E15: 4 | F15: statement editing, emails and organising and reorienting after a week and a bit out of service | J15: Wednesday
D16: Thursday | E16: 3 | F16: emails/admin, editing/writing governence piece, comms w donna | J16: Thursday
D17: Friday | E17: 1.5 | F17: fees free meeting and comms | J17: Friday
D18: Saturday | J18: Saturday
D19: Sunday | E19: 4 | F19: reading for deloitte and prep for exec meeting + quaterly rept readig, fees free design comms | J19: Sunday | L19: Away on break
E20: =SUM(E13:E19) -> 12.5 | K20: =SUM(K13:K19) -> 0
B22: Finance and Strategy | C22: Troy | D22: Day | E22: Hours | F22: Tasks | H22: Clubs and Socs | I22: Ella | J22: Day | K22: Hours | L22: Tasks
D23: Monday | E23: 2 | F23: Grants Panel Readings, Emailing and Admin | J23: Monday
D24: Tuesday | J24: Tuesday
D25: Wednesday | E25: 0.5 | F25: Emailing and Admin | J25: Wednesday
D26: Thursday | J26: Thursday
D27: Friday | J27: Friday
D28: Saturday | E28: 5 | F28: Quaterly Report Reading | J28: Saturday
D29: Sunday | E29: 3 | F29: Readings for Deloitte, and Timetabling Committee, Catch up w Flynn all things OUSA, Call w Donna | J29: Sunday
E30: =SUM(E23:E29) -> 10.5 | K30: =SUM(K23:K29) -> 0 | L30: Away on break
B32: Academic | C32: Hansini | D32: Day | E32: Hours | F32: Tasks | H32: International | I32: Irfaan | J32: Day | K32: Hours | L32: Tasks
D33: Monday | E33: 5 | F33: Emails + General Admin + Prepping for Sem 2 | J33: Monday
D34: Tuesday | E34: 4.5 | F34: More paper proposals and consulting | J34: Tuesday
D35: Wednesday | E35: 4.5 | F35: "" | J35: Wednesday
D36: Thursday | E36: 4.5 | F36: Taking a read of everyone's Q2 reports to see what cool stuff everyone's been up to | J36: Thursday
D37: Friday | E37: 4 | F37: UAC readings and catch up of meeting notes and minutes and meeting pack bc I missed it due to appointment | J37: Friday
D38: Saturday | J38: Saturday
D39: Sunday | E39: 1 | F39: Readings for exec meeting | J39: Sunday
E40: =SUM(E33:E39) -> 23.5 | K40: =SUM(K33:K39) -> 0
B42: Welfare and Equity | C42: Rihana | D42: Day | E42: Hours | F42: Tasks | H42: Political | I42: Flynn | J42: Day | K42: Hours | L42: Tasks
D43: Monday | J43: Monday
D44: Tuesday | E44: 2 | F44: Meeting with Claudia Faletolu | J44: Tuesday | K44: 1 | L44: Canva
D45: Wednesday | E45: 1 | F45: Contacting students for Anti-racist policy insight for Claudia | J45: Wednesday | K45: 3 | L45: VSM research, election debate emails
D46: Thursday | J46: Thursday | K46: 1 | L46: Admin (message from Mickey, Mandy, exec stuff)
D47: Friday | J47: Friday | K47: 3 | L47: Election debate planning
D48: Saturday | J48: Saturday
D49: Sunday | J49: Sunday
E50: =SUM(E43:E49) -> 3 | K50: =SUM(K43:K49) -> 8

Sheet JUL 13 - 19 
A1: 1
B2: President | C2: Daniel | D2: Day | E2: Hours | F2: Tasks | H2: Residential | I2: Zoe | J2: Day | K2: Hours | L2: Tasks
D3: Monday | E3: 8.5 | F3: Exec meeting and set up, catch up w Debbie, catching up on stuff over the break w Jarna and Troy, chat to Liz boit proposed exec changes, emails, call w Kamesha, call w Jeff, Deloitte comm, admin | J3: Monday | K3: 1 | L3: Exec meeting
D4: Tuesday | E4: 10 | F4: Council add day, clubs day for lunch break, chat about chippy to critic and exec, catch up w Dwaine, catch up w Debbie, call w holdings directors, call w Kamesha | J4: Tuesday
D5: Wednesday | E5: 8 | F5: Catch up w Debbie, call w Gina, FESC, media, market day walk around and fees free videoing, call w Kamesha | J5: Wednesday
D6: Thursday | E6: 5 | F6: Coffee with life member, emails, chat to Flynn and Troy, catching up on marketing for fees free and SGM, chat to liam, comms w Kamesha, admin | J6: Thursday
D7: Friday | E7: 8.5 | F7: Catch up w Debbie, Emails, Leaders debate meeting, coffee w Liam, 3 hour call with Kamesha to go thru constitutional amendments | J7: Friday
D8: Saturday | J8: Saturday
D9: Sunday | E9: 4 | F9: Emails and catching up, greens campaign event, readings x 2 | J9: Sunday | K9: 1 | L9: Green sticker, residential committee organising, emails
E10: =SUM(E3:E9) -> 44 | K10: =SUM(K3:K9) -> 2
B12: Admin Vice President | C12: Kamesha | D12: Day | E12: Hours | F12: Tasks | H12: Postgraduate | I12: Fergus | J12: Day | K12: Hours | L12: Tasks
D13: Monday | E13: 5 | F13: exec meeting, statment editing, call w daniel/donna/troy, deloitte committee, fees free meeting and comms, emails + contatcing polytech? | J13: Monday | K13: 1.5 | L13: Exec meeting, emails and admin. GRS meeting.
D14: Tuesday | E14: 3 | F14: slide making, fees submission first drafting, writing critic piece | J14: Tuesday | K14: 3.5 | L14: GRS Catch up, Clubs Day Stand set up, manning, and packing up.
D15: Wednesday | E15: 3 | F15: fesc, meeting with weave together, comms w daniel, finishing up critic piece | J15: Wednesday
D16: Thursday | E16: 4 | F16: clubs policy review and comms, back to submission writing + slide making, comms w daniel + marketing. re-editing statment | J16: Thursday
D17: Friday | E17: 3 | F17: minutes proofing/admin, zoom w daniel re constitution, editing draft and discssing further steps | J17: Friday
D18: Saturday | J18: Saturday
D19: Sunday | E19: 2 | F19: meeting readings, prep | J19: Sunday
E20: =SUM(E13:E19) -> 20 | K20: =SUM(K13:K19) -> 5
B22: Finance and Strategy | C22: Troy | D22: Day | E22: Hours | F22: Tasks | H22: Clubs and Socs | I22: Ella | J22: Day | K22: Hours | L22: Tasks
D23: Monday | E23: 6.5 | F23: Call w Kamesha, Daniel, Donna, Meeting w Debbie, Catch up w R1, Good chat w Daniel, Meet w Liz about exec, Exec catch up w Donna, Timetabling Committee, EXEC Meeting | J23: Monday
D24: Tuesday | E24: 6.5 | F24: Clubs Day, Holdings email, FESC final prep | J24: Tuesday
D25: Wednesday | E25: 6 | F25: FESC, Meeting w Brian Trott, FESC Report, Filming w President | J25: Wednesday
D26: Thursday | E26: 4 | F26: Pints and Pols, Chat w Leamy & Flynn, Chat w Liam | J26: Thursday
D27: Friday | E27: 3.5 | F27: , Catch up w Mickey Treadwell, Breif chat w Liam, Leamy, Josh, Flynn | J27: Friday
D28: Saturday | J28: Saturday
D29: Sunday | E29: 3.5 | F29: Green Party & readings | J29: Sunday
E30: =SUM(E23:E29) -> 30 | K30: =SUM(K23:K29) -> 0 | L30: Medical leave until Aug 26
B32: Academic | C32: Hansini | D32: Day | E32: Hours | F32: Tasks | H32: International | I32: Irfaan | J32: Day | K32: Hours | L32: Tasks
D33: Monday | E33: 4 | F33: Exec meeting, sending off some more paper proposal consults | J33: Monday
D34: Tuesday | E34: 4 | F34: AI Policy work | J34: Tuesday
D35: Wednesday | E35: 4.5 | F35: DLE meeting and meeting prep | J35: Wednesday
D36: Thursday | E36: 4.5 | F36: Paper proposals and staff consults | J36: Thursday
D37: Friday | E37: 3 | F37: More admin and emails to staff | J37: Friday
D38: Saturday | J38: Saturday
D39: Sunday | E39: 2.5 | F39: Meeting readings and admin for the week upcoming | J39: Sunday
E40: =SUM(E33:E39) -> 22.5 | K40: =SUM(K33:K39) -> 0
B42: Welfare and Equity | C42: Rihana | D42: Day | E42: Hours | F42: Tasks | H42: Political | I42: Flynn | J42: Day | K42: Hours | L42: Tasks
D43: Monday | J43: Monday | K43: 1.5 | L43: Exec meeting
D44: Tuesday | J44: Tuesday | K44: 6.5 | L44: Clubs day, Chris Hipkins interview
D45: Wednesday | J45: Wednesday | K45: 2 | L45: VSM talk
D46: Thursday | J46: Thursday
D47: Friday | E47: 1 | F47: Catch up with Jo | J47: Friday | K47: 3 | L47: Leaders debate meeting, poster draft, questions
D48: Saturday | J48: Saturday
D49: Sunday | J49: Sunday | K49: 2 | L49: Green party launch
E50: =SUM(E43:E49) -> 1 | K50: =SUM(K43:K49) -> 15

Sheet JUL 20 - 26 
B2: President | C2: Daniel | D2: Day | F2: Tasks | H2: Residential | I2: Zoe | J2: Day | K2: Hours | L2: Tasks
D3: Monday | E3: 11 | F3: Emails, Exec board meeting, more emails, VC summit, Uniq catch up w Sarah, chat to Flynn and Troy, Education action group (fees free etc) | J3: Monday | K3: 3 | L3: Exec meeting, VC Summit, Tenancy case support
D4: Tuesday | E4: 10.5 | F4: Fuel WG, Appeals review working group, chat to Debbie, chat to Ingrid, helping unload monitors, call w Gina, more mktg yarns, emails, call w Amit, writing quick speech for tonight, catch up w Debbie, Make it 16 event | J4: Tuesday | K4: 1 | L4: Tenancy phone consultation
D5: Wednesday | E5: 6 | F5: DCC meeting w Flynn and Troy (didn't get let in so we got coffee), Emails, writing proposal for exec role, editing student strike email, COO catch up | J5: Wednesday
D6: Thursday | E6: 3 | F6: Emails, catch up w everyone in office, catch up w Debbie re holdings, Student services expo in link, admin before leaving for Wellington | J6: Thursday | K6: 4 | L6: Locals meeting, tenancy visit, phone consultation
D7: Friday | E7: 12 | F7: Flying to Wellington at 6:30am, Student job search meeting all morning, meeting up w wellington postgrad association, meeting wellington student services ppl, emails and admin | J7: Friday
D8: Saturday | E8: 8 | F8: ATSA all day | J8: Saturday | K8: 1 | L8: Tenancy resource DOC, Lisa Burrough Comms
D9: Sunday | E9: 9.5 | F9: ATSA all day, flying home, emails and admin | J9: Sunday | K9: 2 | L9: green sticker
E10: =SUM(E3:E9) -> 60 | K10: =SUM(K3:K9) -> 11
B12: Admin Vice President | C12: Kamesha | D12: Day | E12: Hours | F12: Tasks | H12: Postgraduate | I12: Fergus | J12: Day | K12: Hours | L12: Tasks
D13: Monday | E13: 2 | F13: exec meeting | J13: Monday | K13: 3 | L13: Exec meeting, Grant meeting, emails & admin
D14: Tuesday | E14: 2 | F14: Francis Hodkins Fellowship Committee prep and scoring | J14: Tuesday | K14: 0.5 | L14: Emails and admin
D15: Wednesday | E15: 3.5 | F15: speech draft, admin and HUMS prep | J15: Wednesday
D16: Thursday | E16: 2.5 | F16: Emails, readings re constitution and admin | J16: Thursday | K16: 1 | L16: Rewriting quarterly report, emails & admin.
D17: Friday | E17: 5 | F17: catch up w donna, catch up with debbie, catch up with liz, bds meeting, planning w flynn, more speech draft and website admin, fliming video | J17: Friday
D18: Saturday | J18: Saturday
D19: Sunday | E19: 3 | F19: finish slides, readings for monday | J19: Sunday
E20: =SUM(E13:E19) -> 18 | K20: =SUM(K13:K19) -> 4.5
B22: Finance and Strategy | C22: Troy | D22: Day | E22: Hours | F22: Tasks | H22: Clubs and Socs | I22: Ella | J22: Day | K22: Hours | L22: Tasks
D23: Monday | E23: 8 | F23: Exec Meeting, VC Summit, Chat to Flynn and Daniel, EAG, Budget/Finances w Matt | J23: Monday
D24: Tuesday | E24: 1.5 | F24: Make it 16, | J24: Tuesday
D25: Wednesday | E25: 6 | F25: DCC Meeting (Coffee), Exec Proposal, Life Member consulting, Catch up w Events, Chat w Hanna about Critic Te Arohi, Budget | J25: Wednesday
D26: Thursday | E26: 4 | F26: Helping Donna with all things admin, Catch up w Hansini, Call w Bong (Save me), Budget | J26: Thursday
D27: Friday | E27: 6 | F27: Call w Fran, BDS, Budget, Jono Rowe presentation, General Catchups with staff & exec | J27: Friday
D28: Saturday | E28: 4 | F28: Breaky w Gov | J28: Saturday
D29: Sunday | E29: 3 | F29: Monday Readings | J29: Sunday | K29: 2 | L29: exec meeting reading and change documents
E30: =SUM(E23:E29) -> 32.5 | K30: =SUM(K23:K29) -> 2 | L30: Medical leave until Aug 26
B32: Academic | C32: Hansini | D32: Day | E32: Hours | F32: Tasks | H32: International | I32: Irfaan | J32: Day | K32: Hours | L32: Tasks
D33: Monday | E33: 5 | F33: Exec meeting, VC summit, emails | J33: Monday | K33: 4 | L33: Multicultural Ball event organisation, plan finalisation, VC summit
D34: Tuesday | E34: 4 | F34: Cranked out 3 paper proposals and amendments woop woop looked over uni101 stuff for meeting w rob so i can give consult | J34: Tuesday
D35: Wednesday | E35: 5 | F35: Read through and made feedback and notes on constitution and proposed role restructure and consult w Rob about those uni starter modules | J35: Wednesday
D36: Thursday | E36: 4.5 | F36: More role restructure work | J36: Thursday
D37: Friday | J37: Friday | K37: 1 | L37: Emails and other admin
D38: Saturday | J38: Saturday | K38: 5 | L38: Multicultural Ball, setup and prep, and packdown, emails and admin
D39: Sunday | E39: 3.5 | F39: Readings for the week and more constitutional stuff | J39: Sunday
E40: =SUM(E33:E39) -> 22 | K40: =SUM(K33:K39) -> 10
B42: Welfare and Equity | C42: Rihana | D42: Day | E42: Hours | F42: Tasks | H42: Political | I42: Flynn | J42: Day | K42: Hours | L42: Tasks
D43: Monday | E43: 2 | F43: OTCTB metting | J43: Monday | K43: 4.5 | L43: Exec meeting, VC summit, EAG meeting
D44: Tuesday | J44: Tuesday | K44: 2 | L44: Make It 16 launch
D45: Wednesday | J45: Wednesday
D46: Thursday | J46: Thursday | K46: 3 | L46: Meeting with BONG
D47: Friday | J47: Friday | K47: 4 | L47: Writing BDS policy, social mdia for protest
D48: Saturday | E48: 3 | F48: Doing work for the DIS REP doccument | J48: Saturday | K48: 3 | L48: Post for PAN statement, protest poster, leaders debate questions
D49: Sunday | J49: Sunday
E50: =SUM(E43:E49) -> 5 | K50: =SUM(K43:K49) -> 16.5

Sheet JUL 27 - AUG 2
B2: President | C2: Daniel | D2: Day | F2: Tasks | H2: Residential | I2: Zoe | J2: Day | K2: Hours | L2: Tasks
D3: Monday | E3: 10.25 | F3: Catch up w Debbie and Donna, Exec meeting, admin, Rachel catch up, yarns to exec, catch up w Kamesha, emails, media stuff, EAG meeting | J3: Monday | K3: 3 | L3: Phone consultation, mould company / testing research
D4: Tuesday | E4: 8.25 | F4: Emails, admin, yarn to critic, working on proposal, Wellness on campus long meeting, meeting w Grant, chalking for protest | J4: Tuesday | K4: 1 | L4: Green sticker
D5: Wednesday | E5: 10.5 | F5: Fees free protest + set up and wrap up, call w advisory board, emails, working on consultation doc, ISO protest meeting | J5: Wednesday
D6: Thursday | E6: 10 | F6: Emails, Chat to Debbie x 2, catch up w Jack re SGM charing, paddle making, campus msterplan workshop, call w lawyer, more work on proposals | J6: Thursday
D7: Friday | E7: 6 | F7: emails, catch up w donna and kamesha, Long call w Keegan (2024 Prez), gina and debbie catch up, random admn and phone calls | J7: Friday
D8: Saturday | J8: Saturday
D9: Sunday | J9: Sunday | K9: 0.5 | L9: Emails
E10: =SUM(E3:E9) -> 45 | K10: =SUM(K3:K9) -> 4.5
B12: Admin Vice President | C12: Kamesha | D12: Day | E12: Hours | F12: Tasks | H12: Postgraduate | I12: Fergus | J12: Day | K12: Hours | L12: Tasks
D13: Monday | E13: 7 | F13: exec meeting, catch up with flynn, comms with EAG re protest, drafting leaders debate w flynn, catch up and planning with daniel, EAG meeting | J13: Monday | K13: 2 | L13: exec meeting, admin and comms
D14: Tuesday | E14: 4 | F14: catch up w daniel, donna. painting for EAG, finishing speech and doing final FH Fellowship scoring | J14: Tuesday
D15: Wednesday | E15: 6 | F15: prep, Fees free protest + debrief, emails | J15: Wednesday | K15: 4 | L15: Protest, ethics committee proposal reviewals, admin and comms
D16: Thursday | E16: 3 | F16: critic column, proofreading their exec piece, catch up with flynn, brainstorming more leaders debate questions | J16: Thursday | K16: 1.5 | L16: Ethics committee, paddle making
D17: Friday | E17: 1.5 | F17: editing/reading statment, governnace chat w daniel and donna, call with oscar re EAG | J17: Friday
D18: Saturday | J18: Saturday
D19: Sunday | J19: Sunday
E20: =SUM(E13:E19) -> 21.5 | K20: =SUM(K13:K19) -> 7.5
B22: Finance and Strategy | C22: Troy | D22: Day | E22: Hours | F22: Tasks | H22: Clubs and Socs | I22: Ella | J22: Day | K22: Hours | L22: Tasks
D23: Monday | E23: 5 | F23: Exec, Brooking, Donna, | J23: Monday | K23: 2 | L23: exec meeting
D24: Tuesday | E24: 4.5 | F24: Chat w Flynn & Donna, Socialism Training | J24: Tuesday
D25: Wednesday | E25: 6 | F25: Protest & Prep, Chat w Matt | J25: Wednesday
D26: Thursday | E26: 2 | F26: Catch up w Mukesh, Catch up w Debbie, More UBS chats, Protest chats | J26: Thursday
D27: Friday | E27: 5 | F27: Lunch w Aaron, Hybrid Call, Long chat w Donna, Talking hybrid w meesh | J27: Friday
D28: Saturday | J28: Saturday
D29: Sunday | J29: Sunday
E30: =SUM(E23:E29) -> 22.5 | K30: =SUM(K23:K29) -> 2 | L30: Medical leave until Aug 26
B32: Academic | C32: Hansini | D32: Day | E32: Hours | F32: Tasks | H32: International | I32: Irfaan | J32: Day | K32: Hours | L32: Tasks
D33: Monday | E33: 6.5 | F33: Exec meeting, admin, emails and prep for the week | J33: Monday | K33: 2 | L33: Exec meeting
D34: Tuesday | E34: 3.5 | F34: DLE PSC committee meeting | J34: Tuesday
D35: Wednesday | E35: 4.5 | F35: Senate preparation and senate meeting | J35: Wednesday
D36: Thursday | E36: 4 | F36: CALT readings and notes meeting prep and CALT committee | J36: Thursday
D37: Friday | E37: 4.5 | F37: Meeting with Student Voice representative talks of role restructure | J37: Friday
D38: Saturday | J38: Saturday
D39: Sunday | J39: Sunday
E40: =SUM(E33:E39) -> 23
B42: Welfare and Equity | C42: Rihana | D42: Day | E42: Hours | F42: Tasks | H42: Political | I42: Flynn | J42: Day | K42: Hours | L42: Tasks
D43: Monday | E43: 6 | F43: Exec meeting, catching up on missed emails | J43: Monday | K43: 4 | L43: Exec meeting, EAG meeting
D44: Tuesday | E44: 2 | F44: Making protest stuff and admin | J44: Tuesday | K44: 4 | L44: Banner making, protest workshop
D45: Wednesday | E45: 2 | F45: Fees free protest + set up and wrap up, call w advisory board, emails, working on consultation doc, ISO protest meeting | J45: Wednesday | K45: 3 | L45: Fees free protest
D46: Thursday | E46: 3 | F46: pannel making | J46: Thursday
D47: Friday | E47: 2 | F47: Meeting Uni Q | J47: Friday | K47: 1 | L47: Debate planning
D48: Saturday | J48: Saturday
D49: Sunday | J49: Sunday
E50: =SUM(E43:E49) -> 15 | K50: =SUM(K43:K49) -> 12

Sheet AUG 3 - 9
B2: President | C2: Daniel | D2: Day | E2: Hours | F2: Tasks | H2: Residential | I2: Zoe | J2: Day | K2: Hours | L2: Tasks
D3: Monday | E3: 8.5 | F3: Emails, Exec meeting, plaaning/scheduling, advisory board check in call, yarn to critic, more emails | J3: Monday | K3: 0.5 | L3: Senior Warden Phone Call, Emails
D4: Tuesday | E4: 9.5 | F4: videoing in the snow for ATSA, Emails, call w Gina Kamesha and Troy, check in at student support, separate call w Gina, catch up w Debbie, media interviews x 2, first half of blues and golds panel readings (there are 400 pages), lots more emails, chat to Kamaesha | J4: Tuesday | K4: 1 | L4: Mould results analysis - case work
D5: Wednesday | E5: 8 | F5: Emails, Grant catch up, exec frunch, protest guidelines uni meeting, Jo Orange catch up, admin and other random stuff for ATSA etc | J5: Wednesday | K5: 1 | L5: Community Law meeting, mould research
D6: Thursday | E6: 7 | F6: Emails, agenda organising, Proctor meeting, PI cultural awareness session, DCC transport strategy meeting, emails, explaining the canned governance changes for critic, finishing B&G's readings | J6: Thursday | K6: 2 | L6: Monthly Senior Warden Meeting re: Residential Committee, Cultural Awareness Workshop
D7: Friday | E7: 8 | F7: Monday readings, Blues and golds awards panel meeting, campus activiation meeting, chairing uopisa sgm, emails and yarns | J7: Friday | K7: 3 | L7: Recruitment interviews re: Te Rangihīroa
D8: Saturday | J8: Saturday
D9: Sunday | J9: Sunday | K9: 2 | L9: Meeting prep / reading, case work
E10: =SUM(E3:E9) -> 41 | K10: =SUM(K3:K9) -> 9.5
B12: Admin Vice President | C12: Kamesha | D12: Day | E12: Hours | F12: Tasks | H12: Postgraduate | I12: Fergus | J12: Day | K12: Hours | L12: Tasks
D13: Monday | E13: 5 | F13: exec meeting, emails, EAG meeting, start of drafting new proposal | J13: Monday | K13: 3 | L13: Exec meeting, emails and admin
D14: Tuesday | E14: 5 | F14: catch up w troy, meet with hansisni re exec role changes, meet with donna re moving forward on governance changes, meet with troy re finance role changes, in general discussing changes with everyone and writing exec role changes in response. Work on EAG imperatives - where are we going now with a fees free action and who can be included, emails. | J14: Tuesday | K14: 2 | L14: Dealing with student enquiry, writting exec collum piece, emails and admin
D15: Wednesday | E15: 4 | F15: outreach to some students w ousa questions, eag work, interview w critic on exec role changes, catch up w debbie re councillor issue | J15: Wednesday | K15: 2.5 | L15: Frunch w/ Daniel, emails and admin, radio interview with Harry Almany
D16: Thursday | E16: 2 | F16: final scores and comms with robert burns fellowship commitee, emails and admin | J16: Thursday | K16: 1 | L16: PI cultural awareness session, emails and admin
D17: Friday | J17: Friday
D18: Saturday | J18: Saturday
D19: Sunday | E19: 2 | F19: prep/reading for meeting and week ahed | J19: Sunday
E20: =SUM(E13:E19) -> 18 | K20: =SUM(K13:K19) -> 8.5
B22: Finance and Strategy | C22: Troy | D22: Day | E22: Hours | F22: Tasks | H22: Clubs and Socs | I22: Ella | J22: Day | K22: Hours | L22: Tasks
D23: Monday | E23: 6.5 | F23: Executive Meeting, Education Action Group, Budget w Matt | J23: Monday | K23: 2 | L23: Exec meeting
D24: Tuesday | E24: 6 | F24: Coffee w Meesh, Videoing with Leamy, Gina Call, convo with debbie about boards, Sorting out EAG & SYL stuff, Remuneration work, Chat w Cush, Budget again | J24: Tuesday
D25: Wednesday | E25: 4 | F25: Chat w Hanna, Guidlines, Meeting w Debbie, Meet w Mesh & Donna about role changes, Elecotrate Debate Planning | J25: Wednesday | K25: 3.5 | L25: Reading for blues and golds, frunch (without daniel :( )
D26: Thursday | E26: 5 | F26: Call w Jaimie, Call w Jeff, Advisory Board Letters, Chat w Mukesh and Matt, UOPISA workshop, explaining to Liz x 3, Call w Fran | J26: Thursday
D27: Friday | E27: 4.5 | F27: Meeting w YL PREZ, Call w Quintin, Meeting w Debbie, Meeting w Matt, Call w Gina | J27: Friday | K27: 3 | L27: Blues and Golds! Yay!
D28: Saturday | J28: Saturday
D29: Sunday | J29: Sunday | K29: 2 | L29: Document reading
E30: =SUM(E23:E29) -> 26 | K30: =SUM(K23:K29) -> 10.5 | L30: Medical leave until Aug 26
B32: Academic | C32: Hansini | D32: Day | E32: Hours | F32: Tasks | H32: International | I32: Irfaan | J32: Day | K32: Hours | L32: Tasks
D33: Monday | E33: 4.5 | F33: Exec meeting, admin for the week, leftover emails from last week | J33: Monday | K33: 3 | L33: Meeting with Adlina on OISA matters, OISA meeting, planning, emails and other
D34: Tuesday | E34: 5 | F34: Prep and planning for AI literacy working group, Ai literacy working group launch meeing, QAC pep and notes on agenda | J34: Tuesday
D35: Wednesday | E35: 4 | F35: Paper proposals and consultation for HUMS | J35: Wednesday | K35: 4 | L35: Emails, admins, writing references for clubs to apply for out-of-university grants
D36: Thursday | E36: 4 | F36: Student Voice meeting prep and student voice meeting, meeting with Proctor some more HUMS consultation | J36: Thursday
D37: Friday | E37: 1.5 | F37: Drafting survey for Lecture Recording Policy review | J37: Friday
D38: Saturday | J38: Saturday | K38: 2 | L38: Meeting with Santashree Mitra DCC
D39: Sunday | E39: 1 | F39: Exec meeting agenda reads and prep | J39: Sunday
E40: =SUM(E33:E39) -> 20 | K40: =SUM(K33:K39) -> 9 | L40: Out of office Aug 10 - Sept 6
B42: Welfare and Equity | C42: Rihana | D42: Day | E42: Hours | F42: Tasks | H42: Political | I42: Flynn | J42: Day | K42: Hours | L42: Tasks
D43: Monday | E43: 6 | F43: Exec meetin & admin, EAG Meeting | J43: Monday | K43: 3.5 | L43: Exec meeting, EAG meeting
D44: Tuesday | E44: 3 | F44: Writting statement for OUSA insta, comms around | J44: Tuesday
D45: Wednesday | J45: Wednesday
D46: Thursday | E46: 1 | F46: Meeting with proctor | J46: Thursday
D47: Friday | J47: Friday | K47: 1.5 | L47: Debate questions, planning
D48: Saturday | J48: Saturday
D49: Sunday | J49: Sunday
E50: =SUM(E43:E49) -> 10 | K50: =SUM(K43:K49) -> 5

Sheet AUG 10 - 16
B2: President | C2: Daniel | D2: Day | E2: Hours | F2: Tasks | H2: Residential | I2: Zoe | J2: Day | K2: Hours | L2: Tasks
D3: Monday | E3: 10 | F3: Emails and admin, exec meeting, catch up w Leda from student support re academic rep position and student voice reps, sorting chch campus visit w Fergus, figuring out July receipts, emails, call w Paul, chat to Dwaine re advocacy case, admin, greens event | J3: Monday | K3: 3 | L3: Exec meeting, emails, case work, building consents research
D4: Tuesday | E4: 7 | F4: CSSF funding discussion, catch up w Gordon Roy & Debbie, leaders debate + set up & pack up, emails, debrief | J4: Tuesday | K4: 2 | L4: DCC walk-in
D5: Wednesday | E5: 4 | F5: Sick day (lots of emails, messaging and calls from home) | J5: Wednesday
D6: Thursday | E6: 7.5 | F6: Emails, catch up w Kamesha & Troy, call w Jeff, readings quickly, Deloitte committee, Filming w Grant for initiations and enrol to vote, call w Gina, Call w Amit, PSA debate | J6: Thursday
D7: Friday | E7: 8 | F7: catch up w Donna, CEO/adv board catch up, FESC, Student voice hui, catch up w Caleb re exec elections, yarns to critic, yarn to matt, yarn to Debbie, emails and monday readings | J7: Friday
D8: Saturday | J8: Saturday
D9: Sunday | E9: 0.5 | F9: emails | J9: Sunday | K9: 2 | L9: Readings, green sticker
E10: =SUM(E3:E9) -> 37 | K10: =SUM(K3:K9) -> 7
B12: Admin Vice President | C12: Kamesha | D12: Day | E12: Hours | F12: Tasks | H12: Postgraduate | I12: Fergus | J12: Day | K12: Hours | L12: Tasks
D13: Monday | E13: 6 | F13: Exec Meeting, meeting w student support, debrief with donna, EAG meeting, emails and admin, catch up w flynn and troy | J13: Monday | K13: 3 | L13: Exec meeting, emails, sorting Chch trip with Daniel, GRS meeting
D14: Tuesday | E14: 7 | F14: set up for leaders debate, leaders debate and pack up, meeting with debbie re bong, constiutional changes admin | J14: Tuesday | K14: 5 | L14: Admin and emails, public leaders debate setup, running, and packing up
D15: Wednesday | E15: 2 | F15: admin, readings, catch up with donna re consitution | J15: Wednesday | K15: 0.5 | L15: Emails, chat with Donna
D16: Thursday | E16: 4 | F16: pre-deloitte prep, deloitte committee, consitutuional admin, catch up with donna, VCSSAG Prep | J16: Thursday | K16: 1 | L16: Academic committee, chats with Hansini & Kamesha
D17: Friday | E17: 5 | F17: VCSSAG, FESC, constitution admin w donna | J17: Friday
D18: Saturday | E18: 4 | F18: readings and prep for monday, survery, crawling through constitution to check for anything needed more relevent to change, proposals/memos | J18: Saturday
D19: Sunday | E19: 1 | F19: prep for monday | J19: Sunday
E20: =SUM(E13:E19) -> 29 | K20: =SUM(K13:K19) -> 9.5
B22: Finance and Strategy | C22: Troy | D22: Day | E22: Hours | F22: Tasks | H22: Clubs and Socs | I22: Ella | J22: Day | K22: Hours | L22: Tasks
D23: Monday | E23: 7.5 | F23: Exec Meeting, Budget, Advisory Board, EAG, Debate finalisation w Maddy,Sam, Flynn. | J23: Monday | K23: 3 | L23: Exec meeting, emails
D24: Tuesday | E24: 7 | F24: Funding Meeting, Leaders Debate | J24: Tuesday
D25: Wednesday | E25: 3 | F25: Chat w Marketing about Candidates Debate, Planning candidates debate, helping DJ with consitution | J25: Wednesday
D26: Thursday | E26: 5 | F26: Deloitte, Grants Panel Reading P1, Catch up w Meesh & Daniel, | J26: Thursday
D27: Friday | E27: 5 | F27: FESC, Coffee w Mickey, VCSSAG | J27: Friday
D28: Saturday | E28: 1.5 | F28: Reading Kamesha's hard work on constitution | J28: Saturday
D29: Sunday | J29: Sunday | K29: 2 | L29: Document reading, emails
E30: =SUM(E23:E29) -> 29 | K30: =SUM(K23:K29) -> 5 | L30: Medical leave until Aug 26
B32: Academic | C32: Hansini | D32: Day | E32: Hours | F32: Tasks | H32: International | I32: Irfaan | J32: Day | K32: Hours | L32: Tasks
D33: Monday | E33: 4 | F33: Admin for the week, started drafting catch-up policy leading up to reveiew of lecture recording policy | J33: Monday | K33: 2 | L33: Exec meeting
D34: Tuesday | E34: 5.5 | F34: OUSA Leader's debate set up and debate and consulting on papers, comms with Ammar, some AI literacy for staff worshopping and consulting | J34: Tuesday | K34: 4 | L34: HSIC Agenda readings, emails, admins, planning and advising clubs on show planning and prep
D35: Wednesday | E35: 4 | F35: Some more work on the role changes etc, paper proposals and consultation | J35: Wednesday
D36: Thursday | E36: 4 | F36: UAC prep, notes and meeting (which was short YAY) | J36: Thursday | K36: 1 | L36: Complete emails and admin where needed
D37: Friday | E37: 1.5 | F37: Paper proposals, emails | J37: Friday
D38: Saturday | J38: Saturday
D39: Sunday | E39: 1.5 | F39: Exec meeting readings and notes and suggested changes to academic role + exec | J39: Sunday
E40: =SUM(E33:E39) -> 20.5 | K40: =SUM(K33:K39) -> 7
B42: Welfare and Equity | C42: Rihana | D42: Day | E42: Hours | F42: Tasks | H42: Political | I42: Flynn | J42: Day | K42: Hours | L42: Tasks
D43: Monday | E43: 8 | F43: Exec meeting and admin, meeting with jo, comms with contacts jo passed for Refugee student association and locals, EAG meeting | J43: Monday | K43: 4 | L43: Exec meeting, questions for debate
D44: Tuesday | E44: 3 | F44: 2027 funding meeting, campain for halls | J44: Tuesday | K44: 7 | L44: Leaders debate
D45: Wednesday | E45: 1 | F45: Meeting with OMSU allyship workshop | J45: Wednesday
D46: Thursday | J46: Thursday
D47: Friday | J47: Friday
D48: Saturday | E48: 1 | F48: Looking over constitutional changes | J48: Saturday
D49: Sunday | J49: Sunday
E50: =SUM(E43:E49) -> 13 | K50: =SUM(K43:K49) -> 11

Sheet AUG 17 - 23
B2: President | C2: Daniel | D2: Day | E2: Hours | F2: Tasks | H2: Residential | I2: Zoe | J2: Day | K2: Hours | L2: Tasks
D3: Monday | E3: 9 | F3: Emails and admin, exec meeting + set up, exec admin w Ri, Hansini and Fergus, more emails, readings, catch up w Dwaine, more emails, catch up w Hanna, | J3: Monday | K3: 5 | L3: DCC-walk in again / Cam Allen call back, Building consent research, Green sticker, Consultex Investigation Report reading, 16 Royal Terrace case work
D4: Tuesday | E4: 9 | F4: Uni Fuel WG, campus masterplan workshop, emails, catch up w Kamesha, grants readings, council readings, politics yarn to critic | J4: Tuesday | K4: 2 | L4: Disputes Tribunal & Tenancy Services calls, Senior Warden meeting, Masters Project Student meeting
D5: Wednesday | E5: 9 | F5: Coffee w Chancellor, Grants panel, manning market day stall for a while, interview for a students management project, NDSA catch up, yarn to critc, yarn to matt | J5: Wednesday | K5: 1 | L5: Case work, trying to get through to Tenancy Services, Old tribunal orders research
D6: Thursday | E6: 9 | F6: TRM & UOPISA catch up, COO catch up, emails, working on consultation document, working with Donna on election prep and constitutional issues we missed, youth debate | J6: Thursday | K6: 1 | L6: Flat door knocking w/ DCC (Amanda Dyer)
D7: Friday | E7: 7.5 | F7: chat to ingrid, HnS readings, H&S committee, debrief w Donna, emails | J7: Friday | K7: 1 | L7: Bad flat comms / emails
D8: Saturday | E8: 9.75 | F8: Pacific pre grad, parade, 2 x ceremonies | J8: Saturday
D9: Sunday | E9: 2 | F9: Readings, statement writing | J9: Sunday | K9: 2 | L9: Green sticker meeting with Gemma (Critic illustrator) for mascot , Meeting readings
E10: =SUM(E3:E9) -> 55.25 | K10: =SUM(K3:K9) -> 12
B12: Admin Vice President | C12: Kamesha | D12: Day | E12: Hours | F12: Tasks | H12: Postgraduate | I12: Fergus | J12: Day | K12: Hours | L12: Tasks
D13: Monday | E13: 7 | F13: last of readings at home (board pro) exec meeting, catch up w rowena governance mentor, admin and emails re constitution, meeting follow up (annual leaders debate admin ect) and shceduling/planning ahed. Constiutional admin getting up on website and check in w Donna, EAG meeting | J13: Monday | K13: 3.5 | L13: emails and admin, exec meeting, sorting Chch with Daniel
D14: Tuesday | E14: 4 | F14: chat w flynn, constitution admin, catch up w grant, rosie and debbie, drafting of statment for EAG, catch up w daniel, reading for thursdays HUMS DIV board | J14: Tuesday
D15: Wednesday | E15: 3 | F15: market day set up and womanning, emails, constitution website admin | J15: Wednesday | K15: 3 | L15: Ethics committee reviewal, admin and emails.
D16: Thursday | E16: 9 | F16: catch up w troy re ousa, strategy and finance looking forward, reading critic draft and chat with hanna about it, heckling exec for role change justification, writing some of the justification, set up time to go on R1 to talk about role changes, meeting with debbie re annual leaders debate, marketing and bong, outreach with students - connor knights, chat w critic and debbie re octagon alcohol licensing and set up of interview, chat with R1 re BDS, Polcom admin, some stuff on socials. just want to note that somehow i met w my supervisor for 15mins during all this lmao. EAG outreach | J16: Thursday
D17: Friday | E17: 3 | F17: sgm planning, polcom admin & policy admin | J17: Friday
D18: Saturday | E18: 3.5 | F18: parade + 1 grad ceremony | J18: Saturday
D19: Sunday | E19: 1 | F19: monday prep and reading | J19: Sunday
E20: =SUM(E13:E19) -> 30.5 | K20: =SUM(K13:K19) -> 6.5
B22: Finance and Strategy | C22: Troy | D22: Day | E22: Hours | F22: Tasks | H22: Clubs and Socs | I22: Ella | J22: Day | K22: Hours | L22: Tasks
D23: Monday | E23: 4.5 | F23: Executive Meeting, admin, Helping Donna put the changes in minuting | J23: Monday | K23: 2 | L23: Grants reading, emails
D24: Tuesday | E24: 5 | F24: UUL Readings, Grant Panel Readings, Helping Jingo set/pack, | J24: Tuesday
D25: Wednesday | E25: 7 | F25: UUL , Grants Panel, Market Day | J25: Wednesday | K25: 3.5 | L25: Grants panel, meeting with Caroline
D26: Thursday | E26: 4 | F26: Catch up w Meesh, Role Changes, More debate work, Youth Debate, Elections chat w DJ | J26: Thursday
D27: Friday | E27: 0.5 | F27: Admin | J27: Friday | K27: 3 | L27: Clubs collage session!
D28: Saturday | E28: 6 | F28: Grad | J28: Saturday | K28: 4 | L28: Document reading, affiliated clubs council planning
D29: Sunday | E29: 2 | F29: Readings | J29: Sunday
E30: =SUM(E23:E29) -> 29 | K30: =SUM(K23:K29) -> 12.5 | L30: Medical leave until Aug 26
B32: Academic | C32: Hansini | D32: Day | E32: Hours | F32: Tasks | H32: International | I32: Irfaan | J32: Day | K32: Hours | L32: Tasks
D33: Monday | E33: 4 | F33: Exec meeting, admin for the week, more AI literacy work | J33: Monday | K33: 1 | L33: Readings, emails, admins
D34: Tuesday | E34: 3.5 | F34: Developing more of the catch-up policy skeleton | J34: Tuesday
D35: Wednesday | E35: 4.5 | F35: Meeting with Rachel governance mentor + commerce paper consults + defending splitting academic rep role eek | J35: Wednesday
D36: Thursday | E36: 4.5 | F36: Role change work + Paper consultation for business school + email responses | J36: Thursday | K36: 1 | L36: Readings, emails, admins
D37: Friday | E37: 1.5 | F37: Catch up on all of the sci div minutes and meeting agendas (i dont sit on this but i like knowing whats going on in case leo has any comms) | J37: Friday | K37: 1 | L37: Readings, emails, admins
D38: Saturday | J38: Saturday
D39: Sunday | E39: 2.5 | F39: Decided to write up a sneaky med school interview proposal sitch because I wamt to chat to Leda about it + exec meeting reads | J39: Sunday
E40: =SUM(E33:E39) -> 20.5 | K40: =SUM(K33:K39) -> 3
B42: Welfare and Equity | C42: Rihana | D42: Day | E42: Hours | F42: Tasks | H42: Political | I42: Flynn | J42: Day | K42: Hours | L42: Tasks
D43: Monday | E43: 8 | F43: Exec meeing, admin, ODSA IGM, EAG Meeting | J43: Monday | K43: 3 | L43: exec meeting, admin (emails, canva)
D44: Tuesday | E44: 2 | F44: NDSA catch up | J44: Tuesday
D45: Wednesday | E45: 6 | F45: Looking throuhg ODSA Constitution, editting IGM minutes, Clincal Governace | J45: Wednesday | K45: 2 | L45: planning for next half of sem, emails, admin
D46: Thursday | E46: 3.5 | F46: Writting DIS Critic Breif, OTCTB Meeting | J46: Thursday | K46: 6 | L46: David Bainbridge podcast, admin, editing
D47: Friday | J47: Friday
D48: Saturday | E48: 1.5 | F48: Grad parade | J48: Saturday | K48: 2 | L48: planning, editing videos
D49: Sunday | J49: Sunday
E50: =SUM(E43:E49) -> 21 | K50: =SUM(K43:K49) -> 13

Sheet AUG 24 - 30
B2: President | C2: Daniel | D2: Day | E2: Hours | F2: Tasks | H2: Residential | I2: Zoe | J2: Day | K2: Hours | L2: Tasks
D3: Monday | E3: 9 | F3: Emails, exec meeting, more emails and admin, chat to Donna, chat to marketing, videoing w grant reshoot, more emails, chat to critic, meeting w Donna and Cam (returning officer), long readngs for ARC tomorrow (250 pages), enrol to vote webinar | J3: Monday | K3: 4 | L3: Exec meeting, 16 Royal Tce case work, phone calls, MBIE emails, Senior warden meeting
D4: Tuesday | E4: 9 | F4: emails, admin, catch up with Donna and Jack (SGM Chair), ARC readings, ARC (3hours), emails and chat to donna | J4: Tuesday | K4: 1 | L4: Polytech student interview on Edinburgh Realty, social media update
D5: Wednesday | E5: 9 | F5: =AVERAGE('JUN 15 - 21'!E40,'JUN 22 - 28'!E40,'JUN 29 - JUL 5'!E40,'JUL 6 - 12'!E40,'JUL 20 - 26 '!E40,'JUL 27 - AUG 2'!E40,'AUG 3 - 9'!E40,'AUG 10 - 16'!E40,'AUG 17 - 23'!E40,'AUG 24 - 30'!E40,) -> 20.681818 | J5: Wednesday | K5: 3 | L5: Community law meeting, case work support, flat hunting tips n comms, emails
D6: Thursday | E6: 8 | F6: catch up w donna, more election admin, learner success plan meeting, chatting to Hanna, emails, catch up w Debbie, VC, TRM, UOPISA catch up, critic column for after the break | J6: Thursday | K6: 1 | L6: Emails, case work comms, media info post
D7: Friday | E7: 6 | F7: Debbie and Gina catch up, CSSF meeting, catch up w Kamesha, catch up w Donna, Mayor meeting, emails, meeting with 'on a roll' campaign | J7: Friday | K7: 1 | L7: Troy catch up
D8: Saturday | J8: Saturday | K8: 1 | L8: Emails, media post work
D9: Sunday | J9: Sunday | K9: 1 | L9: TT meeting prep, case work, student support with flat hunting
E10: =SUM(E3:E9) -> 41 | K10: =SUM(K3:K9) -> 12
B12: Admin Vice President | C12: Kamesha | D12: Day | E12: Hours | F12: Tasks | H12: Postgraduate | I12: Fergus | J12: Day | K12: Hours | L12: Tasks
D13: Monday | E13: 5 | F13: Exec meeting, emails, EAG meeting, protest prep w Rosie and SGM admin | J13: Monday | K13: 3 | L13: Exec meeting, emails and admin
D14: Tuesday | E14: 5 | F14: catch up with donna, writing candidates debate questions with Jono, saftey briefing for protets, EAG protest, more candidates debate questions w troy, catch up w troy in general, admin re operational follow up and SGM | J14: Tuesday | K14: 1.5 | L14: GRS Meeting, emails and admin, Sup of the year voting.
D15: Wednesday | E15: 4 | F15: admin, actioning emails, planning ahed for exec, meeting daniel and donna , meeting UniQ to resolve some issues, chat w hanna re proctology | J15: Wednesday
D16: Thursday | E16: 4 | F16: emails, UNIQ MOU, work on BDS policy, liasing w weave together | J16: Thursday | K16: 4 | L16: Ethics committee, supervisor of the year voting and admin.
D17: Friday | E17: 1 | F17: emails weave together | J17: Friday
D18: Saturday | J18: Saturday
D19: Sunday | E19: 3 | F19: BDS policy drafring, prep for SGM and statment drafting | J19: Sunday
E20: =SUM(E13:E19) -> 22 | K20: =SUM(K13:K19) -> 8.5
B22: Finance and Strategy | C22: Troy | D22: Day | E22: Hours | F22: Tasks | H22: Clubs and Socs | I22: Ella | J22: Day | K22: Hours | L22: Tasks
D23: Monday | F23: N/A | J23: Monday | K23: 4 | L23: Emails, executive meeting, club affiliation documents (yay!), planning affiliated clubs council, admin
D24: Tuesday | E24: 4.5 | F24: Debate prep, catch up w meesh, SGM, Critic Interview, Protest | J24: Tuesday | K24: 2 | L24: Meeting with Caroline, making policy notes for grants/blues and golds
D25: Wednesday | E25: 2.5 | F25: DJ, Matt, UNIQ | J25: Wednesday
D26: Thursday | E26: 4 | F26: Emails, Readings for CSSF, chat w Hanna | J26: Thursday | K26: 1 | L26: More policy notes, admin/emails
D27: Friday | E27: 5 | F27: CSSF Meeting, Catch up w Zoe, Meeting w Cush, Holdings chat w Debbie | J27: Friday
D28: Saturday | J28: Saturday
D29: Sunday | J29: Sunday
E30: =SUM(E23:E29) -> 16 | K30: =SUM(K23:K29) -> 7
B32: Academic | C32: Hansini | D32: Day | E32: Hours | F32: Tasks | H32: International | I32: Irfaan | J32: Day | K32: Hours | L32: Tasks
D33: Monday | E33: 4 | F33: Exec meeting, emails of the week hooray | J33: Monday | L33: [Out of office, in Christchurch]
D34: Tuesday | E34: 2 | F34: Writing up how Academic Role will look next year in policy | J34: Tuesday
D35: Wednesday | E35: 4 | F35: Comms w Leda and data for lecture recording policy review to take to DLT, paper proposals/consults | J35: Wednesday
D36: Thursday | E36: 4.5 | F36: CALT prep and readings + CALT meeting | J36: Thursday
D37: Friday | E37: 5 | F37: AI policy and academic integrity policy work starting now that Assessment Policy work is mostly done and also looking through lectre recording survey data and catch up policy data to implement it to the actual policy that is being written | J37: Friday
D38: Saturday | J38: Saturday
D39: Sunday | J39: Sunday
E40: =SUM(E33:E39) -> 19.5 | K40: =SUM(K33:K39) -> 0
B42: Welfare and Equity | C42: Rihana | D42: Day | E42: Hours | F42: Tasks | H42: Political | I42: Flynn | J42: Day | K42: Hours | L42: Tasks
D43: Monday | E43: 4 | F43: EAG meeting, Burnett foundation HIV Tests meeting | J43: Monday | K43: 1.5 | L43: Exec meeting
D44: Tuesday | E44: 3.5 | F44: Meeting with Student support for Mental Health Week event, quick catch up with dwine | J44: Tuesday | K44: 3 | L44: Protest, filming VSM video
D45: Wednesday | E45: 5 | F45: Working with student through SH discloser, fixing hours | J45: Wednesday
D46: Thursday | E46: 3 | F46: Event planning (Yoga, Refugee CV workshop, NDSA lecture night) | J46: Thursday | K46: 6 | L46: editing video on capcut free version (PMO)
D47: Friday | E47: 3 | F47: Catchup with Jo, email catch up, poser making | J47: Friday
D48: Saturday | E48: 2 | F48: Creating itenarary for Career workshop | J48: Saturday
D49: Sunday | J49: Sunday
E50: =SUM(E43:E49) -> 20.5 | K50: =SUM(K43:K49) -> 10.5

Sheet AUG 31 - SEP 6
B2: President | C2: Daniel | D2: Day | E2: Hours | F2: Tasks | H2: Residential | I2: Zoe | J2: Day | K2: Hours | L2: Tasks
D3: Monday | E3: 8.5 | F3: emails, Debbie catch up, catch up w Donna, recording w Kamesha, writing quarterly report, exec election work again, call w Amit | J3: Monday | K3: 2 | L3: Tenancy Tribunal meeting, media post, emails
D4: Tuesday | E4: 9 | F4: Emails, lots of media stuff, recording and editing a video for election promotion, organising other elction promotion w marketing, pastoral care project meeting, pulling together all governance review material to go online | J4: Tuesday
D5: Wednesday | E5: 9 | F5: Emails, bong organising and laughing, exec admin, chat to Donna, chat to Hanna, doing work on privacy request w Liz, mucking around with MOU signing, starting council readings for next week | J5: Wednesday | K5: 4 | L5: Emails, support work, extended flatting document work for property management agencies, mould scientific report readings, RTA reading
D6: Thursday | E6: 3.5 | F6: UBS stuff, emails, organsing for while I'm away, replying to everything while away (media never stops) | J6: Thursday | K6: 2 | L6: Extended flatting doc work, meeting readings, flat support work
D7: Friday | E7: 0.5 | F7: replying to everything while away (media never stops) | J7: Friday | K7: 4 | L7: Tenancy (16 Royal Tce) support - mould remediation monitoring by Pure Services + electrical work monitoring, emails, flatting doc work
D8: Saturday | F8: away | J8: Saturday
D9: Sunday | E9: 0.5 | F9: replying to everything while away (media never stops) | J9: Sunday | K9: 2 | L9: Readings, flatting doc
E10: =SUM(E3:E9) -> 31 | K10: =SUM(K3:K9) -> 14
B12: Admin Vice President | C12: Kamesha | D12: Day | E12: Hours | F12: Tasks | H12: Postgraduate | I12: Fergus | J12: Day | K12: Hours | L12: Tasks
D13: Monday | E13: 3.5 | F13: emails, fliming w daniel, social media stuff, comms w exec, draft statement for uni | J13: Monday | K13: 0 | L13: On break and away
D14: Tuesday | J14: Tuesday
D15: Wednesday | E15: 4 | F15: website admin, statment admin, UniQ MOU and BDS policy, polcom date set agin | J15: Wednesday
D16: Thursday | F16: shredding @ remarks | J16: Thursday
D17: Friday | E17: 7 | F17: chat w election candidates, update on tresspassing notice w relevent parties, catch up w Donna re SGM, wrangling more exec to come to SGM and candiudates debate, updating draft policy incase SGM passes, starting quarterly rept | J17: Friday
D18: Saturday | J18: Saturday
D19: Sunday | E19: 6 | F19: emails, scheduling, following up on exec re SGM and leaders debate, instagram admin, policy for roles, comms w exec, reading mondays meeting, prep for week in general, leaders debate questions, website, net zero readings | J19: Sunday | K19: 1 | L19: Sorting stuff for next week.
E20: =SUM(E13:E19) -> 20.5 | K20: =SUM(K13:K19) -> 1
B22: Finance and Strategy | C22: Troy | D22: Day | E22: Hours | F22: Tasks | H22: Clubs and Socs | I22: Ella | J22: Day | K22: Hours | L22: Tasks
D23: Monday | E23: 4 | F23: Leaders debate final prep, EAG | J23: Monday
D24: Tuesday | E24: 3 | F24: chat w marketing, quaterly report start | J24: Tuesday
D25: Wednesday | E25: 4 | F25: Job duties, Putea Tautoko Reading, | J25: Wednesday | K25: 3 | L25: Emails, admin, AGM advice and club dispute
D26: Thursday | E26: 5.5 | F26: MOU, Budget w Matt format etc, Chat w Debbie around UBS and just tracking how shes feeling and her work | J26: Thursday
D27: Friday | J27: Friday
D28: Saturday | J28: Saturday
D29: Sunday | E29: 1 | F29: Readings, | J29: Sunday | K29: 4 | L29: Document reading, Q3 report
E30: =SUM(E23:E29) -> 17.5 | K30: =SUM(K23:K29) -> 7
B32: Academic | C32: Hansini | D32: Day | E32: Hours | F32: Tasks | H32: International | I32: Irfaan | J32: Day | K32: Hours | L32: Tasks
D33: Monday | F33: Flu victim and home for break so not working | J33: Monday | K33: 2 | L33: Exec meetings, emails and admin
D34: Tuesday | F34: "" | J34: Tuesday
D35: Wednesday | F35: "" | J35: Wednesday | K35: 2 | L35: Catchup with Steve Walker DCC
D36: Thursday | F36: "" | J36: Thursday | K36: 2 | L36: Catchup with OMSA over show planning
D37: Friday | F37: "" | J37: Friday | K37: 1 | L37: Emails
D38: Saturday | E38: 4 | F38: Writing up the proper draft duties doc for the split academic role 2 hopefully make Kamesha's life easier | J38: Saturday | K38: 3 | L38: Prep for meeting, OISA planning ideas for promotion of international advocacy, emails and admin
D39: Sunday | E39: 5 | F39: Readings for Monday's meeting and looking at all the emails I missed over break and consults and comms stuff re SGM I missed during break | J39: Sunday
E40: =SUM(E33:E39) -> 9 | K40: =SUM(K33:K39) -> 10
B42: Welfare and Equity | C42: Rihana | D42: Day | E42: Hours | F42: Tasks | H42: Political | I42: Flynn | J42: Day | K42: Hours | L42: Tasks
D43: Monday | E43: 1 | F43: EAG | J43: Monday
D44: Tuesday | E44: 2 | F44: Meeting with Petra Hass | J44: Tuesday
D45: Wednesday | E45: 3 | F45: Meeting with Ali (Refugge connector), catching up on emails and making poster for NDSA event | J45: Wednesday
D46: Thursday | E46: 5 | F46: Meeting with debbie (HIV testing), CV editing for workshop & more planning | J46: Thursday | L46: Canva templates
D47: Friday | E47: 4 | F47: Yoga event, talks for Refugge club | J47: Friday
D48: Saturday | J48: Saturday
D49: Sunday | E49: 1 | F49: Wrting up DSR responsibilities | J49: Sunday
E50: =SUM(E43:E49) -> 16 | K50: 2

Sheet SEP 7 - 13
B2: President | C2: Daniel | D2: Day | E2: Hours | F2: Tasks | H2: Residential | I2: Zoe | J2: Day | K2: Hours | L2: Tasks
D3: Monday | E3: 12.5 | F3: Emails, exec meeting, quick chat to Donna and Jack re SGM prep, Grant catch up, Council H&S webinar, emails and admin, finishing council readings at 11pm (I should've done them on the weekend woops), more emails | J3: Monday | K3: 4 | L3: Exec meeting, Edinburgh director meeting, flatting doc, emails, polytech design contact
D4: Tuesday | E4: 12 | F4: Council all day, emails, admin, critic column, SGM prep, readings | J4: Tuesday | K4: 5 | L4: Quarterly report writing, support work, remediation report reading and analysis, thermal imaging research, phone calls w/ case work and MBIE
D5: Wednesday | E5: 8 | F5: SGM set up (bbq), SGM and pack up, SGM follow up for election, debrief, emails | J5: Wednesday | K5: 3 | L5: SGM Set up and pack down, quarterly report, flatting document work
D6: Thursday | E6: 8.5 | F6: Emails, call w Gina, Advisory Board meeting, Updating website, Nikki catch up (NDSA), Ri and Nikki event, emails | J6: Thursday | K6: 2 | L6: Flat door knocking, support phone calls, MBIE phone call
D7: Friday | E7: 7 | F7: Emails, Ed Willis meeting w critic re Proctor and initiations, chat to SSC, Dunedin debate + set up/pack up, Nikki, Q3 report | J7: Friday | L7: (away - ecology field trip)
D8: Saturday | J8: Saturday | L8: (away - ecology field trip)
D9: Sunday | E9: 2 | F9: Admin, emails and readings | J9: Sunday | K9: 2 | L9: (away - ecology field trip) - back 5:30pm, readings, email catch ups, quarterly report finishing
E10: =SUM(E3:E9) -> 50 | K10: =SUM(K3:K9) -> 16
B12: Admin Vice President | C12: Kamesha | D12: Day | E12: Hours | F12: Tasks | H12: Postgraduate | I12: Fergus | J12: Day | K12: Hours | L12: Tasks
D13: Monday | E13: 8 | F13: R1 interview, exec meeting, polyctech outreach re politics, HAC changeover admin, website admin, POLCOM admin, emails, more bonggate, EAG pre-meeting and EAG, EAG rally cancellation admin | J13: Monday | K13: 3.5 | L13: Exec meeting, emails and admin, chatting to Daniel about Chch trip
D14: Tuesday | E14: 8 | F14: Emails, Admin, Chalking campus for EAG, meet w uni lawyers re bonggate, BDS policy work, Call w Gina re weave together policy, meeting students at clocktower to help cancell the rally smoothly, SGM admin and catch up w donna, catch up w debbie re bonggate final slides admin for sgm | J14: Tuesday
D15: Wednesday | E15: 3.5 | F15: meet uni lawyers bonggate, SGM set up, SGM. catch up w donna Final polcom admin, reply to weave together | J15: Wednesday | K15: 3 | L15: SGM set up, running, and packdown.
D16: Thursday | E16: 5 | F16: emails + adim. governance amd readings for advisory board meeting.Carbon net zero meeting , advisory board meeting, | J16: Thursday
D17: Friday | E17: 3 | F17: catch up w Nikita (the most valuable two hours of my life tbh), EAG admin, writing quarterley report, admin + emails | J17: Friday
D18: Saturday | J18: Saturday
D19: Sunday | E19: 2 | F19: readings/prep for board meeting and week ahed | J19: Sunday
E20: =SUM(E13:E19) -> 29.5 | K20: =SUM(K13:K19) -> 6.5
B22: Finance and Strategy | C22: Troy | D22: Day | E22: Hours | F22: Tasks | H22: Clubs and Socs | I22: Ella | J22: Day | K22: Hours | L22: Tasks
D23: Monday | E23: 7 | F23: EXEC meeting, BDS work, Catch up w Matt and Mukesh re UBS, helping DJ | J23: Monday | K23: 5.5 | L23: Exec meeting, emails, affiliated clubs council planning, catch up in the office (yay! good to be back!)
D24: Tuesday | E24: 6 | F24: Chat w Hanna, SGM help, meeting w Debbie, Budget meeting with Matt re template | J24: Tuesday | K24: 0.5 | L24: BDS policy notes - more to come, having a big think atm
D25: Wednesday | E25: 5 | F25: SGM, emailing, talking review and managers with Daniel | J25: Wednesday | K25: 1.5 | L25: SGM set up and inital pack down (until the tradies were at my flat...)
D26: Thursday | E26: 4.5 | F26: Q3 Report, Debate planning and work, advisory board debreif with prez, | J26: Thursday | K26: 6 | L26: Meeting with Caroline, online video project resource notes, affiliated clubs council planning, Q3 report
D27: Friday | E27: 7 | F27: Debate, Uniq, working with flynn to get caught up/ahead, Q3 Report | J27: Friday | K27: 6 | L27: Affiliated clubs council, online video resource notes, powerpoint time and print outs via canva
D28: Saturday | E28: 2 | F28: Education forum | J28: Saturday | K28: 2 | L28: Policy notes for grants panel, grants panel notes, exec meeting document reading
D29: Sunday | J29: Sunday
E30: =SUM(E23:E29) -> 31.5 | K30: =SUM(K23:K29) -> 21.5
B32: Academic | C32: Hansini | D32: Day | E32: Hours | F32: Tasks | H32: International | I32: Irfaan | J32: Day | K32: Hours | L32: Tasks
D33: Monday | E33: 4 | F33: Exec meeting and paper props and comms and admin along with SGM prep | J33: Monday | K33: 4 | L33: Exec meeting emails admin, editing OUSA election video
D34: Tuesday | E34: 3 | F34: Catch up on minutes of meeting missed while sick and readings etc. from this time | J34: Tuesday
D35: Wednesday | E35: 4.5 | F35: SGM set up and SGM itself (so sad this was like 20 mins) and then SGM pack down and the some paper consult work | J35: Wednesday | K35: 2 | L35: Emails, admin
D36: Thursday | E36: 7 | F36: Meeting with Jono and Troy to come up with questions and get breifed on debate and context, a whole lot of research on all of the candiates and policies and then drafting all of the questions and editing the doc down to be final form | J36: Thursday
D37: Friday | E37: 4 | F37: Candidates debate prep and set up with Jono beforehand and then hosting the debate | J37: Friday | K37: 5 | L37: Meeting with Nikita (NDSA) and discussion on advocacy, Candidate debate setup/event/packdown
D38: Saturday | J38: Saturday | K38: 2 | L38: Meeting with Nikita (NDSA)
D39: Sunday | E39: 2 | F39: Readings for the Board meeting tomoz and writing my Q3 report | J39: Sunday | K39: 2 | L39: Finalising quarterly report, going through Jason's OISA promotion idea
E40: =SUM(E33:E39) -> 24.5 | K40: =SUM(K33:K39) -> 15
B42: Welfare and Equity | C42: Rihana | D42: Day | E42: Hours | F42: Tasks | H42: Political | I42: Flynn | J42: Day | K42: Hours | L42: Tasks
D43: Monday | E43: 4 | F43: Exec meeting, meeting with Ester Willing, Te Para Wharanaki Dinner and Dialog | J43: Monday | L43: Sick
D44: Tuesday | E44: 2 | F44: Making itenary for career workshop and planning | J44: Tuesday
D45: Wednesday | E45: 4.5 | F45: Making posters for ODSA/event planning, SGM | J45: Wednesday | K45: 3 | L45: Updating submission on paid parking, admin & emails
D46: Thursday | E46: 4 | F46: NDSA event, Meeting with Nikita and ODSA exec | J46: Thursday | K46: 2 | L46: Emails & admin
D47: Friday | E47: 3.5 | F47: Candidates debate, writing questions for MH week evemt, creating postering for halls | J47: Friday | K47: 7 | L47: Debate, catch up 2/ Troy, NDSA
D48: Saturday | J48: Saturday
D49: Sunday | E49: 2 | F49: Report editing | J49: Sunday
E50: =SUM(E43:E49) -> 20 | K50: =SUM(K43:K49) -> 12

Sheet SEP 14 - 20
B2: President | C2: Daniel | D2: Day | E2: Hours | F2: liv | H2: Residential | I2: Zoe | J2: Day | K2: Hours | L2: Tasks
D3: Monday | E3: 10 | F3: Election video recording, setting up exec meeting link, exec board meeting, emails, LAP work, Pastoral care project w Maya, catch up w Debbie, emails, drafting forum questions | J3: Monday | K3: 3 | L3: Exec meeting, flat door knocking, alternative housing comms w/ uniflats & senior warden
D4: Tuesday | E4: 9.5 | F4: Emails, minutes w Donna, coffee w kamesha, election stuff, pastoral care project meeting, clearing inbox finally, reading Q3 reports | J4: Tuesday
D5: Wednesday | E5: 12 | F5: Emails, sorting out card w Donna, market day, grants panel, gen vote meeting and recording, sorting out flights, admin, driving to airport w Fergus and flying to chch | J5: Wednesday | K5: 3 | L5: Market day stall, emails, flat check-in
D6: Thursday | E6: 14 | F6: Chch building opening w council 5am start to 8pm close and meetings w chch students, Trish and David, lots of emails, comms w Donna and sorting election stuff. | J6: Thursday | K6: 1 | L6: flatting doc
D7: Friday | E7: 7 | F7: Building opening (officially) , travelling back to dunners, comms to office | J7: Friday
D8: Saturday | E8: 4.5 | F8: John Broughton tangi (OUSA, council and rugby club capacity) | J8: Saturday | K8: 1 | L8: flatting doc, case work comms
D9: Sunday | E9: 3.5 | F9: John Broughton funeral, emails, forum questions, media | J9: Sunday | K9: 2 | L9: Report readings, student support in new tenancy case (flat break-in)
E10: =SUM(E3:E9) -> 60.5 | K10: =SUM(K3:K9) -> 10
B12: Admin Vice President | C12: Kamesha | D12: Day | E12: Hours | F12: Tasks | H12: Postgraduate | I12: Fergus | J12: Day | K12: Hours | L12: Tasks
D13: Monday | E13: 2 | F13: exec board meeting, emails | J13: Monday | K13: 3 | L13: Exec meeting, emails and other admins
D15: Tuesday | E15: 3 | F15: catch up w daniel, leaders debate meeting w debbie, social media admin and chat w donna, chat w Liz and Christina | J15: Tuesday | K15: 4 | L15: Sorting Chch trip with Daniel, emails and admin
D16: Wednesday | E16: 1 | F16: chat to Donna and instagram admin, emails | J16: Wednesday | K16: 5 | L16: Market day stall, driving to the airport with Daniel, flying to Chch
D17: Thursday | E17: 1 | F17: chat to hanna and contacting eag re critc stuff, emails and weave together comms | J17: Thursday | K17: 15 | L17: Wai Ora openning, meetings, etc
D18: Friday | E18: 1 | F18: bnz onboarding whcih tood 4ever cause i pay tax in australia, comms w donna, | J18: Friday | K18: 5 | L18: Wai Ora openning, meeting with PSOC president, etc
D19: Saturday | J19: Saturday
D20: Sunday | E20: 3 | F20: reading qtrly repts, prep for monday and week ahed | J20: Sunday | K20: 2 | L20: Flying home, helping students with club questions.
E21: =SUM(E13:E20) -> 11 | K21: =SUM(K13:K20) -> 34
B23: Finance and Strategy | C23: Troy | D23: Day | E23: Hours | F23: Tasks | H23: Clubs and Socs | I23: Ella | J23: Day | K23: Hours | L23: Tasks
D24: Monday | E24: 4 | F24: Exec Meeting, UNIQ MOU, Leila meeting, | J24: Monday | K24: 4 | L24: Grants panel recommendations, emails, catch up with Jarna
D25: Tuesday | E25: 3.5 | F25: Election Night event planning, Meeting with On A ROLL | J25: Tuesday | K25: 1 | L25: Market for Palestine (MUSA Islam Awareness week)
D26: Wednesday | E26: 4.5 | F26: Market day for R1 | J26: Wednesday | K26: 6 | L26: Emails, TRM club affiliation project, ACC content, University logo guidelines (also in auckland)
D27: Thursday | E27: 3 | F27: Hanna, Budget begining, Filming with Hansini | J27: Thursday | K27: 1 | L27: (auckland) emails
D28: Friday | E28: 5 | F28: Helping Kristina, Helping Matt, and Donna. Catch up with Fran re general election plans and enrolment at his stall, budget continued | J28: Friday | K28: 2 | L28: (auckland) emails, ACC content, exec document reading
D29: Saturday | J29: Saturday | L29: (auckland)
D30: Sunday | J30: Sunday | K30: 1 | L30: (auckland) Q3 reports
E31: =SUM(E24:E30) -> 20 | K31: =SUM(K24:K30) -> 15
B33: Academic | C33: Hansini | D33: Day | E33: Hours | F33: Tasks | H33: International | I33: Irfaan | J33: Day | K33: Hours | L33: Tasks
D34: Monday | E34: 4 | F34: Exec meeting + emails and admin + some more AI policy work | J34: Monday | K34: 2 | L34: Exec meeting, emails and other admins
D35: Tuesday | E35: 4.5 | F35: Preparation for AI Literacy Working Group, Annotations on the currrent student facing and work facing modules in order to improve them or chnage them, AI Literacy Working Group Committee Meeting and follow up of this work in terms of turning the vevox feedback into actual output | J35: Tuesday | K35: 2 | L35: Writing up reference letters, emails and admins
D36: Wednesday | E36: 4 | F36: ACoSA readings and prep (cannot make meeting due to presentation but still have to keep up with what is being proposed etc. but nothing super huge here), Market Day Stall, Making content for the gram | J36: Wednesday | K36: 3 | L36: Assisting OMSA with Show plans
D37: Thursday | E37: 4.5 | F37: Editing and filming my little reel for promo + taking to Niko about his questions about running for OUSA + Paper propsals | J37: Thursday
D38: Friday | E38: 1 | F38: Some more poliy drafting and AI work now that I have access to Sharepoint woop woop | J38: Friday
D39: Saturday | J39: Saturday
D40: Sunday | E40: 2.5 | F40: Reading everyone's Q3 reports and other docs for meeting on monday | J40: Sunday
E41: =SUM(E34:E40) -> 20.5 | K41: =SUM(K34:K40) -> 7
B43: Welfare and Equity | C43: Rihana | D43: Day | E43: Hours | F43: Tasks | H43: Political | I43: Flynn | J43: Day | K43: Hours | L43: Tasks
D44: Monday | E44: 7 | F44: Exec meeting, Refugee career workshop prep work/event | J44: Monday | K44: 5 | L44: Exec meeting, EAG, canva BOTY, Electoral Commission stall comms
D45: Tuesday | J45: Tuesday | K45: 7 | L45: Research on Ōtepoti Pathways plan (prepping social media post, submission), planning election night event, Wiki o te Reo Māori expo
D46: Wednesday | E46: 5 | F46: Market day Stalls, Career development meeting, Meeting with two W&E prospects, Meeting with Burnett foundation | J46: Wednesday | K46: 3 | L46: DCC Pathways plan post + research
D47: Thursday | E47: 4 | F47: Catching up on emails, making notes from Burnett meeting, chatting with Kamesha, meeting with student over welfare concerns | J47: Thursday
D48: Friday | E48: 1 | F48: Meeting with Jo | J48: Friday
D49: Saturday | E49: 4 | F49: Maori ball | J49: Saturday
D50: Sunday | J50: Sunday
E51: =SUM(E44:E50) -> 21 | K51: =SUM(K44:K50) -> 15

Sheet SEP 21 - 27
B2: President | C2: Daniel | D2: Day | E2: Hours | F2: Tasks | H2: Residential | I2: Zoe | J2: Day | K2: Hours | L2: Tasks
D3: Monday | E3: 9 | F3: Exec meeting, forum organising, forum watching/emails and pack up, Prosper interview, emails, media, sorting reimbursement for chch | J3: Monday | K3: 1 | L3: Exec meeting
D4: Tuesday | E4: 9 | F4: Emails, catch up w Donna, Forum + set up + pack up, emails, Blues and golds mc sheet writing (and finding stuff about all the award winners to announce) | J4: Tuesday
D5: Wednesday | E5: 8 | F5: Emails, sorting enrol to vote stuff, call w Gina, planning stuff coming up, Forum + set up + pack up, Tim cooper & Hansini, emails and admin | J5: Wednesday | K5: 1 | L5: Royal Tce Support, new student support
D6: Thursday | E6: 8 | F6: Greens jobs meeting w flynn, emails, james meager polsa event, Rachel Brooking meeting (cancelled), ATSA zoom meeting, election stuff w Donna, call w Gina, emails | J6: Thursday | K6: 1 | L6: Combined Colleges Meeting
D7: Friday | E7: 8 | F7: Emails, Gina and Debbie catch up, call w Jason and Hanna, Claire Gallop catch up, admin, LAP work w Hanna | J7: Friday
D8: Saturday | J8: Saturday | K8: 2 | L8: Flatting doc
D9: Sunday | E9: 0.5 | F9: Media | J9: Sunday | K9: 2 | L9: Readings, emails, and admin
E10: =SUM(E3:E9) -> 42.5 | K10: =SUM(K3:K9) -> 7
B12: Admin Vice President | C12: Kamesha | D12: Day | E12: Hours | F12: Tasks | H12: Postgraduate | I12: Fergus | J12: Day | K12: Hours | L12: Tasks
D13: Monday | E13: 2.5 | F13: critic interview re AI, exec meeting, policy sort our w Kristina and comms w daniel/donna + postgrad candidates | J13: Monday | K13: 1 | L13: emails, chats with Donna, sorting reimbursment for Chch trip
D14: Tuesday | E14: 1 | F14: prep for policy weave together meeting | J14: Tuesday
D15: Wednesday | E15: 1 | F15: weave together meeting | J15: Wednesday
D16: Thursday | E16: 1.5 | F16: agenda discussions w donna, weave together new proposal, chat w hanna re AI policy draft | J16: Thursday | K16: 4 | L16: Human ethics committee, emails and admin
D17: Friday | E17: 2 | F17: emails, policy admin for meeting and for weave together, eag admin w rosie, call w daniel, brief review and edit of local alcohol submission | J17: Friday
D18: Saturday | J18: Saturday
D19: Sunday | E19: 1.5 | F19: meeting prep + readings | J19: Sunday
E20: =SUM(E13:E19) -> 9.5 | K20: =SUM(K13:K19) -> 5
B22: Finance and Strategy | C22: Troy | D22: Day | E22: Hours | F22: Tasks | H22: Clubs and Socs | I22: Ella | J22: Day | K22: Hours | L22: Tasks
D23: Monday | E23: 2.5 | F23: Exec Meeting, Catch up with Matt | J23: Monday | K23: 2 | L23: Emails, supporting club with constitution
D24: Tuesday | E24: 2 | F24: Catch up w R1 whanua to talk about plans for future/ideas | J24: Tuesday
D25: Wednesday | E25: 1.5 | F25: Admin, consitution changes with donna | J25: Wednesday | K25: 7 | L25: Meeting with Caroline, ACC prep, handover and AGM resources, club consultation for affiliations, AGMs, constitutions
D26: Thursday | E26: 2 | F26: James Meager event, Budget commentary | J26: Thursday | K26: 5 | L26: ACC! Last min prep
D27: Friday | E27: 1 | F27: Budget Commentary | J27: Friday | K27: 4 | L27: Processing ACC feedback, ACC minutes, emailing post ACC, + alcohol policy (late af sorry team)
D28: Saturday | J28: Saturday | K28: 2 | L28: Constitution Case work
D29: Sunday | J29: Sunday
E30: =SUM(E23:E29) -> 9 | K30: =SUM(K23:K29) -> 20
B32: Academic | C32: Hansini | D32: Day | E32: Hours | F32: Tasks | H32: International | I32: Irfaan | J32: Day | K32: Hours | L32: Tasks
D33: Monday | E33: 4 | F33: Exec meeting + comms and emails for the week + AI working group work | J33: Monday
D34: Tuesday | E34: 5.5 | F34: Writing q's for forum + Forum + DLE meeting pack reading and notes + DLE committee meeting | J34: Tuesday
D35: Wednesday | E35: 7 | F35: Some more academic policies work re the academic integrity stuff + ton of research on the turnitin discourse my head fr hurts but been trying to get in omms with James Mclaurin about a statement re the university's position on this + DLT catch up with daniel and tim + the forum and coming up w qs | J35: Wednesday
D36: Thursday | E36: 3 | F36: More researching and collating corect info about the turnitin situation meanign reading their user agreements things and ts and cs ugh + emails | J36: Thursday
D37: Friday | E37: 1 | F37: Admin, any emails i had not responded to, took a look at some crim proposals | J37: Friday
D38: Saturday | J38: Saturday
D39: Sunday | E39: 1.5 | F39: Readings for exec meeting tomorrow | J39: Sunday
E40: =SUM(E33:E39) -> 22 | K40: =SUM(K33:K39) -> 0
B42: Welfare and Equity | C42: Rihana | D42: Day | E42: Hours | F42: Tasks | H42: Political | I42: Flynn | J42: Day | K42: Hours | L42: Tasks
D43: Monday | J43: Monday | K43: 1.5 | L43: Exec meeting, admin
D44: Tuesday | J44: Tuesday
D45: Wednesday | J45: Wednesday
D46: Thursday | J46: Thursday | K46: 1 | L46: Greens policy hui w/ presidents
D47: Friday | J47: Friday | K47: 4 | L47: Canva, exec candidates post, email
D48: Saturday | J48: Saturday | K48: 2 | L48: Planning election night event, canva
D49: Sunday | J49: Sunday | K49: 1.5 | L49: Admin, canva
E50: =SUM(E43:E49) -> 0 | K50: =SUM(K43:K49) -> 10

Sheet SEP 28 - OCT 4
B2: President | C2: Daniel | D2: Day | E2: Hours | F2: Tasks | H2: Residential | I2: Zoe | J2: Day | K2: Hours | L2: Tasks
D3: Monday | E3: 13 | F3: Election admin and fixing, 1 million calls w Donna while she is on leave (woops), emails, exec meeting, voting booth set up, call w Trish, chat to Cam, more election stuff, chat to Hanna, fixing blues and golds script + prepping, Blues and golds awards, council readings in the library till 10pm | J3: Monday | K3: 1 | L3: exec meeting
D4: Tuesday | E4: 9 | F4: Election stuff/ fixing, emails, council committee meeting (very long), putting up banner on bridge with donna | J4: Tuesday | K4: 1.5 | L4: Kieran McAnulty and Rachel Brooking housing meeting
D5: Wednesday | E5: 4 | F5: Sick day working from home (Senate online, teams call w Amit, call w Gina, emails and calls w Donna) | J5: Wednesday
